 Dungeon Crawl Stone Soup version 0.29.1-1-gd02db6906a (webtiles) character file.

Game seed: 15481420543672607410

1095169 qw the Demon Slayer (level 27, -14/199 HPs)
             Began as a Gargoyle Fighter on Sept 13, 2022.
             Was a High Priest of the Shining One.
             Killed from afar by a fire giant (39 damage)
             ... with a fireball
             ... on level 3 of Gehenna on Sept 24, 2022.
             The game lasted 00:56:39 (93081 turns).

qw the Demon Slayer (Gargoyle Fighter)             Turns: 93081, Time: 00:56:40

Health: -14/199    AC: 73    Str: 37      XL:     27
Magic:  33/40      EV: 23    Int:  7 (9)  God:    the Shining One [*****.]
Gold:   7776       SH: 31    Dex: 19 (21) Spells: 26/26 levels left

rFire   . . .      SeeInvis .   T - +9 broad axe (holy)
rCold   . . .      Faith    .   c - +1 tower shield {AC+3}
rNeg    + + +      Spirit   .   E - +10 plate armour of Privacy {rF+ Int+5}
rPois   inf        Reflect  +   P - +0 helmet "Nigelur" {+Inv rElec Regen+ Str+3}
rElec   +          Harm     .   z - +1 cloak of Insatiable Hunger {Rampage rPois Int-5 Slay+6}
rCorr   .          Rampage  +   o - +2 pair of gloves
Will    +++..                   l - +2 pair of boots
Stlth   ..........              i - amulet of reflection
HPRegen 1.23/turn               x - ring "Cafrynne" {*Slow rF- Will+ AC+4 Dex+8 Slay+5}
MPRegen 0.27/turn               H - ring of Tiheutua {Str+6 Dex+4 Slay+5}

@: weakened, flying, glowing, unable to read
A: sickness immunity, AC +20, big wings, negative energy resistance 1,
electricity resistance, torment resistance 1, petrification resistance,
deterioration 1, dopey 1, weak 2, subdued magic 1
}: 11/15 runes: serpentine, barnacled, slimy, silver, golden, bone, demonic,
glowing, magical, fiery, dark
a: Renounce Religion, Evoke Invisibility, Divine Shield, Cleansing Flame, Summon
Divine Warrior


You were on level 3 of Gehenna.
You worshipped the Shining One.
The Shining One was extremely pleased with you.
You visited 15 branches of the dungeon, and saw 67 of its levels.
You visited Pandemonium 1 time, and saw 21 of its levels.
You visited the Abyss 1 time.
You also visited: Gauntlet.

You collected 14289 gold pieces.
You spent 6513 gold pieces at shops.


Innate Abilities, Weirdness & Mutations

You are immune to sickness and miasma.
Your stone body is resilient. (AC +20)
You are immune to poison.
Your large and strong wings let you fly.
You resist negative energy. (rN+)
You are resistant to electric shocks. (rElec)
You are resistant to unholy torment.
You are immune to petrification.
Your body sometimes deteriorates upon taking damage.
You are dopey. (Int -2)
You are very weak. (Str -4)
Your spells are a little easier to cast, but a little less powerful.


   Skills:
 O Level 27 Fighting
 - Level 8.1 Short Blades
 + Level 23.3 Axes
 - Level 17.0 Throwing
 O Level 27 Armour
 - Level 22.0 Dodging
 - Level 25.4 Shields
 O Level 27 Invocations


You had 26 spell levels left.
You didn't know any spells.
Your spell library was empty.

Inventory:

Hand Weapons
 k - the +3 broad axe "Kuacw" {freeze, rF+}
   (Okawaru gifted it to you on level 1 of the Snake Pit)

   It freezes those it strikes, dealing additional cold damage.
   It can also slow down cold-blooded creatures.
   rF:        It protects you from fire.
 D - the +8 broad axe of Hairy Tender Mercy {antimagic, rPois Str+5 Int-5}
   (You took it off a minotaur in a Gauntlet)

   It reduces the magical energy of the wielder, and disrupts the spells and
   magical abilities of those it strikes.
   Natural abilities and divine invocations are not affected.
   Str:       It affects your strength (+5).
   Int:       It affects your intelligence (-5).
   rPois:     It protects you from poison.
 T - a +9 broad axe of holy wrath (weapon)
Missiles
 B - 4 silver boomerangs (quivered)
Armour
 a - the +1 pair of gloves "Xiusoy" {rF- Str+3 Stlth+}
   (You found it on level 5 of the Pits of Slime)

   Str:       It affects your strength (+3).
   rF:        It makes you vulnerable to fire.
   Stlth:     It makes you more stealthy.
 c - a +1 tower shield of protection (worn)
 l - a +2 pair of boots (worn)
 o - a +2 pair of gloves (worn)
 z - the +1 cloak of Insatiable Hunger (worn) {Rampage rPois Int-5 Slay+6}
   (Okawaru gifted it to you on level 1 of the Lair of Beasts)

   Int:       It affects your intelligence (-5).
   Slay:      It affects your accuracy & damage with ranged weapons and melee
   (+6).
   rPois:     It protects you from poison.
   Rampage:   It bestows one free step when moving towards enemies.
 E - the +10 plate armour of Privacy (worn) {rF+ Int+5}
   (You bought it in a shop on level 2 of the Orcish Mines)

   Int:       It affects your intelligence (+5).
   rF:        It protects you from fire.
 P - the +0 helmet "Nigelur" (worn) {+Inv rElec Regen+ Str+3}
   (Okawaru gifted it to you on level 2 of the Shoals)

   Str:       It affects your strength (+3).
   rElec:     It insulates you from electricity.
   +Inv:      It lets you turn invisible.
   Regen:     It increases your rate of health regeneration.
 R - a scarf of resistance
Jewellery
 h - the amulet of the Scarab {Spirit rF+}
   (You found it on level 7 of Tartarus)

   [amulet of guardian spirit]

   It causes incoming damage to be divided between your reserves of health and
   magic.
   rF:        It protects you from fire.
 i - an amulet of reflection (around neck)
 x - the ring "Cafrynne" (left hand) {*Slow rF- Will+ AC+4 Dex+8 Slay+5}
   (You took it off a balrug in Pandemonium)

   [ring of protection]

   AC:        It affects your AC (+4).
   Dex:       It affects your dexterity (+8).
   Slay:      It affects your accuracy & damage with ranged weapons and melee
   (+5).
   rF:        It makes you vulnerable to fire.
   *Slow:     It may slow you when you take damage.
   Will:      It increases your willpower.
 H - the ring of Tiheutua (right hand) {Str+6 Dex+4 Slay+5}
   (You found it on level 5 of the Pits of Slime)

   [ring of strength]

   Str:       It affects your strength (+6).
   Dex:       It affects your dexterity (+4).
   Slay:      It affects your accuracy & damage with ranged weapons and melee
   (+5).
 L - the ring "Muuch" {rPois Will+ rCorr Int-3 Dex+5}
   (You found it on level 3 of the Depths)

   [ring of willpower]

   Int:       It affects your intelligence (-3).
   Dex:       It affects your dexterity (+5).
   rPois:     It protects you from poison.
   rCorr:     It protects you from acid and corrosion.
   Will:      It increases your willpower.
 Q - a ring of protection from cold
 S - a +4 ring of slaying {mikee}
 Y - the ring "Pyrack" {rPois rF+ Will+ Str+2}
   (You found it in Pandemonium)

   [ring of protection from fire]

   Str:       It affects your strength (+2).
   rF:        It protects you from fire.
   rPois:     It protects you from poison.
   Will:      It increases your willpower.
Wands
 w - a wand of digging (20)
Scrolls
 e - 13 scrolls of identify
 f - 14 scrolls of enchant armour
 C - 6 scrolls of brand weapon
 F - 11 scrolls of enchant weapon
 G - 19 scrolls of teleportation
Potions
 b - a potion of magic
 d - 11 potions of might
 j - 8 potions of haste
 m - 39 potions of curing
 q - 11 potions of attraction
 v - 6 potions of heal wounds
 A - 14 potions of lignification
 N - 7 potions of cancellation
Miscellaneous
 s - a figurine of a ziggurat

Dungeon Overview and Level Annotations

Branches:
Dungeon (15/15)            Temple (1/1) D:7            Lair (5/5) D:10
 Shoals (4/4) Lair:3        Snake (4/4) Lair:2        Slime (5/5) Lair:5
    Orc (2/2) D:9             Elf (0/3) Orc:2        Vaults (5/5) D:14
  Crypt (3/3) Vaults:2       Tomb (3/3) Crypt:3      Depths (4/4) D:15
   Hell (visited)             Dis (0/7) Hell            Geh (3/7) Hell
    Coc (0/7) Hell            Tar (7/7) Hell            Zot (5/5) Depths:4
Gauntlet (visited)

Altars:
Ashenzari
Cheibriados
Dithmenos
Elyvilon
Fedhas
Gozag
Hepliaklqana
Kikubaaqudgha
Makhleb
Nemelex Xobeh
Okawaru
Qazlal
Ru
Sif Muna
Trog
Uskayaw
Vehumet
Wu Jian
Xom
Yredelemnul
Zin
The Shining One
Jiyva

Shops:
D:2 [   D:4 !   D:7 (==![   D:9 ?   Orc:1 *   Orc:2 =[=?   Shoals:2 ??*
Shoals:3 [   Shoals:4 *   Snake:2 (=[(   Vaults:1 [   Vaults:2 [   Depths:1 *

Portals:
Hell: Depths:1 Depths:2 Depths:3 Depths:4
Abyss: Depths:1 Depths:2 Depths:3
Pandemonium: Depths:1 Depths:2
Ziggurat: Depths:3
Trove: Depths:3 (give 7 potions of haste)

Annotations:
D:7 1 runed translucent door, Crazy Yiuf
D:8 1 runed translucent door, qw's ghost, novice MiBe
Lair:5 2 transporters, 1 runed translucent door, qw's ghost, journeyman TrCA
Snake:2 3 runed translucent doors, qw's ghost, adept MiBe
Orc:2 2 transporters, qw's ghost, journeyman DsCA
Depths:2 3 runed translucent doors
Zot:2 4 transporters


Message History

The fireball engulfs you but does no damage.
The fireball engulfs the hell hog.
The hell hog completely resists.
You slash the hell hog!
The hell hog convulses!
You kill the hell hog!
The Shining One accepts your kill.
You feel better.
You feel your power returning.
The fire giant points at your daeva and mumbles some strange words.
The fireball explodes!
The fireball engulfs your daeva!!
Your daeva dies!
Your daeva dissolves into sparkling lights!
The fireball engulfs the fire giant.
The fire giant resists.
The fire giant shouts!
93079 ||| INVOKING Summon Divine Warrior.
You are momentarily dazzled by a brilliant light.
The fire giant points at you and mumbles some strange words.
The fireball explodes!
The fireball engulfs you!!!
The fireball engulfs the fire giant.
The fire giant resists.
93080 ||| DRINKING 8 potions of heal wounds.
You feel much better.
Your daeva blocks the hell hog's attack.
The fire giant points at you and mumbles some strange words.
The fireball explodes!
The fireball engulfs you!!!
Your body deteriorates!
You feel clumsy.
The fireball engulfs the fire giant.
The fire giant resists.
You block the fire giant's attack. The hell hog breathes fire at you.
The fireball explodes!
The fireball engulfs the fire giant!
The fire giant resists.
The fireball engulfs your daeva!!
The fireball engulfs you but does no damage.
Your daeva hits the hell hog with a +3 eudemon blade of holy wrath!!
The hell hog convulses!!
Your daeva hits the hell hog with a +3 eudemon blade of holy wrath!
The hell hog dies!
The Shining One accepts your kill.
93081 ||| DRINKING 7 potions of heal wounds.
You feel much better.
A balrug comes into view.
It is wielding a +0 demon whip of electrocution.
The fire giant gestures at you while chanting.
The fireball explodes!
The fireball engulfs you!!!
You die...

¤~¤¤.....#.#
.¤¤~~¤...¤¤~¤...#..##
.~~~......¤¤¤.....\.#
..........¤.¤....#.##
....¤¤vv~...¤...####
...¤h¤~~~~¤¤##'#
#.h.¤~~~~##..##
#AC¤~~¤¤#....#
##%@~¤¤~#....#
#..%¤~¤¤##..##
#C....¤¤.#'##
#........)...#
#..........%.).#
#..............##
2.......~......#
........~~.....#
....¤~....#+#


You could see 2 fire giants, a balrug, 2 hell hogs, a fire vortex and a friendly
daeva (summoned).

Vanquished Creatures
  Ignacio (Pan)
  Ereshkigal (Tar:7)
  Gloorx Vloq (Pan)
  the Royal Jelly (Slime:5)
  Lom Lobon (Pan)
  Mnoleg (Pan)
  7 dread liches
  3 ancient liches
  Khufu (Crypt:1)
  6 orbs of fire
  Mennas (Vaults:3)
  A juggernaut (Depths:3)
  10 pandemonium lords (Pan)
  22 royal mummies
  3 Killer Klowns (Zot:5)
  Saint Roka (Orc:2)
  Margery (Crypt:1)
  5 curse toes
  Geryon (Hell)
  7 golden dragons
  15 profane servitors
  17 Tzitzimimeh
  8 bone dragons
  3 electric golems (Zot:5)
  3 Brimstone Fiends (Pan)
  6 doom hounds
  23 tentacled monstrosities
  Mlioglotl (Shoals:3)
  Jorgrun (D:12)
  4 searing wretches
  Rupert (D:12)
  2 hellephants (Hell)
  A spectral shard shrike (Tar:4)
  A walking crystal tome (Depths:2)
  24 tainted leviathans
  12 Hell Sentinels (Pan)
  2 Ice Fiends (Pan)
  5 liches
  A shard shrike skeleton (Crypt:3)
  4 deep elf blademasters
  21 titans
  25 Orb Guardians
  2 walking frostbound tomes (Depths:3)
  5 deep elf master archers
  3 quicksilver dragons
  14 acid blobs
  29 Executioners (Pan)
  12 sphinxes
  An eldritch tentacle (Pan)
  11 ancient champions
  Agnes (Snake:4)
  10 death cobs
  Polyphemus (Shoals:4)
  8 tengu reavers
  2 krakens
  14 storm dragons
  Donald (Shoals:3)
  A fenstrider witch (shapeshifter) (Depths:3)
  Ilsuiw (Shoals:2)
  Roxanne (Snake:1)
  6 azure jellies
  16 nagarajas (Snake:4)
  11 shadow dragons
  9 revenants
  22 frost giants
  8 rockslimes (Slime:5)
  5 draconian monks
  16 vault wardens
  21 fire giants
  11 demonspawn warmongers (Pan)
  An orc warlord (Vaults:4)
  Aizul (Vaults:2)
  4 iron dragons
  5 draconian knights
  35 cacodemons (Pan)
  44 balrugs
  5 curse skulls
  A spectral caustic shrike (Tar:5)
  A spectral juggernaut (Tar:2)
  An angel (Abyss:2)
  8 draconian scorchers
  5 spriggan defenders
  3 draconian stormcallers
  5 draconian shifters
  8 ghouls
  2 caustic shrike skeletons
  12 demonspawn corrupters (Pan)
  4 war gargoyles
  A juggernaut skeleton (Pan)
  20 demonspawn blood saints (Pan)
  24 reapers
  8 quicksilver oozes
  A quicksilver ooze (shapeshifter) (Depths:3)
  22 ironbound preservers
  16 very ugly things
  5 draconian annihilators
  9 vampire knights
  25 demonspawn black suns (Pan)
  10 green draconians
  A deep elf demonologist (Pan)
  13 black draconians
  9 ironbound thunderhulks
  33 putrid mouths
  12 bennus (Tomb:3)
  4 dire elephants
  21 stone giants
  2 entropy weavers
  15 white draconians
  12 yellow draconians
  31 lorocyprocas (Pan)
  8 purple draconians
  4 deep elf annihilators
  A minotaur (Gauntlet)
  14 red draconians
  13 spark wasps
  3 spectral quicksilver dragons
  7 deep elf death magi
  Josephine (D:13)
  9 ettins
  Snorg (D:12)
  14 eidola
  5 merfolk javelineers
  21 mummy priests
  6 fire dragons
  19 blizzard demons (Pan)
  17 jiangshi
  8 merfolk impalers
  28 green deaths
  A spectral iron giant (Tar:4)
  16 yaktaur captains
  A crystal guardian (Vaults:4)
  32 vault guards
  A spectral kraken (Tar:7)
  12 great orbs of eyes
  A quicksilver dragon zombie (Crypt:2)
  2 deep elf high priests (Vaults:5)
  3 spectral spriggans
  6 spriggan air magi
  5 boulder beetles
  Fannar (Lair:2)
  3 rakshasas
  4 ogre magi (Vaults:5)
  A salamander tyrant (Geh:3)
  A fenstrider witch zombie (Hell)
  8 hydras
  11 hell beasts
  An alligator snapping turtle (Shoals:4)
  5 ice dragons
  8 merfolk aquamancers
  A catoblepas (Shoals:4)
  2 peacekeepers
  2 stokers (Geh:2)
  7 anacondas
  3 spriggan skeletons
  3 merfolk avatars
  6 ironbound frosthearts
  15 centaur warriors
  3 death knights
  8 two-headed ogres
  16 naga warriors
  2 fenstrider witch skeletons
  A radroach (shapeshifter) (Depths:3)
  5 satyrs
  8 tengu warriors
  9 deep troll earth magi
  63 death scarabs
  An azure jelly zombie (Crypt:1)
  4 deep troll shamans
  5 orc high priests (Orc:2)
  10 death yaks
  3 spectral nagas
  15 hell hogs
  88 large abominations
  9 vampire magi
  14 naga sharpshooters
  34 hell knights
  13 spriggan berserkers
  A wretched star (Abyss:2)
  11 shock serpents
  3 spectral dire elephants
  2 thrashing horrors (Abyss:2)
  9 deep elf knights
  46 soul eaters
  98 sun demons
  2 salamander mystics (Snake:4)
  6 spriggans
  11 shadow wraiths
  7 iron trolls
  A spectral bunyip (Tar:1)
  A golden dragon zombie (Hell)
  28 sixfirhies (Pan)
  12 skeletal warriors
  A storm dragon skeleton (Tomb:2)
  A cherub (Pan)
  A spectral anaconda (Tar:7)
  11 sea snakes
  5 flayed ghosts
  8 deep elf archers
  13 shadow demons (Pan)
  A spatial maelstrom (Abyss:2)
  55 deep trolls
  A bog body (Crypt:2)
  An entropy weaver zombie (Vaults:4)
  7 naga ritualists
  An orange crystal statue (Gauntlet)
  3 lindwurms
  Pikel (D:7)
  11 phantasmal warriors
  2 anaconda skeletons
  4 glowing orange brains
  20 ironbound convokers
  A tengu zombie (Vaults:4)
  A swamp dragon (Lair:5)
  A bunyip skeleton (Pan)
  12 harpies
  11 necromancers
  13 wizards
  4 deep elf pyromancers
  6 deep elf zephyrmancers
  A wolf spider (shapeshifter) (Vaults:5)
  12 orc knights
  32 ugly things
  18 fauns
  13 salamanders
  A spectral fire dragon (Tar:2)
  A stone giant zombie (Vaults:4)
  A tengu skeleton (Hell)
  8 mana vipers
  7 shining eyes
  A shining eye (shapeshifter) (Depths:3)
  31 moths of wrath
  An oklob plant (Shoals:3)
  11 manticores
  9 orc sorcerers
  A salamander (shapeshifter) (Depths:3)
  24 elephants
  14 cyclopes
  A frost giant skeleton (Vaults:2)
  2 draconian skeletons
  An elephant (shapeshifter) (Vaults:5)
  16 merfolk sirens
  An apocalypse crab (Abyss:2)
  A shock serpent zombie (Crypt:3)
  2 titan simulacra (Vaults:2)
  A centaur zombie (Crypt:3)
  A guardian serpent (shapeshifter) (Depths:3)
  13 rust devils
  A dire elephant zombie (Tomb:1)
  9 guardian serpents
  An iron dragon skeleton (Tomb:3)
  5 eyes of devastation
  89 smoke demons
  8 vault sentinels
  5 dire elephant skeletons
  29 black mambas
  6 water nymphs
  2 gargoyles
  41 orange demons (Pan)
  7 cane toads
  17 naga magi
  5 torpor snails (Lair:5)
  12 spectral swamp worms (Tar:7)
  2 naga skeletons
  A storm dragon simulacrum (Hell)
  An alligator snapping turtle zombie (Crypt:3)
  5 hellions
  7 unseen horrors
  A rime drake (Lair:5)
  9 efreet
  2 komodo dragons
  A komodo dragon (shapeshifter) (D:12)
  8 kobold demonologists
  20 demonic crawlers (Pan)
  24 yaktaurs
  2 tengu conjurers (D:14)
  8 ice devils
  An alligator snapping turtle skeleton (Crypt:2)
  6 freezing wraiths
  An anaconda simulacrum (Hell)
  A red draconian zombie (Crypt:3)
  29 hellwings
  3 spectral harpies
  An ancient zyme (Abyss:2)
  2 minotaur skeletons
  9 red devils
  40 guardian mummies
  27 tormentors
  A queen bee (shapeshifter) (Depths:3)
  A catoblepas skeleton (Pan)
  2 silent spectres
  13 trolls
  A polar bear (shapeshifter) (Vaults:5)
  A polar bear (Lair:3)
  32 merfolk
  6 wind drakes
  A troll (shapeshifter) (Depths:3)
  3 meliai (D:15)
  4 tyrant leeches (Lair:5)
  2 blink frogs (shapeshifter) (Depths:3)
  A merfolk (shapeshifter) (Vaults:5)
  Grinder (D:5)
  A tarantella (Vaults:2)
  2 hornets (shapeshifter)
  14 hornets
  11 dream sheep
  A boulder beetle zombie (Crypt:2)
  3 raiju (Abyss:2)
  15 blink frogs
  2 ettin zombies
  A jumping spider (shapeshifter) (Depths:3)
  113 slime creatures
  A centaur simulacrum (D:14)
  33 flying skulls
  52 ynoxinuls
  A deep troll skeleton (Vaults:4)
  A black mamba zombie (Tomb:3)
  5 snapping turtles
  6 shadows
  A spriggan (shapeshifter) (Depths:3)
  8 water elementals
  14 wraiths
  9 wyverns
  11 ushabtiu
  An ettin skeleton (Crypt:1)
  4 steam dragons
  25 yaks
  6 basilisks
  11 golden eyes
  52 chaos spawn
  A black mamba skeleton (Pan)
  A golden eye (shapeshifter) (Depths:3)
  2 redbacks (Vaults:1)
  Grum (D:9)
  14 vampire mosquitoes
  37 neqoxecs (Pan)
  A yaktaur simulacrum (Vaults:4)
  Edmund (D:6)
  9 wargs
  3 spatial vortices (Abyss:2)
  33 nagas
  A harpy simulacrum (Tomb:1)
  14 water moccasins
  19 small abominations
  Duvessa (D:7)
  7 hell hounds (Hell)
  2 acid dragons
  6 floating eyes (Pan)
  2 floating eyes (shapeshifter)
  2 swamp drakes (Lair:5)
  A hydra simulacrum (Crypt:3)
  6 ice beasts
  39 orc warriors
  A sky beast (Abyss:2)
  A swamp dragon zombie (Crypt:3)
  17 wolves
  5 black bears
  9 ogres
  16 centaurs
  2 lemures (D:7)
  A blink frog skeleton (Crypt:3)
  A phantom (D:5)
  A hog skeleton (Crypt:2)
  9 bullfrogs
  4 kobold brigands
  A gnoll sergeant (D:9)
  A scorpion (D:6)
  3 necrophages
  A water moccasin zombie (Crypt:2)
  An elf skeleton (Crypt:1)
  14 wights
  A cyclops skeleton (Crypt:2)
  A warg zombie (Crypt:3)
  A hornet simulacrum (D:14)
  Dowan (D:7)
  A shapeshifter skeleton (Crypt:3)
  3 electric eels
  9 howler monkeys
  3 crimson imps
  12 starcursed masses (Abyss:2)
  30 orc priests
  7 hounds
  25 jellies
  A gnoll bouda (Orc:1)
  5 centaur skeletons
  2 iron imps (Gauntlet)
  Jessica (D:3)
  A basilisk skeleton (Crypt:1)
  9 iguanas
  43 orc wizards
  4 hell rats (Hell)
  A boggart skeleton (Crypt:1)
  34 mummies
  9 gnolls
  8 adders
  5 white imps
  An ufetubus (Abyss:2)
  2 lava snake zombies (Crypt:2)
  A worm zombie (Crypt:3)
  5 worms
  6 dart slugs
  109 orcs
  6 bats
  A bat zombie (Crypt:3)
  7 endoplasms
  6 giant cockroaches
  6 goblins
  6 hobgoblins
  9 jackals
  A quokka (D:4)
  7 ball pythons
  3 frilled lizards
  A gnoll zombie (Crypt:3)
  23 kobolds
  A kobold skeleton (Crypt:2)
  7 rats
  A rat skeleton (Crypt:2)
  A block of ice (Pan)
  A bush (Lair:5)
  12 fire vortices
  A plant (Shoals:3)
3900 creatures vanquished.

Vanquished Creatures (collateral kills)
  A dread lich (Geh:3)
  9 royal mummies
  2 bone dragons (Tar:7)
  5 profane servitors
  5 Tzitzimimeh
  3 Brimstone Fiends
  A tentacled monstrosity (Pan)
  3 Ice Fiends (Pan)
  2 Hell Sentinels (Pan)
  2 tainted leviathans (Tar:7)
  4 liches
  7 pandemonium lords (Pan)
  2 Executioners (Pan)
  An acid blob (Slime:5)
  2 ancient champions
  2 fire giants
  An iron dragon (Hell)
  6 balrugs
  A demonspawn warmonger (Pan)
  2 cacodemons (Pan)
  2 quicksilver oozes (Slime:5)
  4 reapers
  4 demonspawn blood saints (Pan)
  A stone giant (Crypt:3)
  A green draconian (Crypt:3)
  4 putrid mouths
  A red draconian (Crypt:3)
  3 demonspawn black suns (Pan)
  A yellow draconian (Crypt:3)
  An iron golem (Hell)
  3 green deaths (Pan)
  5 blizzard demons (Pan)
  2 eidola
  5 mummy priests
  2 spriggan zombies (Hell)
  2 hell beasts (Pan)
  11 death scarabs
  A hell hog (Geh:3)
  8 sun demons (Pan)
  2 spectral dire elephants (Tar:5)
  5 soul eaters (Pan)
  A skeletal warrior (Tomb:3)
  3 sixfirhies (Pan)
  5 shadow demons (Pan)
  2 necromancers (Hell)
  A dire elephant zombie (Tomb:2)
  A naga zombie (Tomb:2)
  7 smoke demons (Pan)
  2 orange demons (Pan)
  An eye of devastation (Pan)
  An unseen horror (Pan)
  7 guardian mummies
  2 demonic crawlers (Pan)
  4 tormentors
  A red devil (Pan)
  A spectral harpy (Tar:5)
  A spectral naga (Tar:5)
  5 slime creatures
  A flying skull (Tomb:3)
  7 large abominations (Pan)
  2 ynoxinuls (Pan)
  A wraith (Crypt:3)
  2 ushabtiu (Tomb:1)
  2 neqoxecs (Pan)
  6 chaos spawn (Pan)
  A naga skeleton (Tomb:2)
  8 mummies
  4 fire vortices
208 creatures vanquished.

Vanquished Creatures (others)
  Cerebov (Pan)
  A nagaraja (Snake:4)
  A fire giant (Vaults:5)
  A frost giant (Tomb:1)
  A lorocyproca (Pan)
  A deep elf knight (Crypt:3)
  A sixfirhy (Pan)
  A necromancer (Crypt:3)
  2 naga magi (Snake:4)
  A neqoxec (Pan)
  A chaos spawn (Pan)
  An orc warrior (Vaults:5)
  An orc wizard (D:3)
  3 ball lightnings (Pan)
  A creeping inferno (Geh:2)
  3 fire vortices (Geh:2)
  42 fungi
  75 plants
  4 tentacles (Shoals:3)
142 creatures vanquished.

Grand Total: 4250 creatures vanquished

Notes
Turn   | Place    | Note
-------+----------+-------------------------------------------
     0 | D:1      | qw the Gargoyle Fighter began the quest for the Orb.
     0 | D:1      | Reached XP level 1. HP: 14/14 MP: 1/1
     0 | D:1      | 0 ||| qw: Version: 0.1-a-119-g272c26d
     0 | D:1      | 0 ||| qw: Game counter: 11312
     0 | D:1      | 0 ||| qw: Always use a shield: true
     0 | D:1      | 0 ||| qw: God list: Okawaru
     0 | D:1      | 0 ||| qw: Allow faded altars: false
     0 | D:1      | 0 ||| qw: Do Orc after D:15 true
     0 | D:1      | 0 ||| qw: Do second Lair branch before Depths: true
     0 | D:1      | 0 ||| qw: Lair rune preference: random
     0 | D:1      | 0 ||| qw: Plans: Normal, Zot, God:TSO, Crypt, Tomb, Pan,
                  | Slime, Hells, Zig, Abyss, Orb
     0 | D:1      | 0 ||| PLANNING D:1-11
   153 | D:1      | 153 ||| Stepping ~*~*~tactically~*~*~ (stealth).
   166 | D:1      | Reached XP level 2. HP: 19/19 MP: 2/2
   475 | D:1      | Reached skill level 3 in Axes
   493 | D:1      | Reached XP level 3. HP: 23/23 MP: 3/3
   517 | D:1      | 517 ||| DROPPING +0 whip of venom.
   857 | D:1      | 857 ||| READING scroll labelled ROARCH HEUPP.
   858 | D:1      | 858 ||| READING scroll labelled INEATE HATI.
   859 | D:1      | 859 ||| READING scroll labelled YPRIBRAPIS.
   874 | D:2      | 874 ||| Stepping ~*~*~tactically~*~*~ (hiding).
   878 | D:2      | 878 ||| Stepping ~*~*~tactically~*~*~ (hiding).
  1042 | D:2      | Found a faded altar of an unknown god.
  1112 | D:2      | 1112 ||| Stepping ~*~*~tactically~*~*~ (stealth).
  1239 | D:2      | 1239 ||| Stepping ~*~*~tactically~*~*~ (stealth).
  1356 | D:2      | HP: 4/23 [worm (5)]
  1389 | D:2      | 1389 ||| FLEEEEING.
  1390 | D:2      | 1390 ||| FLEEEEING.
  1391 | D:2      | 1391 ||| FLEEEEING.
  1392 | D:2      | 1392 ||| FLEEEEING.
  1393 | D:2      | 1393 ||| FLEEEEING.
  1394 | D:2      | 1394 ||| FLEEEEING.
  1398 | D:2      | 1398 ||| STAIRDANCE
  1623 | D:1      | 1623 ||| UPGRADING to +4 ring of slaying {mikee}.
  1624 | D:1      | 1624 ||| READING scroll labelled GEYGEU XIDAM.
  1625 | D:1      | 1625 ||| READING 2 scrolls labelled YLABRE BEKIUWN.
  1626 | D:1      | 1626 ||| READING scroll labelled SUANGU WUIVI.
  1647 | D:2      | Reached XP level 4. HP: 28/28 MP: 4/4
  1679 | D:2      | Found Tibyt's Armour Shop.
  1693 | D:2      | 1693 ||| BUYING +0 helmet (45 gold).
  1693 | D:2      | Bought a +0 helmet for 45 gold pieces
  1693 | D:2      | 1693 ||| BUYING +0 pair of boots (45 gold).
  1693 | D:2      | Bought a +0 pair of boots for 45 gold pieces
  1693 | D:2      | 1693 ||| SHOPLISTING +0 pair of gloves (45 gold, have 1).
  1693 | D:2      | 1693 ||| SHOPLISTING +2 pair of gloves of stealth (215
                  | gold, have 1).
  2002 | D:2      | 2002 ||| UPGRADING to +0 chain mail.
  2012 | D:2      | 2012 ||| DROPPING +0 scale mail.
  2013 | D:2      | 2013 ||| UPGRADING to +0 helmet.
  2018 | D:2      | 2018 ||| UPGRADING to +0 pair of boots.
  2023 | D:2      | 2023 ||| READING scroll labelled OPTAXK XESI.
  2024 | D:2      | 2024 ||| READING 3 scrolls of identify.
  2024 | D:2      | 2024 ||| IDENTIFYING red potion
  2025 | D:2      | 2025 ||| READING 2 scrolls of identify.
  2025 | D:2      | 2025 ||| IDENTIFYING orange potion
  2026 | D:2      | 2026 ||| DROPPING potion of flight.
  2059 | D:3      | Noticed Jessica
  2066 | D:3      | Killed Jessica
  2207 | D:3      | 2207 ||| Stepping ~*~*~tactically~*~*~ (hiding).
  2541 | D:3      | Reached XP level 5. HP: 32/32 MP: 5/5
  3201 | D:3      | 3201 ||| UPGRADING to ring of protection from fire.
  3202 | D:3      | 3202 ||| READING scroll labelled FATSOM QOHU.
  3203 | D:3      | 3203 ||| READING scroll labelled OKKOOXU REPUSS.
  3204 | D:3      | 3204 ||| READING 2 scrolls of identify.
  3204 | D:3      | 3204 ||| IDENTIFYING inky potion
  3268 | D:4      | 3268 ||| Stepping ~*~*~tactically~*~*~ (stealth).
  3273 | D:4      | 3273 ||| Stepping ~*~*~tactically~*~*~ (stealth).
  3280 | D:4      | 3280 ||| Stepping ~*~*~tactically~*~*~ (stealth).
  3281 | D:4      | 3281 ||| Stepping ~*~*~tactically~*~*~ (stealth).
  3302 | D:4      | 3302 ||| Stepping ~*~*~tactically~*~*~ (stealth).
  3304 | D:4      | 3304 ||| Stepping ~*~*~tactically~*~*~ (hiding).
  3307 | D:4      | Reached XP level 6. HP: 36/38 MP: 6/6
  3338 | D:4      | Noticed a black bear
  3339 | D:4      | 3339 ||| Stepping ~*~*~tactically~*~*~ (stealth).
  3346 | D:4      | 3346 ||| Stepping ~*~*~tactically~*~*~ (stealth).
  3347 | D:4      | Killed a black bear
  3354 | D:4      | 3354 ||| Stepping ~*~*~tactically~*~*~ (stealth).
  3396 | D:4      | Reached skill level 6 in Axes
  3420 | D:4      | Found Caik's Distillery.
  3439 | D:4      | 3439 ||| BUYING 2 potions of attraction (60 gold).
  3439 | D:4      | Bought 2 potions of attraction for 60 gold pieces
  3439 | D:4      | 3439 ||| SHOPLISTING 2 potions of might (80 gold, have 4).
  3439 | D:4      | 3439 ||| SHOPLISTING potion of cancellation (80 gold, have
                  | 4).
  3439 | D:4      | 3439 ||| SHOPLISTING potion of haste (100 gold, have 4).
  3439 | D:4      | 3439 ||| SHOPLISTING potion of lignification (30 gold, have
                  | 4).
  3439 | D:4      | 3439 ||| SHOPLISTING potion of resistance (100 gold, have
                  | 4).
  3443 | D:4      | Noticed a black bear
  3448 | D:4      | Killed a black bear
  3449 | D:4      | Reached skill level 1 in Dodging
  3449 | D:4      | Reached XP level 7. HP: 40/43 MP: 7/7
  3491 | D:4      | Found a broken altar of Ashenzari.
  3625 | D:4      | 3625 ||| Stepping ~*~*~tactically~*~*~ (stealth).
  3631 | D:4      | 3631 ||| Stepping ~*~*~tactically~*~*~ (stealth).
  3633 | D:4      | 3633 ||| Stepping ~*~*~tactically~*~*~ (stealth).
  3645 | D:4      | HP: 8/43 [orc priest/divine providence (14)]
  3646 | D:4      | 3646 ||| READING scroll of teleportation.
  3684 | D:4      | 3684 ||| FLEEEEING.
  3685 | D:4      | 3685 ||| FLEEEEING.
  3686 | D:4      | 3686 ||| FLEEEEING.
  3687 | D:4      | 3687 ||| FLEEEEING.
  3688 | D:4      | 3688 ||| FLEEEEING.
  3689 | D:4      | 3689 ||| FLEEEEING.
  3690 | D:4      | 3690 ||| FLEEEEING.
  3691 | D:4      | 3691 ||| FLEEEEING.
  3692 | D:4      | 3692 ||| FLEEEEING.
  3693 | D:4      | 3693 ||| FLEEEEING.
  3694 | D:4      | 3694 ||| FLEEEEING.
  3695 | D:4      | 3695 ||| FLEEEEING.
  3696 | D:4      | 3696 ||| FLEEEEING.
  3697 | D:4      | 3697 ||| FLEEEEING.
  3698 | D:4      | 3698 ||| FLEEEEING.
  3699 | D:4      | 3699 ||| FLEEEEING.
  3700 | D:4      | 3700 ||| FLEEEEING.
  3701 | D:4      | 3701 ||| STAIRDANCE
  3894 | D:3      | 3894 ||| READING scroll labelled WIAMUO XOAM.
  3895 | D:3      | 3895 ||| READING 2 scrolls of identify.
  3895 | D:3      | 3895 ||| IDENTIFYING blue potion
  3896 | D:3      | 3896 ||| DROPPING potion of magic.
  3902 | D:4      | 3902 ||| STAIRDANCE
  4108 | D:4      | 4108 ||| DROPPING +4 whip.
  4113 | D:4      | Found an opulent altar of Gozag.
  4356 | D:4      | 4356 ||| UPGRADING to +0 plate armour.
  4366 | D:4      | 4366 ||| DROPPING +0 chain mail.
  4397 | D:5      | Entered Level 5 of the Dungeon
  4398 | D:5      | 4398 ||| Stepping ~*~*~tactically~*~*~ (hiding).
  4401 | D:5      | 4401 ||| STAIRDANCE
  4559 | D:5      | 4559 ||| STAIRDANCE
  4656 | D:5      | 4656 ||| STAIRDANCE
  4662 | D:5      | 4662 ||| Stepping ~*~*~tactically~*~*~ (hiding).
  4817 | D:5      | 4817 ||| Stepping ~*~*~tactically~*~*~ (stealth).
  4818 | D:5      | 4818 ||| Stepping ~*~*~tactically~*~*~ (stealth).
  4843 | D:5      | 4843 ||| Stepping ~*~*~tactically~*~*~ (stealth).
  4847 | D:5      | 4847 ||| FLEEEEING.
  4856 | D:5      | 4856 ||| FLEEEEING.
  4857 | D:5      | 4857 ||| STAIRDANCE
  4859 | D:5      | 4859 ||| STAIRDANCE
  4862 | D:4      | 4862 ||| DRINKING potion of curing.
  4862 | D:4      | 4862 ||| (to cure confusion)
  4949 | D:4      | 4949 ||| READING 2 scrolls of identify.
  4949 | D:4      | 4949 ||| IDENTIFYING fuming red potion
  4954 | D:5      | 4954 ||| STAIRDANCE
  4983 | D:5      | Reached XP level 8. HP: 36/48 MP: 8/8
  5016 | D:5      | 5016 ||| FLEEEEING.
  5017 | D:5      | 5017 ||| STAIRDANCE
  5133 | D:5      | 5133 ||| Stepping ~*~*~tactically~*~*~ (stealth).
  5203 | D:5      | Reached skill level 1 in Throwing
  5238 | D:5      | 5238 ||| Stepping ~*~*~tactically~*~*~ (hiding).
  5372 | D:5      | 5372 ||| Stepping ~*~*~tactically~*~*~ (hiding).
  5379 | D:5      | 5379 ||| Stepping ~*~*~tactically~*~*~ (stealth).
  5557 | D:5      | You fall into a shaft and drop 3 floors!
  5579 | D:8      | Noticed a wyvern
  5587 | D:8      | Killed a wyvern
  5588 | D:8      | Reached skill level 6 in Fighting
  5601 | D:8      | Reached XP level 9. HP: 55/55 MP: 9/9
  5757 | D:8      | 5757 ||| Stepping ~*~*~tactically~*~*~ (hiding).
  5860 | D:7      | Found a staircase to the Ecumenical Temple.
  5861 | D:7      | 5861 ||| PLANNING TEMPLE
  5867 | Temple   | Entered the Ecumenical Temple
  6010 | Temple   | 6010 ||| PLANNING D:1-11
  6029 | Temple   | Became a worshipper of Warmaster Okawaru
  6067 | D:7      | Found Deboan's Antique Armour Emporium.
  6070 | D:7      | Found Zin's Purification Station.
  6081 | D:7      | 6081 ||| READING scroll of enchant armour.
  6081 | D:7      | 6081 ||| ENCHANTING +0 helmet.
  6083 | D:7      | 6083 ||| BUYING cloak (81 gold).
  6083 | D:7      | Bought a cloak for 81 gold pieces
  6083 | D:7      | 6083 ||| SHOPLISTING runed chain mail (135 gold, have 57).
  6083 | D:7      | Found a glowing silver altar of Zin.
  6088 | D:7      | 6088 ||| SHOPLISTING 2 potions of curing (180 gold, have
                  | 57).
  6120 | D:7      | Noticed Pikel
  6126 | D:7      | Reached skill level 9 in Axes
  6136 | D:7      | HP: 10/55 [Pikel/+2 whip of freezing (6)]
  6137 | D:7      | 6137 ||| DRINKING potion of heal wounds.
  6139 | D:7      | Killed Pikel
  6139 | D:7      | Reached * piety under Okawaru
  6190 | D:7      | 6190 ||| INVOKING Heroism.
  6201 | D:7      | 6201 ||| INVOKING Heroism.
  6338 | D:7      | Noticed Duvessa
  6339 | D:7      | 6339 ||| INVOKING Heroism.
  6342 | D:7      | Killed Duvessa
  6343 | D:7      | Reached skill level 1 in Invocations
  6344 | D:7      | Noticed Dowan
  6351 | D:7      | Killed Dowan
  6384 | D:7      | Found Reanoxaa's Jewellery Emporium.
  6385 | D:7      | Found Godulol's Distillery.
  6391 | D:7      | 6391 ||| SHOPLISTING +4 ring of evasion (540 gold, have
                  | 82).
  6391 | D:7      | 6391 ||| SHOPLISTING amulet of regeneration (450 gold, have
                  | 82).
  6391 | D:7      | 6391 ||| SHOPLISTING amulet of the acrobat (450 gold, have
                  | 82).
  6391 | D:7      | 6391 ||| SHOPLISTING ring of Areob {rF+ AC+4 Int-3 SInv}
                  | (718 gold, have 82).
  6391 | D:7      | 6391 ||| SHOPLISTING ring of resist corrosion (300 gold,
                  | have 82).
  6391 | D:7      | 6391 ||| SHOPLISTING ring of willpower (375 gold, have 82).
  6400 | D:7      | 6400 ||| BUYING 2 potions of attraction (72 gold).
  6400 | D:7      | Bought 2 potions of attraction for 72 gold pieces
  6400 | D:7      | 6400 ||| SHOPLISTING potion of attraction (36 gold, have
                  | 10).
  6400 | D:7      | 6400 ||| SHOPLISTING potion of cancellation (96 gold, have
                  | 10).
  6400 | D:7      | 6400 ||| SHOPLISTING potion of curing (36 gold, have 10).
  6400 | D:7      | 6400 ||| SHOPLISTING potion of resistance (120 gold, have
                  | 10).
  6437 | D:7      | Found Coevohaw's Jewellery Shoppe.
  6447 | D:7      | 6447 ||| SHOPLISTING +4 ring of evasion (576 gold, have
                  | 10).
  6447 | D:7      | 6447 ||| SHOPLISTING amulet of reflection (480 gold, have
                  | 10).
  6447 | D:7      | 6447 ||| SHOPLISTING amulet of regeneration (480 gold, have
                  | 10).
  6447 | D:7      | 6447 ||| SHOPLISTING ring of protection from cold (400
                  | gold, have 10).
  6447 | D:7      | 6447 ||| SHOPLISTING ring of see invisible (240 gold, have
                  | 10).
  6470 | D:7      | 6470 ||| UPGRADING to +0 cloak.
  6475 | D:7      | 6475 ||| READING scroll labelled QOZOEFALAYKK.
  6585 | D:6      | 6585 ||| INVOKING Heroism.
  6651 | D:5      | Noticed Grinder
  6653 | D:5      | 6653 ||| INVOKING Heroism.
  6661 | D:5      | Killed Grinder
  6662 | D:5      | Reached skill level 3 in Invocations
  6863 | D:5      | 6863 ||| READING 2 scrolls of identify.
  6863 | D:5      | 6863 ||| IDENTIFYING cyan potion
  7020 | D:6      | Noticed Edmund
  7021 | D:6      | 7021 ||| INVOKING Heroism.
  7037 | D:6      | Killed Edmund
  7038 | D:6      | Reached XP level 10. HP: 56/63 MP: 10/12
  7102 | D:6      | 7102 ||| Stepping ~*~*~tactically~*~*~ (stealth).
  7103 | D:6      | 7103 ||| Stepping ~*~*~tactically~*~*~ (stealth).
  7124 | D:6      | 7124 ||| Stepping ~*~*~tactically~*~*~ (stealth).
  7211 | D:6      | Identified the +6 quarterstaff of Arisut {vorpal, Dex+2}
  7226 | D:6      | Found a bloodstained altar of Trog.
  7229 | D:6      | 7229 ||| INVOKING Heroism.
  7250 | D:6      | Reached ** piety under Okawaru
  7301 | D:6      | 7301 ||| Stepping ~*~*~tactically~*~*~ (stealth).
  7364 | D:6      | 7364 ||| Stepping ~*~*~tactically~*~*~ (hiding).
  7365 | D:6      | 7365 ||| Stepping ~*~*~tactically~*~*~ (hiding).
  7366 | D:6      | 7366 ||| Stepping ~*~*~tactically~*~*~ (hiding).
  7368 | D:6      | 7368 ||| Stepping ~*~*~tactically~*~*~ (hiding).
  7369 | D:6      | 7369 ||| Stepping ~*~*~tactically~*~*~ (hiding).
  7467 | D:6      | 7467 ||| Stepping ~*~*~tactically~*~*~ (hiding).
  7468 | D:6      | 7468 ||| Stepping ~*~*~tactically~*~*~ (hiding).
  7479 | D:6      | 7479 ||| INVOKING Heroism.
  7858 | D:6      | Found a glowing golden altar of the Shining One.
  7884 | D:6      | 7884 ||| READING scroll labelled UPROAMOR JUGIQ.
  7929 | D:7      | 7929 ||| INVOKING Heroism.
  8014 | D:7      | Found a runed translucent door.
  8015 | D:7      | Noticed Crazy Yiuf
  8071 | D:7      | 8071 ||| Stepping ~*~*~tactically~*~*~ (stealth).
  8091 | D:7      | 8091 ||| FLEEEEING.
  8092 | D:7      | 8092 ||| FLEEEEING.
  8099 | D:7      | 8099 ||| STAIRDANCE
  8183 | D:6      | 8183 ||| READING 2 scrolls of identify.
  8183 | D:6      | 8183 ||| IDENTIFYING metallic yellow potion
  8184 | D:6      | 8184 ||| DROPPING potion of brilliance.
  8241 | D:7      | Found Tautsyast's Weapon Boutique.
  8372 | D:7      | 8372 ||| READING scroll labelled ILAEGH ZOLOOM.
  8437 | D:7      | 8437 ||| READING scroll labelled NIOXIUJ QUIM.
  8524 | D:8      | Found a sparkling altar of Nemelex Xobeh.
  8539 | D:8      | 8539 ||| FLEEEEING.
  8541 | D:8      | 8541 ||| FLEEEEING.
  8542 | D:8      | 8542 ||| FLEEEEING.
  8543 | D:8      | 8543 ||| FLEEEEING.
  8546 | D:8      | 8546 ||| FLEEEEING.
  8547 | D:8      | 8547 ||| FLEEEEING.
  8548 | D:8      | 8548 ||| FLEEEEING.
  8549 | D:8      | 8549 ||| FLEEEEING.
  8550 | D:8      | 8550 ||| FLEEEEING.
  8551 | D:8      | 8551 ||| FLEEEEING.
  8552 | D:8      | 8552 ||| Stepping ~*~*~tactically~*~*~ (hiding).
  8553 | D:8      | 8553 ||| INVOKING Heroism.
  8628 | D:8      | 8628 ||| SWAPPING to +2 vampiric war axe.
  8629 | D:8      | 8629 ||| DROPPING +1 war axe.
  8638 | D:8      | 8638 ||| INVOKING Heroism.
  8639 | D:8      | Found a burning altar of Makhleb.
  8820 | D:8      | Found a runed translucent door.
  8820 | D:8      | Noticed qw's ghost (novice MiBe)
  9001 | D:8      | Found an ornate altar of the Wu Jian Council.
  9086 | D:8      | 9086 ||| READING scroll labelled LIOVEBEILUU.
  9130 | D:9      | 9130 ||| INVOKING Heroism.
  9132 | D:9      | 9132 ||| INVOKING Heroism.
  9158 | D:9      | 9158 ||| INVOKING Heroism.
  9271 | D:9      | 9271 ||| Stepping ~*~*~tactically~*~*~ (hiding).
  9273 | D:9      | 9273 ||| Stepping ~*~*~tactically~*~*~ (hiding).
  9275 | D:9      | 9275 ||| INVOKING Heroism.
  9304 | D:9      | 9304 ||| INVOKING Heroism.
  9309 | D:9      | Reached *** piety under Okawaru
  9327 | D:9      | Reached XP level 11. HP: 66/68 MP: 14/14
  9431 | D:9      | Noticed Grum
  9432 | D:9      | 9432 ||| INVOKING Heroism.
  9447 | D:9      | Killed Grum
  9448 | D:9      | Reached skill level 9 in Fighting
  9464 | D:9      | 9464 ||| Stepping ~*~*~tactically~*~*~ (hiding).
  9613 | D:9      | Found Ypteugga's Magic Scroll Shop.
  9619 | D:9      | 9619 ||| BUYING scroll of blinking (105 gold).
  9619 | D:9      | Bought a scroll of blinking for 105 gold pieces
  9619 | D:9      | 9619 ||| BUYING scroll of blinking (105 gold).
  9619 | D:9      | Bought a scroll of blinking for 105 gold pieces
  9619 | D:9      | 9619 ||| SHOPLISTING scroll of enchant armour (105 gold,
                  | have 39).
  9619 | D:9      | 9619 ||| SHOPLISTING scroll of fog (56 gold, have 39).
  9619 | D:9      | 9619 ||| BUYING scroll of identify (28 gold).
  9619 | D:9      | Bought a scroll of identify for 28 gold pieces
  9619 | D:9      | 9619 ||| SHOPLISTING scroll of identify (28 gold, have 11).
  9619 | D:9      | 9619 ||| SHOPLISTING scroll of teleportation (42 gold, have
                  | 11).
  9708 | D:9      | Found a staircase to the Orcish Mines.
  9758 | D:9      | 9758 ||| INVOKING Heroism.
  9763 | D:9      | Reached **** piety under Okawaru
  9787 | D:9      | 9787 ||| INVOKING Heroism.
  9803 | D:9      | Noticed a +0 dagger
  9804 | D:9      | Noticed a +0 spear
  9804 | D:9      | Noticed a +0 short sword
  9805 | D:9      | Noticed a +0 dagger
  9806 | D:9      | Noticed a +0 short sword
  9807 | D:9      | Noticed a +0 spear
  9808 | D:9      | Noticed a +0 falchion
  9809 | D:9      | Noticed a +0 falchion
  9813 | D:9      | Found a hide-covered altar of Uskayaw.
  9841 | D:9      | 9841 ||| INVOKING Heroism.
 10063 | D:9      | 10063 ||| UPGRADING to +0 pair of gloves.
 10068 | D:9      | 10068 ||| DROPPING ring of wizardry.
 10069 | D:9      | 10069 ||| READING scroll labelled POLARO TADUTH.
 10070 | D:9      | 10070 ||| DRINKING 2 sapphire potions.
 10071 | D:9      | 10071 ||| READING 4 scrolls of identify.
 10071 | D:9      | 10071 ||| IDENTIFYING murky black potion
 10072 | D:9      | 10072 ||| READING 3 scrolls of identify.
 10072 | D:9      | 10072 ||| IDENTIFYING grey potion
 10073 | D:9      | 10073 ||| DROPPING potion of degeneration.
 10074 | D:9      | 10074 ||| DROPPING potion of ambrosia.
 10111 | D:10     | Entered Level 10 of the Dungeon
 10216 | D:10     | Found a staircase to the Lair.
 10218 | D:10     | 10218 ||| INVOKING Heroism.
 10257 | D:10     | 10257 ||| INVOKING Heroism.
 10302 | D:10     | Found a sacrificial altar of Ru.
 10437 | D:10     | 10437 ||| Stepping ~*~*~tactically~*~*~ (stealth).
 10439 | D:10     | 10439 ||| Stepping ~*~*~tactically~*~*~ (hiding).
 10704 | D:10     | 10704 ||| READING scroll of enchant weapon.
 10704 | D:10     | 10704 ||| ENCHANTING +2 vampiric war axe.
 10994 | D:10     | 10994 ||| INVOKING Heroism.
 11018 | D:10     | Reached skill level 9 in Armour
 11018 | D:10     | Reached skill level 6 in Invocations
 11146 | D:10     | 11146 ||| PLANNING LAIR
 11163 | Lair:1   | Entered Level 1 of the Lair of Beasts
 11163 | Lair:1   | Found a gate leading to a gauntlet.
 11164 | Lair:1   | 11164 ||| PLANNING GAUNTLET
 11171 | Gauntlet | Entered a Gauntlet
 11171 | Gauntlet | Found a transporter.
 11183 | Gauntlet | Found a transporter.
 11183 | Gauntlet | Found a transporter.
 11184 | Gauntlet | Found a transporter.
 11192 | Gauntlet | Found a transporter.
 11195 | Gauntlet | Found a transporter.
 11196 | Gauntlet | Found a transporter.
 11205 | Gauntlet | Found a transporter.
 11205 | Gauntlet | Noticed an orange crystal statue
 11208 | Gauntlet | Found a transporter.
 11209 | Gauntlet | Found a transporter.
 11214 | Gauntlet | Noticed a large abomination
 11217 | Gauntlet | Found a transporter.
 11221 | Gauntlet | Found a transporter.
 11222 | Gauntlet | Found a transporter.
 11228 | Gauntlet | Found a runed translucent gate.
 11228 | Gauntlet | Found a runed translucent gate.
 11228 | Gauntlet | Found a runed translucent gate.
 11230 | Gauntlet | Found a transporter.
 11318 | Gauntlet | 11318 ||| INVOKING Heroism.
 11617 | Gauntlet | 11617 ||| INVOKING Heroism.
 11628 | Gauntlet | Noticed a necromancer
 11637 | Gauntlet | Killed an orange crystal statue
 11748 | Gauntlet | 11748 ||| UPGRADING to +3 chain mail of willpower.
 11763 | Gauntlet | 11763 ||| Stepping randomly (stuck).
 11764 | Gauntlet | 11764 ||| Stepping randomly (stuck).
 11765 | Gauntlet | 11765 ||| Stepping randomly (stuck).
 11766 | Gauntlet | 11766 ||| Stepping randomly (stuck).
 11767 | Gauntlet | 11767 ||| Stepping randomly (stuck).
 11768 | Gauntlet | 11768 ||| Stepping randomly (stuck).
 11769 | Gauntlet | 11769 ||| Stepping randomly (stuck).
 11770 | Gauntlet | 11770 ||| Stepping randomly (stuck).
 11771 | Gauntlet | 11771 ||| Stepping randomly (stuck).
 11772 | Gauntlet | 11772 ||| Stepping randomly (stuck).
 11773 | Gauntlet | 11773 ||| Stepping randomly (stuck).
 11774 | Gauntlet | 11774 ||| Stepping randomly (stuck).
 11782 | Gauntlet | 11782 ||| INVOKING Heroism.
 11790 | Gauntlet | Killed a large abomination
 11790 | Gauntlet | Reached ***** piety under Okawaru
 11791 | Gauntlet | Reached skill level 12 in Axes
 11943 | Gauntlet | 11943 ||| INVOKING Heroism.
 11946 | Gauntlet | Reached XP level 12. HP: 73/76 MP: 14/17
 12057 | Gauntlet | 12057 ||| UPGRADING to amulet of regeneration.
 12075 | Gauntlet | Found the +4 Cigotuvi's embrace {rMiasma Drain rN+}
 12075 | Gauntlet | Identified the +8 broad axe of Hairy Tender Mercy
                  | {antimagic, rPois Str+5 Int-5}
 12075 | Gauntlet | Noticed a minotaur
 12076 | Gauntlet | 12076 ||| INVOKING Heroism.
 12077 | Gauntlet | 12077 ||| INVOKING Finesse.
 12084 | Gauntlet | Killed a minotaur
 12085 | Gauntlet | Reached skill level 6 in Shields
 12182 | Gauntlet | 12182 ||| SWAPPING to +8 broad axe of Hairy Tender Mercy
                  | {antimagic, rPois Str+5 Int-5}.
 12183 | Gauntlet | 12183 ||| DROPPING +3 vampiric war axe.
 12217 | Gauntlet | 12217 ||| UPGRADING to +2 pearl dragon scales.
 12227 | Gauntlet | 12227 ||| DROPPING +0 plate armour.
 12228 | Gauntlet | 12228 ||| DROPPING +3 chain mail of willpower.
 12229 | Gauntlet | 12229 ||| DROPPING +2 pearl dragon scales.
 12244 | Lair:1   | 12244 ||| PLANNING LAIR
 12272 | Lair:1   | 12272 ||| INVOKING Heroism.
 12278 | Lair:1   | Reached skill level 9 in Invocations
 12317 | Lair:1   | 12317 ||| Stepping ~*~*~tactically~*~*~ (stealth).
 12321 | Lair:1   | 12321 ||| Stepping ~*~*~tactically~*~*~ (stealth).
 12322 | Lair:1   | 12322 ||| Stepping ~*~*~tactically~*~*~ (stealth).
 12343 | Lair:1   | 12343 ||| Stepping ~*~*~tactically~*~*~ (stealth).
 12348 | Lair:1   | 12348 ||| Stepping ~*~*~tactically~*~*~ (stealth).
 12349 | Lair:1   | 12349 ||| Stepping ~*~*~tactically~*~*~ (stealth).
 12381 | Lair:1   | 12381 ||| Stepping ~*~*~tactically~*~*~ (stealth).
 12383 | Lair:1   | 12383 ||| INVOKING Heroism.
 12400 | Lair:1   | Identified the +1 cloak of Insatiable Hunger {Rampage rPois
                  | Int-5 Slay+6} (Okawaru gifted it to you on level 1 of the
                  | Lair of Beasts)
 12400 | Lair:1   | Received a gift from Okawaru
 12578 | Lair:1   | Reached skill level 3 in Throwing
 12709 | Lair:1   | 12709 ||| Stepping ~*~*~tactically~*~*~ (stealth).
 12710 | Lair:1   | 12710 ||| Stepping ~*~*~tactically~*~*~ (stealth).
 12744 | Lair:1   | Noticed an eight-headed hydra
 12745 | Lair:1   | 12745 ||| INVOKING Heroism.
 12747 | Lair:1   | 12747 ||| SWAPPING to +1 morningstar of draining.
 12751 | Lair:1   | Killed an eight-headed hydra
 12752 | Lair:1   | 12752 ||| SWAPPING to +8 broad axe of Hairy Tender Mercy
                  | {antimagic, rPois Str+5 Int-5}.
 13224 | Lair:1   | 13224 ||| UPGRADING to +1 pair of gloves.
 13234 | Lair:1   | 13234 ||| DROPPING +0 pair of gloves.
 13351 | Lair:2   | Found a staircase to the Snake Pit.
 13360 | Lair:2   | 13360 ||| INVOKING Heroism.
 13463 | Lair:2   | 13463 ||| INVOKING Heroism.
 13514 | Lair:2   | Noticed Fannar
 13518 | Lair:2   | 13518 ||| INVOKING Heroism.
 13523 | Lair:2   | Killed Fannar
 13724 | Lair:2   | 13724 ||| READING scroll of enchant armour.
 13724 | Lair:2   | 13724 ||| ENCHANTING +2 pearl dragon scales.
 13816 | Lair:2   | 13816 ||| Stepping ~*~*~tactically~*~*~ (stealth).
 13817 | Lair:2   | 13817 ||| Stepping ~*~*~tactically~*~*~ (stealth).
 13818 | Lair:2   | 13818 ||| Stepping ~*~*~tactically~*~*~ (stealth).
 13819 | Lair:2   | 13819 ||| Stepping ~*~*~tactically~*~*~ (stealth).
 13820 | Lair:2   | 13820 ||| INVOKING Heroism.
 13927 | Lair:2   | Reached XP level 13. HP: 82/82 MP: 6/20
 14322 | Lair:2   | 14322 ||| READING 3 scrolls of identify.
 14322 | Lair:2   | 14322 ||| IDENTIFYING sedimented cyan potion
 14346 | Lair:3   | 14346 ||| INVOKING Heroism.
 14347 | Lair:3   | 14347 ||| SWAPPING to +1 morningstar of draining.
 14353 | Lair:3   | 14353 ||| INVOKING Finesse.
 14356 | Lair:3   | 14356 ||| SWAPPING to +8 broad axe of Hairy Tender Mercy
                  | {antimagic, rPois Str+5 Int-5}.
 14423 | Lair:3   | 14423 ||| Stepping ~*~*~tactically~*~*~ (hiding).
 14425 | Lair:3   | Found a staircase to the Shoals.
 14426 | Lair:3   | 14426 ||| INVOKING Heroism.
 14500 | Lair:3   | 14500 ||| INVOKING Heroism.
 14646 | Lair:3   | 14646 ||| Stepping ~*~*~tactically~*~*~ (hiding).
 14754 | Lair:3   | 14754 ||| INVOKING Heroism.
 14864 | Lair:3   | 14864 ||| INVOKING Heroism.
 15178 | Lair:3   | 15178 ||| UPGRADING to +0 tower shield.
 15188 | Lair:3   | 15188 ||| DROPPING +0 buckler.
 15189 | Lair:3   | 15189 ||| DROPPING ring of positive energy.
 15190 | Lair:3   | 15190 ||| DROPPING ring of willpower.
 15191 | Lair:3   | 15191 ||| READING scroll labelled NICVAMNAWUQE.
 15191 | Lair:3   | Identified a scroll of acquirement
 15191 | Lair:3   | 15191 ||| ACQUIRING +11 broad axe of Massacring {drain,
                  | Int+2 SInv}
 15191 | Lair:3   | Acquired the +11 broad axe of Massacring {drain, Int+2
                  | SInv}
 15193 | Lair:3   | 15193 ||| SWAPPING to +11 broad axe of Massacring {drain,
                  | Int+2 SInv}.
 15194 | Lair:3   | 15194 ||| UPGRADING to +1 cloak of Insatiable Hunger
                  | {Rampage rPois Int-5 Slay+6}.
 15204 | Lair:3   | 15204 ||| DROPPING +0 cloak.
 15307 | Lair:4   | 15307 ||| INVOKING Heroism.
 15308 | Lair:4   | 15308 ||| INVOKING Finesse.
 15309 | Lair:4   | 15309 ||| SWAPPING to +1 morningstar of draining.
 15314 | Lair:4   | 15314 ||| SWAPPING to +11 broad axe of Massacring {drain,
                  | Int+2 SInv}.
 15407 | Lair:4   | 15407 ||| INVOKING Heroism.
 15408 | Lair:4   | 15408 ||| INVOKING Finesse.
 15559 | Lair:4   | 15559 ||| Stepping ~*~*~tactically~*~*~ (stealth).
 15569 | Lair:4   | 15569 ||| Stepping ~*~*~tactically~*~*~ (stealth).
 15570 | Lair:4   | 15570 ||| Stepping ~*~*~tactically~*~*~ (stealth).
 15573 | Lair:4   | Received a gift from Okawaru
 15575 | Lair:4   | 15575 ||| Stepping ~*~*~tactically~*~*~ (stealth).
 15577 | Lair:4   | 15577 ||| Stepping ~*~*~tactically~*~*~ (stealth).
 15587 | Lair:4   | 15587 ||| INVOKING Heroism.
 15682 | Lair:4   | 15682 ||| INVOKING Heroism.
 15842 | Lair:4   | 15842 ||| INVOKING Heroism.
 15885 | Lair:4   | 15885 ||| INVOKING Heroism.
 15886 | Lair:4   | 15886 ||| Stepping ~*~*~tactically~*~*~ (stealth).
 15887 | Lair:4   | 15887 ||| Stepping ~*~*~tactically~*~*~ (stealth).
 15888 | Lair:4   | 15888 ||| SWAPPING to +1 morningstar of draining.
 15892 | Lair:4   | 15892 ||| Stepping ~*~*~tactically~*~*~ (outnumbered).
 15893 | Lair:4   | 15893 ||| Stepping ~*~*~tactically~*~*~ (outnumbered).
 15894 | Lair:4   | 15894 ||| Stepping ~*~*~tactically~*~*~ (outnumbered).
 15895 | Lair:4   | 15895 ||| Stepping ~*~*~tactically~*~*~ (outnumbered).
 15896 | Lair:4   | 15896 ||| Stepping ~*~*~tactically~*~*~ (outnumbered).
 15897 | Lair:4   | 15897 ||| Stepping ~*~*~tactically~*~*~ (outnumbered).
 15909 | Lair:4   | 15909 ||| SWAPPING to +11 broad axe of Massacring {drain,
                  | Int+2 SInv}.
 15919 | Lair:4   | Reached skill level 9 in Shields
 15999 | Lair:4   | 15999 ||| INVOKING Heroism.
 16000 | Lair:4   | 16000 ||| INVOKING Finesse.
 16002 | Lair:4   | 16002 ||| SWAPPING to +1 morningstar of draining.
 16010 | Lair:4   | 16010 ||| SWAPPING to +11 broad axe of Massacring {drain,
                  | Int+2 SInv}.
 16309 | Lair:5   | Entered Level 5 of the Lair of Beasts
 16310 | Lair:5   | 16310 ||| INVOKING Heroism.
 16346 | Lair:5   | 16346 ||| Stepping ~*~*~tactically~*~*~ (stealth).
 16347 | Lair:5   | 16347 ||| Stepping ~*~*~tactically~*~*~ (stealth).
 16365 | Lair:5   | Found a staircase to the Slime Pits.
 16382 | Lair:5   | 16382 ||| Stepping ~*~*~tactically~*~*~ (stealth).
 16383 | Lair:5   | 16383 ||| Stepping ~*~*~tactically~*~*~ (stealth).
 16509 | Lair:5   | Found a viscous altar of Jiyva.
 16516 | Lair:5   | Received a gift from Okawaru
 16535 | Lair:5   | 16535 ||| INVOKING Heroism.
 16542 | Lair:5   | 16542 ||| Stepping ~*~*~tactically~*~*~ (stealth).
 16548 | Lair:5   | 16548 ||| Stepping ~*~*~tactically~*~*~ (hiding).
 16563 | Lair:5   | 16563 ||| INVOKING Heroism.
 16590 | Lair:5   | Found a transporter.
 16594 | Lair:5   | Noticed qw's ghost (journeyman TrCA)
 16596 | Lair:5   | Found a transporter.
 16601 | Lair:5   | 16601 ||| Stepping ~*~*~tactically~*~*~ (stealth).
 16602 | Lair:5   | 16602 ||| Stepping ~*~*~tactically~*~*~ (stealth).
 16605 | Lair:5   | 16605 ||| INVOKING Finesse.
 16610 | Lair:5   | 16610 ||| INVOKING Heroism.
 16616 | Lair:5   | 16616 ||| Stepping ~*~*~tactically~*~*~ (stealth).
 16617 | Lair:5   | Received a gift from Okawaru
 16630 | Lair:5   | 16630 ||| Stepping ~*~*~tactically~*~*~ (stealth).
 16644 | Lair:5   | Reached skill level 12 in Shields
 16644 | Lair:5   | Gained mutation: Your large and strong wings let you fly.
                  | [Gargoyle growth]
 16644 | Lair:5   | Reached XP level 14. HP: 88/88 MP: 16/21
 16689 | Lair:5   | 16689 ||| DROPPING +2 broad axe of freezing.
 16863 | Lair:5   | 16863 ||| INVOKING Heroism.
 16864 | Lair:5   | 16864 ||| INVOKING Finesse.
 16866 | Lair:5   | 16866 ||| SWAPPING to +1 morningstar of draining.
 16873 | Lair:5   | 16873 ||| SWAPPING to +11 broad axe of Massacring {drain,
                  | Int+2 SInv}.
 16930 | Lair:5   | Found a shimmering altar of Xom.
 17014 | Lair:5   | 17014 ||| Stepping ~*~*~tactically~*~*~ (stealth).
 17016 | Lair:5   | 17016 ||| Stepping ~*~*~tactically~*~*~ (stealth).
 17018 | Lair:5   | 17018 ||| INVOKING Heroism.
 17031 | Lair:5   | 17031 ||| Stepping ~*~*~tactically~*~*~ (stealth).
 17032 | Lair:5   | 17032 ||| Stepping ~*~*~tactically~*~*~ (stealth).
 17103 | Lair:5   | Found a runed translucent door.
 17105 | Lair:5   | 17105 ||| INVOKING Heroism.
 17137 | Lair:5   | 17137 ||| Stepping ~*~*~tactically~*~*~ (stealth).
 17145 | Lair:5   | Identified the +9 hand axe "Impbane" {freeze, rElec Str+6
                  | Int-5 SInv} (Okawaru gifted it to you on level 5 of the
                  | Lair of Beasts)
 17145 | Lair:5   | Received a gift from Okawaru
 17148 | Lair:5   | 17148 ||| Stepping ~*~*~tactically~*~*~ (stealth).
 17150 | Lair:5   | 17150 ||| INVOKING Heroism.
 17256 | Lair:5   | 17256 ||| INVOKING Heroism.
 17336 | Lair:5   | Found a bloodstained altar of Trog.
 17431 | Lair:5   | 17431 ||| Stepping ~*~*~tactically~*~*~ (hiding).
 17556 | Lair:5   | 17556 ||| INVOKING Heroism.
 17557 | Lair:5   | 17557 ||| INVOKING Finesse.
 17693 | Lair:5   | 17693 ||| PLANNING D:1-11
 17847 | D:11     | 17847 ||| Stepping ~*~*~tactically~*~*~ (hiding).
 17850 | D:11     | 17850 ||| Stepping ~*~*~tactically~*~*~ (stealth).
 17859 | D:11     | 17859 ||| FLEEEEING.
 17860 | D:11     | 17860 ||| FLEEEEING.
 17861 | D:11     | 17861 ||| FLEEEEING.
 17862 | D:11     | 17862 ||| STAIRDANCE
 17983 | D:11     | 17983 ||| Stepping ~*~*~tactically~*~*~ (stealth).
 17995 | D:11     | 17995 ||| INVOKING Heroism.
 18082 | D:11     | 18082 ||| INVOKING Heroism.
 18084 | D:11     | 18084 ||| INVOKING Finesse.
 18089 | D:11     | Reached skill level 15 in Shields
 18106 | D:11     | Received a gift from Okawaru
 18221 | D:11     | 18221 ||| Stepping ~*~*~tactically~*~*~ (stealth).
 18274 | D:11     | 18274 ||| Stepping ~*~*~tactically~*~*~ (stealth).
 18275 | D:11     | 18275 ||| Stepping ~*~*~tactically~*~*~ (stealth).
 18293 | D:11     | 18293 ||| Stepping ~*~*~tactically~*~*~ (stealth).
 18328 | D:11     | 18328 ||| Stepping ~*~*~tactically~*~*~ (stealth).
 18355 | D:11     | 18355 ||| PLANNING D
 18423 | D:12     | Identified the +0 pair of boots of Kits {rPois rN+++ rCorr
                  | Str-5} (Okawaru gifted it to you on level 12 of the
                  | Dungeon)
 18423 | D:12     | Received a gift from Okawaru
 18549 | D:12     | Noticed Rupert
 18551 | D:12     | 18551 ||| INVOKING Heroism.
 18552 | D:12     | 18552 ||| INVOKING Finesse.
 18552 | D:12     | Paralysed by Rupert for 2 turns
 18561 | D:12     | Killed Rupert
 18705 | D:12     | Noticed Snorg
 18706 | D:12     | 18706 ||| Stepping ~*~*~tactically~*~*~ (stealth).
 18707 | D:12     | 18707 ||| Stepping ~*~*~tactically~*~*~ (stealth).
 18708 | D:12     | 18708 ||| Stepping ~*~*~tactically~*~*~ (stealth).
 18711 | D:12     | Reached XP level 15. HP: 93/93 MP: 22/22
 18805 | D:12     | Noticed Jorgrun
 18806 | D:12     | 18806 ||| INVOKING Heroism.
 18807 | D:12     | 18807 ||| INVOKING Finesse.
 18814 | D:12     | Killed Jorgrun
 19038 | D:13     | 19038 ||| STAIRDANCE
 19081 | D:13     | 19081 ||| Stepping ~*~*~tactically~*~*~ (hiding).
 19285 | D:13     | 19285 ||| Stepping ~*~*~tactically~*~*~ (stealth).
 19289 | D:13     | 19289 ||| INVOKING Heroism.
 19292 | D:13     | Reached skill level 3 in Dodging
 19398 | D:13     | 19398 ||| Stepping ~*~*~tactically~*~*~ (stealth).
 19404 | D:13     | 19404 ||| Stepping ~*~*~tactically~*~*~ (stealth).
 19406 | D:13     | 19406 ||| INVOKING Heroism.
 19452 | D:13     | 19452 ||| FLEEEEING.
 19453 | D:13     | 19453 ||| FLEEEEING.
 19454 | D:13     | 19454 ||| FLEEEEING.
 19455 | D:13     | 19455 ||| FLEEEEING.
 19456 | D:13     | 19456 ||| FLEEEEING.
 19457 | D:13     | 19457 ||| FLEEEEING.
 19458 | D:13     | 19458 ||| FLEEEEING.
 19461 | D:13     | 19461 ||| FLEEEEING.
 19462 | D:13     | 19462 ||| FLEEEEING.
 19470 | D:13     | 19470 ||| FLEEEEING.
 19471 | D:13     | 19471 ||| FLEEEEING.
 19472 | D:13     | 19472 ||| FLEEEEING.
 19478 | D:13     | 19478 ||| STAIRDANCE
 19582 | D:13     | Noticed Josephine
 19583 | D:13     | 19583 ||| STAIRDANCE
 19590 | D:13     | 19590 ||| INVOKING Heroism.
 19597 | D:13     | Killed Josephine
 20036 | D:14     | 20036 ||| INVOKING Heroism.
 20121 | D:14     | 20121 ||| Stepping ~*~*~tactically~*~*~ (hiding).
 20128 | D:14     | 20128 ||| Stepping ~*~*~tactically~*~*~ (hiding).
 20172 | D:14     | 20172 ||| Stepping ~*~*~tactically~*~*~ (stealth).
 20174 | D:14     | 20174 ||| Stepping ~*~*~tactically~*~*~ (hiding).
 20183 | D:14     | Identified the +1 kite shield of Pragmatism {Harm rN+++
                  | Str-3 Slay-3} (Okawaru gifted it to you on level 14 of the
                  | Dungeon)
 20183 | D:14     | Received a gift from Okawaru
 20203 | D:14     | Found a gate to the Vaults.
 20204 | D:14     | 20204 ||| Stepping ~*~*~tactically~*~*~ (hiding).
 20205 | D:14     | 20205 ||| Stepping ~*~*~tactically~*~*~ (hiding).
 20215 | D:14     | 20215 ||| Stepping ~*~*~tactically~*~*~ (hiding).
 20249 | D:14     | 20249 ||| Stepping ~*~*~tactically~*~*~ (hiding).
 20252 | D:14     | 20252 ||| INVOKING Heroism.
 20281 | D:14     | 20281 ||| Stepping ~*~*~tactically~*~*~ (hiding).
 20375 | D:14     | 20375 ||| Stepping ~*~*~tactically~*~*~ (hiding).
 20484 | D:14     | 20484 ||| Stepping ~*~*~tactically~*~*~ (stealth).
 20486 | D:14     | 20486 ||| INVOKING Heroism.
 20487 | D:14     | 20487 ||| Stepping ~*~*~tactically~*~*~ (stealth).
 20493 | D:14     | Reached skill level 15 in Axes
 20639 | D:14     | 20639 ||| INVOKING Heroism.
 20640 | D:14     | 20640 ||| SWAPPING to +1 morningstar of draining.
 20641 | D:14     | 20641 ||| INVOKING Finesse.
 20647 | D:14     | 20647 ||| Stepping ~*~*~tactically~*~*~ (outnumbered).
 20648 | D:14     | 20648 ||| SWAPPING to +11 broad axe of Massacring {drain,
                  | Int+2 SInv}.
 20651 | D:14     | 20651 ||| SWAPPING to +1 morningstar of draining.
 20655 | D:14     | 20655 ||| SWAPPING to +11 broad axe of Massacring {drain,
                  | Int+2 SInv}.
 20899 | D:15     | Entered Level 15 of the Dungeon
 21058 | D:15     | 21058 ||| Stepping ~*~*~tactically~*~*~ (hiding).
 21058 | D:15     | Found a staircase to the Depths.
 21059 | D:15     | 21059 ||| INVOKING Heroism.
 21070 | D:15     | 21070 ||| SWAPPING to +1 morningstar of draining.
 21071 | D:15     | 21071 ||| INVOKING Finesse.
 21078 | D:15     | 21078 ||| SWAPPING to +11 broad axe of Massacring {drain,
                  | Int+2 SInv}.
 21136 | D:15     | 21136 ||| INVOKING Heroism.
 21161 | D:15     | Reached skill level 12 in Fighting
 21344 | Abyss:2  | Cast into level 2 of the Abyss (a wizard)
 21387 | Abyss:2  | 21387 ||| Stepping ~*~*~tactically~*~*~ (stealth).
 21388 | Abyss:2  | 21388 ||| Stepping ~*~*~tactically~*~*~ (stealth).
 21398 | Abyss:2  | 21398 ||| Stepping ~*~*~tactically~*~*~ (stealth).
 21460 | Abyss:2  | 21460 ||| Stepping ~*~*~tactically~*~*~ (hiding).
 21470 | Abyss:2  | 21470 ||| Stepping ~*~*~tactically~*~*~ (hiding).
 21480 | Abyss:2  | 21480 ||| INVOKING Heroism.
 21506 | Abyss:2  | 21506 ||| Stepping ~*~*~tactically~*~*~ (stealth).
 21522 | Abyss:2  | 21522 ||| INVOKING Heroism.
 21525 | Abyss:2  | Received a gift from Okawaru
 21531 | Abyss:2  | 21531 ||| Stepping ~*~*~tactically~*~*~ (stealth).
 21536 | Abyss:2  | 21536 ||| Stepping ~*~*~tactically~*~*~ (stealth).
 21566 | Abyss:2  | 21566 ||| Stepping ~*~*~tactically~*~*~ (stealth).
 21584 | Abyss:2  | Reached XP level 16. HP: 94/101 MP: 23/23
 21592 | Abyss:2  | 21592 ||| Stepping ~*~*~tactically~*~*~ (stealth).
 21600 | Abyss:2  | 21600 ||| INVOKING Heroism.
 21640 | Abyss:2  | 21640 ||| Stepping ~*~*~tactically~*~*~ (stealth).
 21644 | Abyss:2  | 21644 ||| Stepping ~*~*~tactically~*~*~ (stealth).
 21654 | Abyss:2  | 21654 ||| INVOKING Heroism.
 21671 | Abyss:2  | 21671 ||| Stepping ~*~*~tactically~*~*~ (stealth).
 21685 | Abyss:2  | 21685 ||| Stepping ~*~*~tactically~*~*~ (stealth).
 21714 | Abyss:2  | HP: 18/101 [starcursed mass/accursed screaming (10)]
 21715 | Abyss:2  | 21715 ||| DRINKING 5 potions of heal wounds.
 21715 | Abyss:2  | Paralysed by accursed screaming for 1 turns
 21717 | Abyss:2  | 21717 ||| Stepping ~*~*~tactically~*~*~ (hiding).
 21735 | Abyss:2  | 21735 ||| Stepping ~*~*~tactically~*~*~ (stealth).
 21737 | Abyss:2  | 21737 ||| INVOKING Heroism.
 21752 | Abyss:2  | 21752 ||| Stepping ~*~*~tactically~*~*~ (stealth).
 21756 | Abyss:2  | 21756 ||| Stepping ~*~*~tactically~*~*~ (stealth).
 21770 | D:15     | Escaped the Abyss
 21771 | D:15     | 21771 ||| Stepping ~*~*~tactically~*~*~ (hiding).
 21779 | D:15     | 21779 ||| INVOKING Heroism.
 21873 | D:15     | 21873 ||| Stepping ~*~*~tactically~*~*~ (stealth).
 21883 | D:15     | 21883 ||| Stepping ~*~*~tactically~*~*~ (hiding).
 21889 | D:15     | 21889 ||| INVOKING Heroism.
 21894 | D:15     | 21894 ||| Stepping ~*~*~tactically~*~*~ (hiding).
 21961 | D:15     | 21961 ||| INVOKING Heroism.
 21967 | D:15     | HP: 19/101 [meliai/divine providence (14)]
 21968 | D:15     | 21968 ||| READING 5 scrolls of teleportation.
 21969 | D:15     | 21969 ||| DRINKING 4 potions of heal wounds.
 21971 | D:15     | 21971 ||| DRINKING 3 potions of heal wounds.
 22098 | D:15     | 22098 ||| Stepping ~*~*~tactically~*~*~ (hiding).
 22214 | D:15     | 22214 ||| PLANNING ORC
 22214 | D:15     | 22214 ||| DROPPING +6 ring of dexterity.
 22215 | D:15     | 22215 ||| DROPPING ring of see invisible.
 22216 | D:15     | 22216 ||| UPGRADING to +4 ring of protection.
 22404 | Orc:1    | Entered Level 1 of the Orcish Mines
 22405 | Orc:1    | 22405 ||| Stepping ~*~*~tactically~*~*~ (hiding).
 22408 | Orc:1    | 22408 ||| INVOKING Heroism.
 22467 | Orc:1    | 22467 ||| INVOKING Heroism.
 22613 | Orc:1    | 22613 ||| DROPPING +0 fire dragon scales.
 22631 | Orc:2    | Entered Level 2 of the Orcish Mines
 22632 | Orc:2    | 22632 ||| INVOKING Heroism.
 22671 | Orc:2    | 22671 ||| INVOKING Heroism.
 22680 | Orc:2    | Identified the +3 troll leather armour of the Arcane {-Tele
                  | Regen+ Dex+5} (Okawaru gifted it to you on level 2 of the
                  | Orcish Mines)
 22680 | Orc:2    | Received a gift from Okawaru
 22716 | Orc:2    | 22716 ||| INVOKING Heroism.
 22729 | Orc:2    | 22729 ||| INVOKING Finesse.
 22731 | Orc:2    | 22731 ||| INVOKING Heroism.
 22737 | Orc:2    | 22737 ||| Stepping ~*~*~tactically~*~*~ (hiding).
 22908 | Orc:2    | 22908 ||| INVOKING Heroism.
 22911 | Orc:2    | 22911 ||| Stepping ~*~*~tactically~*~*~ (hiding).
 22913 | Orc:2    | 22913 ||| Stepping ~*~*~tactically~*~*~ (hiding).
 22931 | Orc:2    | 22931 ||| Stepping ~*~*~tactically~*~*~ (stealth).
 22933 | Orc:2    | 22933 ||| Stepping ~*~*~tactically~*~*~ (hiding).
 22944 | Orc:2    | Found Vuon's Jewellery Shoppe.
 22944 | Orc:2    | Found Qapo's Magic Scroll Emporium.
 22944 | Orc:2    | Found Icapni's Jewellery Emporium.
 22951 | Orc:2    | Found Woustolits's Antique Armour Shoppe.
 22954 | Orc:2    | 22954 ||| BUYING amulet of reflection (300 gold).
 22954 | Orc:2    | Bought an amulet of reflection for 300 gold pieces
 22955 | Orc:2    | 22955 ||| BUYING faintly humming plate armour (980 gold).
 22955 | Orc:2    | Bought a faintly humming plate armour for 980 gold pieces
 22955 | Orc:2    | Identified the +10 plate armour of Privacy {rF+ Int+5} (You
                  | bought it in a shop on level 2 of the Orcish Mines)
 22958 | Orc:2    | 22958 ||| SHOPLISTING scroll of acquirement (572 gold, have
                  | 174).
 22958 | Orc:2    | 22958 ||| BUYING scroll of fog (44 gold).
 22958 | Orc:2    | Bought a scroll of fog for 44 gold pieces
 22958 | Orc:2    | 22958 ||| BUYING scroll of teleportation (33 gold).
 22958 | Orc:2    | Bought a scroll of teleportation for 33 gold pieces
 22958 | Orc:2    | 22958 ||| BUYING scroll of teleportation (33 gold).
 22958 | Orc:2    | Bought a scroll of teleportation for 33 gold pieces
 22963 | Orc:2    | 22963 ||| Stepping ~*~*~tactically~*~*~ (stealth).
 22978 | Orc:2    | 22978 ||| Stepping ~*~*~tactically~*~*~ (stealth).
 22980 | Orc:2    | 22980 ||| Stepping ~*~*~tactically~*~*~ (hiding).
 22989 | Orc:2    | Noticed Saint Roka
 22990 | Orc:2    | 22990 ||| Stepping ~*~*~tactically~*~*~ (stealth).
 22991 | Orc:2    | 22991 ||| Stepping ~*~*~tactically~*~*~ (stealth).
 23001 | Orc:2    | 23001 ||| Stepping ~*~*~tactically~*~*~ (stealth).
 23003 | Orc:2    | 23003 ||| Stepping ~*~*~tactically~*~*~ (hiding).
 23010 | Orc:2    | 23010 ||| INVOKING Heroism.
 23011 | Orc:2    | 23011 ||| INVOKING Finesse.
 23022 | Orc:2    | Killed Saint Roka
 23090 | Orc:2    | 23090 ||| Stepping ~*~*~tactically~*~*~ (stealth).
 23092 | Orc:2    | 23092 ||| Stepping ~*~*~tactically~*~*~ (hiding).
 23200 | Orc:2    | Found a staircase to the Elven Halls.
 23216 | Orc:2    | 23216 ||| Stepping ~*~*~tactically~*~*~ (stealth).
 23249 | Orc:2    | Found a transporter.
 23249 | Orc:2    | Noticed qw's ghost (journeyman DsCA)
 23250 | Orc:2    | Found a transporter.
 23252 | Orc:2    | Identified the +8 giant club of Bloody Death {holy, MP+9
                  | Int+2}
 23252 | Orc:2    | Identified the +7 great mace "Gimpoj" {vorpal, rF+}
 23453 | Orc:2    | 23453 ||| INVOKING Heroism.
 23601 | Orc:2    | 23601 ||| DROPPING +1 plate armour of fire resistance.
 23602 | Orc:2    | 23602 ||| UPGRADING to +10 plate armour of Privacy {rF+
                  | Int+5}.
 23612 | Orc:2    | 23612 ||| DROPPING +3 pearl dragon scales.
 23613 | Orc:2    | 23613 ||| UPGRADING to amulet of reflection.
 23623 | Orc:2    | 23623 ||| DROPPING amulet of regeneration.
 23838 | Orc:1    | 23838 ||| Stepping ~*~*~tactically~*~*~ (stealth).
 23840 | Orc:1    | 23840 ||| Stepping ~*~*~tactically~*~*~ (hiding).
 23855 | Orc:1    | 23855 ||| INVOKING Heroism.
 23926 | Orc:1    | Found Emeqob's Assorted Antiques.
 23930 | Orc:1    | 23930 ||| Stepping ~*~*~tactically~*~*~ (stealth).
 23931 | Orc:1    | 23931 ||| Stepping ~*~*~tactically~*~*~ (stealth).
 23933 | Orc:1    | 23933 ||| Stepping ~*~*~tactically~*~*~ (hiding).
 23935 | Orc:1    | 23935 ||| INVOKING Heroism.
 23938 | Orc:1    | 23938 ||| Stepping ~*~*~tactically~*~*~ (hiding).
 23957 | Orc:1    | 23957 ||| BUYING 2 potions of heal wounds (360 gold).
 23957 | Orc:1    | Bought 2 potions of heal wounds for 360 gold pieces
 23957 | Orc:1    | 23957 ||| SHOPLISTING scroll of enchant weapon (270 gold,
                  | have 138).
 23978 | Orc:1    | 23978 ||| Stepping ~*~*~tactically~*~*~ (stealth).
 23979 | Orc:1    | 23979 ||| INVOKING Heroism.
 23993 | Orc:1    | 23993 ||| Stepping ~*~*~tactically~*~*~ (hiding).
 24003 | Orc:1    | Reached skill level 12 in Armour
 24007 | Orc:1    | 24007 ||| Stepping ~*~*~tactically~*~*~ (hiding).
 24022 | Orc:1    | 24022 ||| Stepping ~*~*~tactically~*~*~ (stealth).
 24025 | Orc:1    | 24025 ||| Stepping ~*~*~tactically~*~*~ (stealth).
 24028 | Orc:1    | 24028 ||| Stepping ~*~*~tactically~*~*~ (stealth).
 24032 | Orc:1    | 24032 ||| INVOKING Heroism.
 24159 | Orc:1    | 24159 ||| PLANNING SHOALS:1-3
 24330 | Shoals:1 | Entered Level 1 of the Shoals
 24331 | Shoals:1 | 24331 ||| INVOKING Heroism.
 24351 | Shoals:1 | 24351 ||| Stepping ~*~*~tactically~*~*~ (hiding).
 24468 | Shoals:1 | 24468 ||| INVOKING Heroism.
 24582 | Shoals:1 | 24582 ||| INVOKING Heroism.
 24733 | Shoals:1 | 24733 ||| INVOKING Heroism.
 24734 | Shoals:1 | 24734 ||| INVOKING Finesse.
 24740 | Shoals:1 | Received a gift from Okawaru
 24833 | Shoals:1 | 24833 ||| INVOKING Heroism.
 24960 | Shoals:1 | Received a gift from Okawaru
 24997 | Shoals:1 | 24997 ||| INVOKING Heroism.
 25001 | Shoals:1 | Reached XP level 17. HP: 106/106 MP: 21/24
 25006 | Shoals:1 | Reached skill level 6 in Throwing
 25124 | Shoals:1 | 25124 ||| INVOKING Heroism.
 25354 | Shoals:2 | Noticed Ilsuiw
 25355 | Shoals:2 | 25355 ||| INVOKING Heroism.
 25356 | Shoals:2 | 25356 ||| INVOKING Finesse.
 25372 | Shoals:2 | Killed Ilsuiw
 25372 | Shoals:2 | Received a gift from Okawaru
 25383 | Shoals:2 | Found Erghevye's Magic Scroll Shop.
 25554 | Shoals:2 | Found Fipoeghu's General Store.
 25568 | Shoals:2 | 25568 ||| SHOPLISTING 2 potions of mutation (336 gold, have
                  | 316).
 25568 | Shoals:2 | 25568 ||| BUYING potion of cancellation (168 gold).
 25568 | Shoals:2 | Bought a potion of cancellation for 168 gold pieces
 25568 | Shoals:2 | 25568 ||| SHOPLISTING potion of cancellation (168 gold,
                  | have 148).
 25568 | Shoals:2 | 25568 ||| BUYING scroll of teleportation (63 gold).
 25568 | Shoals:2 | Bought a scroll of teleportation for 63 gold pieces
 25568 | Shoals:2 | 25568 ||| BUYING scroll of teleportation (63 gold).
 25568 | Shoals:2 | Bought a scroll of teleportation for 63 gold pieces
 25587 | Shoals:2 | Found Ponaanio's Magic Scroll Shop.
 25597 | Shoals:2 | 25597 ||| SHOPLISTING scroll of brand weapon (133 gold,
                  | have 22).
 25597 | Shoals:2 | 25597 ||| SHOPLISTING scroll of enchant weapon (105 gold,
                  | have 22).
 25597 | Shoals:2 | 25597 ||| SHOPLISTING scroll of teleportation (42 gold,
                  | have 22).
 25802 | Shoals:2 | 25802 ||| INVOKING Heroism.
 25813 | Shoals:2 | Identified the +0 helmet "Nigelur" {+Inv rElec Regen+
                  | Str+3} (Okawaru gifted it to you on level 2 of the Shoals)
 25813 | Shoals:2 | Received a gift from Okawaru
 25869 | Shoals:2 | 25869 ||| Stepping ~*~*~tactically~*~*~ (hiding).
 25986 | Shoals:2 | 25986 ||| FLEEEEING.
 25987 | Shoals:2 | 25987 ||| FLEEEEING.
 25988 | Shoals:2 | 25988 ||| FLEEEEING.
 25989 | Shoals:2 | 25989 ||| FLEEEEING.
 25990 | Shoals:2 | 25990 ||| FLEEEEING.
 26404 | Shoals:2 | 26404 ||| UPGRADING to +0 helmet "Nigelur" {+Inv rElec
                  | Regen+ Str+3}.
 26414 | Shoals:2 | 26414 ||| DROPPING +1 helmet.
 26415 | Shoals:2 | 26415 ||| DROPPING +2 helmet.
 26416 | Shoals:2 | 26416 ||| DROPPING +4 ring of evasion.
 26442 | Shoals:3 | 26442 ||| STAIRDANCE
 26455 | Shoals:3 | 26455 ||| STAIRDANCE
 26457 | Shoals:2 | 26457 ||| INVOKING Heroism.
 26469 | Shoals:3 | 26469 ||| STAIRDANCE
 26480 | Shoals:3 | 26480 ||| INVOKING Finesse.
 26527 | Shoals:3 | Found an ancient bone altar of Kikubaaqudgha.
 26528 | Shoals:3 | 26528 ||| INVOKING Heroism.
 26529 | Shoals:3 | Found Olehota's Armour Boutique.
 26540 | Shoals:3 | 26540 ||| INVOKING Finesse.
 26633 | Shoals:3 | 26633 ||| INVOKING Heroism.
 26717 | Shoals:3 | 26717 ||| INVOKING Heroism.
 26718 | Shoals:3 | 26718 ||| INVOKING Finesse.
 26782 | Shoals:3 | 26782 ||| INVOKING Heroism.
 26829 | Shoals:3 | 26829 ||| INVOKING Heroism.
 26895 | Shoals:3 | Noticed Donald
 26896 | Shoals:3 | 26896 ||| INVOKING Heroism.
 26897 | Shoals:3 | 26897 ||| INVOKING Finesse.
 26909 | Shoals:3 | Killed Donald
 27056 | Shoals:3 | Noticed Mlioglotl
 27057 | Shoals:3 | 27057 ||| INVOKING Heroism.
 27058 | Shoals:3 | 27058 ||| INVOKING Finesse.
 27066 | Shoals:3 | Killed Mlioglotl
 27182 | Shoals:3 | 27182 ||| INVOKING Heroism.
 27284 | Shoals:3 | Noticed a kraken
 27289 | Shoals:3 | 27289 ||| INVOKING Heroism.
 27291 | Shoals:3 | Killed a kraken
 27335 | Shoals:3 | 27335 ||| DROPPING +2 helmet.
 27408 | Shoals:2 | 27408 ||| INVOKING Heroism.
 27421 | Shoals:2 | 27421 ||| SHOPLISTING scroll of enchant weapon (142 gold,
                  | have 120).
 27421 | Shoals:2 | 27421 ||| BUYING scroll of teleportation (57 gold).
 27421 | Shoals:2 | Bought a scroll of teleportation for 57 gold pieces
 27421 | Shoals:2 | 27421 ||| BUYING scroll of teleportation (57 gold).
 27421 | Shoals:2 | Bought a scroll of teleportation for 57 gold pieces
 27421 | Shoals:2 | 27421 ||| SHOPLISTING scroll of teleportation (57 gold,
                  | have 6).
 27421 | Shoals:2 | 27421 ||| PLANNING SNAKE:1-3
 27508 | Snake:1  | Entered Level 1 of the Snake Pit
 27554 | Snake:1  | 27554 ||| Stepping ~*~*~tactically~*~*~ (stealth).
 27579 | Snake:1  | 27579 ||| Stepping ~*~*~tactically~*~*~ (hiding).
 27582 | Snake:1  | 27582 ||| Stepping ~*~*~tactically~*~*~ (hiding).
 27762 | Snake:1  | 27762 ||| Stepping ~*~*~tactically~*~*~ (hiding).
 27773 | Snake:1  | Reached skill level 18 in Axes
 27773 | Snake:1  | 27773 ||| Stepping ~*~*~tactically~*~*~ (hiding).
 27828 | Snake:1  | 27828 ||| Stepping ~*~*~tactically~*~*~ (hiding).
 27832 | Snake:1  | 27832 ||| INVOKING Heroism.
 27907 | Snake:1  | 27907 ||| Stepping ~*~*~tactically~*~*~ (hiding).
 27911 | Snake:1  | 27911 ||| Stepping ~*~*~tactically~*~*~ (hiding).
 28031 | Snake:1  | 28031 ||| Stepping ~*~*~tactically~*~*~ (stealth).
 28044 | Snake:1  | Identified the +3 broad axe "Kuacw" {freeze, rF+} (Okawaru
                  | gifted it to you on level 1 of the Snake Pit)
 28044 | Snake:1  | Received a gift from Okawaru
 28084 | Snake:1  | 28084 ||| INVOKING Heroism.
 28126 | Snake:1  | 28126 ||| Stepping ~*~*~tactically~*~*~ (hiding).
 28142 | Snake:1  | Reached XP level 18. HP: 114/114 MP: 25/25
 28144 | Snake:1  | 28144 ||| DROPPING +1 morningstar of draining.
 28290 | Snake:1  | 28290 ||| Stepping ~*~*~tactically~*~*~ (hiding).
 28292 | Snake:1  | 28292 ||| Stepping ~*~*~tactically~*~*~ (hiding).
 28398 | Snake:1  | 28398 ||| Stepping ~*~*~tactically~*~*~ (hiding).
 28401 | Snake:1  | 28401 ||| INVOKING Heroism.
 28412 | Snake:1  | 28412 ||| Stepping ~*~*~tactically~*~*~ (hiding).
 28580 | Snake:1  | 28580 ||| Stepping ~*~*~tactically~*~*~ (hiding).
 28631 | Snake:1  | Identified Roxanne's Compendium of the Mountains
 28631 | Snake:1  | Noticed Roxanne
 28632 | Snake:1  | 28632 ||| INVOKING Heroism.
 28633 | Snake:1  | 28633 ||| INVOKING Finesse.
 28649 | Snake:1  | Killed Roxanne
 29022 | Snake:2  | 29022 ||| Stepping ~*~*~tactically~*~*~ (hiding).
 29024 | Snake:2  | 29024 ||| Stepping ~*~*~tactically~*~*~ (hiding).
 29132 | Snake:2  | Found a runed translucent gate.
 29133 | Snake:2  | Found a runed translucent gate.
 29133 | Snake:2  | Found a runed translucent gate.
 29136 | Snake:2  | Found Pauway's Weapon Shop.
 29138 | Snake:2  | Found Xaazxe's Armour Shop.
 29138 | Snake:2  | Found Vuohamo's Jewellery Boutique.
 29143 | Snake:2  | Found Muiseits's Antique Weapon Boutique.
 29157 | Snake:2  | 29157 ||| SHOPLISTING amulet of Itiw {Regen+ Str+7} (930
                  | gold, have 67).
 29157 | Snake:2  | 29157 ||| SHOPLISTING ring of Ysateh {Drain rPois rF+
                  | rCorr} (586 gold, have 67).
 29190 | Snake:2  | 29190 ||| Stepping ~*~*~tactically~*~*~ (hiding).
 29390 | Snake:2  | 29390 ||| Stepping ~*~*~tactically~*~*~ (hiding).
 29391 | Snake:2  | 29391 ||| Stepping ~*~*~tactically~*~*~ (hiding).
 29399 | Snake:2  | 29399 ||| INVOKING Heroism.
 29401 | Snake:2  | Reached skill level 18 in Shields
 29457 | Snake:2  | 29457 ||| Stepping ~*~*~tactically~*~*~ (hiding).
 29773 | Snake:2  | 29773 ||| Stepping ~*~*~tactically~*~*~ (hiding).
 29891 | Snake:2  | 29891 ||| Stepping ~*~*~tactically~*~*~ (hiding).
 29923 | Snake:2  | 29923 ||| INVOKING Heroism.
 30174 | Snake:2  | 30174 ||| Stepping ~*~*~tactically~*~*~ (hiding).
 30175 | Snake:2  | 30175 ||| Stepping ~*~*~tactically~*~*~ (hiding).
 30176 | Snake:2  | 30176 ||| Stepping ~*~*~tactically~*~*~ (hiding).
 30177 | Snake:2  | 30177 ||| Stepping ~*~*~tactically~*~*~ (hiding).
 30306 | Snake:2  | Noticed qw's ghost (adept MiBe)
 30521 | Snake:3  | 30521 ||| INVOKING Heroism.
 30522 | Snake:3  | 30522 ||| STAIRDANCE
 30598 | Snake:3  | 30598 ||| STAIRDANCE
 30675 | Snake:3  | 30675 ||| INVOKING Heroism.
 30908 | Snake:3  | 30908 ||| READING scroll of enchant armour.
 30908 | Snake:3  | 30908 ||| ENCHANTING +1 pair of gloves.
 31188 | Snake:3  | Identified the +6 scimitar "Heecin" {freeze, *Corrode rF++
                  | SInv}
 31488 | Snake:3  | Received a gift from Okawaru
 31623 | Snake:3  | 31623 ||| PLANNING SHOALS:4
 31757 | Shoals:4 | Entered Level 4 of the Shoals
 31791 | Shoals:4 | 31791 ||| Stepping ~*~*~tactically~*~*~ (stealth).
 31794 | Shoals:4 | 31794 ||| Stepping ~*~*~tactically~*~*~ (stealth).
 31795 | Shoals:4 | 31795 ||| Stepping ~*~*~tactically~*~*~ (stealth).
 31805 | Shoals:4 | Noticed Polyphemus
 31806 | Shoals:4 | 31806 ||| Stepping ~*~*~tactically~*~*~ (stealth).
 31808 | Shoals:4 | 31808 ||| Stepping ~*~*~tactically~*~*~ (hiding).
 31809 | Shoals:4 | 31809 ||| Stepping ~*~*~tactically~*~*~ (hiding).
 31815 | Shoals:4 | 31815 ||| INVOKING Heroism.
 31821 | Shoals:4 | Killed Polyphemus
 31832 | Shoals:4 | Found Nenou's Specific Store.
 31832 | Shoals:4 | Found Ducwaad's General Store.
 31848 | Shoals:4 | 31848 ||| BUYING potion of lignification (33 gold).
 31848 | Shoals:4 | Bought a potion of lignification for 33 gold pieces
 31848 | Shoals:4 | 31848 ||| BUYING potion of mutation (88 gold).
 31848 | Shoals:4 | Bought a potion of mutation for 88 gold pieces
 31848 | Shoals:4 | 31848 ||| SHOPLISTING ring of protection from cold (275
                  | gold, have 72).
 31848 | Shoals:4 | 31848 ||| SHOPLISTING scroll of enchant weapon (82 gold,
                  | have 72).
 31853 | Shoals:4 | 31853 ||| SHOPLISTING potion of mutation (144 gold, have
                  | 92).
 32035 | Shoals:4 | 32035 ||| Stepping ~*~*~tactically~*~*~ (hiding).
 32036 | Shoals:4 | 32036 ||| Stepping ~*~*~tactically~*~*~ (hiding).
 32037 | Shoals:4 | 32037 ||| INVOKING Heroism.
 32052 | Shoals:4 | 32052 ||| Stepping ~*~*~tactically~*~*~ (hiding).
 32056 | Shoals:4 | 32056 ||| INVOKING Finesse.
 32057 | Shoals:4 | 32057 ||| Stepping ~*~*~tactically~*~*~ (hiding).
 32105 | Shoals:4 | 32105 ||| Stepping ~*~*~tactically~*~*~ (stealth).
 32107 | Shoals:4 | 32107 ||| Stepping ~*~*~tactically~*~*~ (hiding).
 32132 | Shoals:4 | 32132 ||| Stepping ~*~*~tactically~*~*~ (hiding).
 32144 | Shoals:4 | 32144 ||| INVOKING Heroism.
 32208 | Shoals:4 | 32208 ||| INVOKING Heroism.
 32249 | Shoals:4 | 32249 ||| Stepping ~*~*~tactically~*~*~ (hiding).
 32250 | Shoals:4 | 32250 ||| INVOKING Finesse.
 32251 | Shoals:4 | 32251 ||| Stepping ~*~*~tactically~*~*~ (hiding).
 32253 | Shoals:4 | 32253 ||| INVOKING Heroism.
 32261 | Shoals:4 | Reached skill level 15 in Fighting
 32272 | Shoals:4 | Received a gift from Okawaru
 32317 | Shoals:4 | Got a barnacled rune of Zot
 32333 | Shoals:4 | 32333 ||| Stepping ~*~*~tactically~*~*~ (hiding).
 32334 | Shoals:4 | 32334 ||| Stepping ~*~*~tactically~*~*~ (hiding).
 32335 | Shoals:4 | 32335 ||| Stepping ~*~*~tactically~*~*~ (hiding).
 32336 | Shoals:4 | 32336 ||| INVOKING Heroism.
 32337 | Shoals:4 | 32337 ||| INVOKING Finesse.
 32401 | Shoals:4 | 32401 ||| INVOKING Heroism.
 32404 | Shoals:4 | Received a gift from Okawaru
 32492 | Shoals:4 | 32492 ||| Stepping ~*~*~tactically~*~*~ (hiding).
 32496 | Shoals:4 | 32496 ||| INVOKING Heroism.
 32571 | Shoals:4 | 32571 ||| INVOKING Heroism.
 32572 | Shoals:4 | 32572 ||| INVOKING Finesse.
 32886 | Shoals:4 | 32886 ||| PLANNING VAULTS:1-4
 32886 | Shoals:4 | 32886 ||| DROPPING +1 cloak.
 32887 | Shoals:4 | 32887 ||| DROPPING ring of magical power.
 33091 | Vaults:1 | Entered Level 1 of the Vaults
 33107 | Vaults:1 | 33107 ||| INVOKING Heroism.
 33124 | Vaults:1 | Reached XP level 19. HP: 124/124 MP: 26/26
 33155 | Vaults:1 | 33155 ||| DRINKING 14 potions of curing.
 33155 | Vaults:1 | 33155 ||| (to cure confusion)
 33256 | Vaults:1 | Found Ruch's Armour Emporium.
 33337 | Vaults:1 | 33337 ||| INVOKING Heroism.
 33341 | Vaults:1 | Reached skill level 15 in Armour
 33449 | Vaults:1 | 33449 ||| Stepping ~*~*~tactically~*~*~ (stealth).
 33451 | Vaults:1 | 33451 ||| Stepping ~*~*~tactically~*~*~ (hiding).
 33457 | Vaults:1 | 33457 ||| Stepping ~*~*~tactically~*~*~ (hiding).
 33459 | Vaults:1 | 33459 ||| Stepping ~*~*~tactically~*~*~ (hiding).
 33585 | Vaults:1 | 33585 ||| INVOKING Heroism.
 33630 | Vaults:1 | 33630 ||| Stepping ~*~*~tactically~*~*~ (hiding).
 33637 | Vaults:1 | 33637 ||| Stepping ~*~*~tactically~*~*~ (hiding).
 33644 | Vaults:1 | 33644 ||| Stepping ~*~*~tactically~*~*~ (hiding).
 33669 | Vaults:1 | 33669 ||| DRINKING potion of cancellation.
 33798 | Vaults:1 | 33798 ||| INVOKING Heroism.
 33805 | Vaults:1 | 33805 ||| Stepping ~*~*~tactically~*~*~ (hiding).
 33806 | Vaults:1 | 33806 ||| Stepping ~*~*~tactically~*~*~ (hiding).
 33808 | Vaults:1 | 33808 ||| Stepping ~*~*~tactically~*~*~ (hiding).
 33809 | Vaults:1 | 33809 ||| Stepping ~*~*~tactically~*~*~ (hiding).
 33826 | Vaults:1 | Reached skill level 9 in Throwing
 33930 | Vaults:1 | 33930 ||| Stepping ~*~*~tactically~*~*~ (stealth).
 33931 | Vaults:1 | 33931 ||| Stepping ~*~*~tactically~*~*~ (stealth).
 33933 | Vaults:1 | 33933 ||| INVOKING Heroism.
 33983 | Vaults:1 | Identified the +7 great sword of Balance {venom, rElec rF+
                  | Will+}
 34027 | Vaults:1 | 34027 ||| Stepping ~*~*~tactically~*~*~ (hiding).
 34250 | Vaults:2 | 34250 ||| Stepping ~*~*~tactically~*~*~ (hiding).
 34257 | Vaults:2 | 34257 ||| INVOKING Heroism.
 34271 | Vaults:2 | Found Ginor's Antique Armour Shop.
 34282 | Vaults:2 | 34282 ||| SHOPLISTING pair of glowing gloves (330 gold,
                  | have 289).
 34293 | Vaults:2 | 34293 ||| Stepping ~*~*~tactically~*~*~ (hiding).
 34298 | Vaults:2 | 34298 ||| Stepping ~*~*~tactically~*~*~ (hiding).
 34312 | Vaults:2 | 34312 ||| INVOKING Heroism.
 34343 | Vaults:2 | 34343 ||| INVOKING Finesse.
 34344 | Vaults:2 | Received a gift from Okawaru
 34492 | Vaults:2 | 34492 ||| INVOKING Heroism.
 34493 | Vaults:2 | 34493 ||| INVOKING Finesse.
 34534 | Vaults:2 | Identified the +10 spear of the Sneaky Nights {holy, rElec
                  | rCorr}
 34685 | Vaults:2 | Identified the +4 plate armour of Hohima {Will++ Regen+
                  | Int-2 SInv}
 34779 | Vaults:2 | Noticed Aizul
 34780 | Vaults:2 | 34780 ||| INVOKING Heroism.
 34781 | Vaults:2 | 34781 ||| INVOKING Finesse.
 34788 | Vaults:2 | Killed Aizul
 34836 | Vaults:2 | 34836 ||| INVOKING Heroism.
 34850 | Vaults:2 | Received a gift from Okawaru
 34854 | Vaults:2 | 34854 ||| Stepping ~*~*~tactically~*~*~ (stealth).
 34864 | Vaults:2 | 34864 ||| READING scroll of enchant armour.
 34864 | Vaults:2 | 34864 ||| ENCHANTING +0 pair of boots.
 34880 | Vaults:2 | 34880 ||| Stepping randomly (cloudy).
 34884 | Vaults:2 | 34884 ||| Stepping ~*~*~tactically~*~*~ (cloud).
 34894 | Vaults:2 | Found a staircase to the Crypt.
 34925 | Vaults:2 | 34925 ||| FLEEEEING.
 34926 | Vaults:2 | 34926 ||| FLEEEEING.
 34929 | Vaults:2 | 34929 ||| FLEEEEING.
 34930 | Vaults:2 | 34930 ||| FLEEEEING.
 34931 | Vaults:2 | 34931 ||| Stepping ~*~*~tactically~*~*~ (hiding).
 34932 | Vaults:2 | 34932 ||| INVOKING Heroism.
 34933 | Vaults:2 | 34933 ||| INVOKING Finesse.
 35323 | Vaults:2 | Identified the +0 chain mail of the Good {rC+} (Okawaru
                  | gifted it to you on level 2 of the Vaults)
 35323 | Vaults:2 | Received a gift from Okawaru
 35370 | Vaults:2 | 35370 ||| Stepping ~*~*~tactically~*~*~ (hiding).
 35708 | Vaults:2 | 35708 ||| READING scroll of enchant armour.
 35708 | Vaults:2 | 35708 ||| ENCHANTING +1 pair of boots.
 35730 | Vaults:2 | 35730 ||| DROPPING ring of ice.
 35747 | Vaults:3 | 35747 ||| PLANNING WIZLAB
 35765 | Vaults:3 | 35765 ||| Stepping ~*~*~tactically~*~*~ (stealth).
 35772 | Vaults:3 | 35772 ||| READING 15 scrolls of teleportation.
 35773 | Vaults:3 | 35773 ||| FLEEEEING.
 35803 | Vaults:3 | 35803 ||| INVOKING Heroism.
 35842 | Vaults:3 | 35842 ||| Stepping ~*~*~tactically~*~*~ (stealth).
 35844 | Vaults:3 | 35844 ||| Stepping ~*~*~tactically~*~*~ (stealth).
 35845 | Vaults:3 | 35845 ||| Stepping ~*~*~tactically~*~*~ (stealth).
 35846 | Vaults:3 | 35846 ||| Stepping ~*~*~tactically~*~*~ (stealth).
 35868 | Vaults:3 | 35868 ||| INVOKING Heroism.
 35944 | Vaults:3 | 35944 ||| INVOKING Heroism.
 36151 | Vaults:3 | 36151 ||| Stepping ~*~*~tactically~*~*~ (hiding).
 36152 | Vaults:3 | 36152 ||| Stepping ~*~*~tactically~*~*~ (hiding).
 36164 | Vaults:3 | Reached XP level 20. HP: 129/134 MP: 27/27
 36169 | Vaults:3 | Noticed Mennas
 36170 | Vaults:3 | 36170 ||| DRINKING 13 potions of curing.
 36170 | Vaults:3 | 36170 ||| (to cure confusion)
 36171 | Vaults:3 | 36171 ||| INVOKING Heroism.
 36172 | Vaults:3 | 36172 ||| INVOKING Finesse.
 36189 | Vaults:3 | Killed Mennas
 36335 | Vaults:3 | 36335 ||| INVOKING Heroism.
 36414 | Vaults:3 | 36414 ||| RIP WIZLAB
 36420 | Vaults:3 | 36420 ||| PLANNING VAULTS:1-4
 36447 | Vaults:3 | 36447 ||| Stepping ~*~*~tactically~*~*~ (stealth).
 36449 | Vaults:3 | 36449 ||| Stepping ~*~*~tactically~*~*~ (stealth).
 36451 | Vaults:3 | 36451 ||| Stepping ~*~*~tactically~*~*~ (hiding).
 36456 | Vaults:3 | 36456 ||| INVOKING Heroism.
 36458 | Vaults:3 | 36458 ||| Stepping ~*~*~tactically~*~*~ (hiding).
 36721 | Vaults:3 | 36721 ||| INVOKING Heroism.
 36732 | Vaults:3 | Received a gift from Okawaru
 36846 | Vaults:3 | 36846 ||| INVOKING Heroism.
 36852 | Vaults:3 | Paralysed by a sphinx for 3 turns
 36909 | Vaults:3 | 36909 ||| FLEEEEING.
 36910 | Vaults:3 | 36910 ||| FLEEEEING.
 36911 | Vaults:3 | 36911 ||| FLEEEEING.
 36916 | Vaults:3 | 36916 ||| FLEEEEING.
 36917 | Vaults:3 | 36917 ||| FLEEEEING.
 36922 | Vaults:3 | 36922 ||| FLEEEEING.
 36923 | Vaults:3 | 36923 ||| FLEEEEING.
 36924 | Vaults:3 | 36924 ||| FLEEEEING.
 36925 | Vaults:3 | 36925 ||| FLEEEEING.
 36926 | Vaults:3 | 36926 ||| FLEEEEING.
 36927 | Vaults:3 | 36927 ||| FLEEEEING.
 36928 | Vaults:3 | 36928 ||| FLEEEEING.
 36929 | Vaults:3 | 36929 ||| FLEEEEING.
 36930 | Vaults:3 | 36930 ||| FLEEEEING.
 36931 | Vaults:3 | 36931 ||| FLEEEEING.
 36932 | Vaults:3 | 36932 ||| FLEEEEING.
 36933 | Vaults:3 | 36933 ||| FLEEEEING.
 36934 | Vaults:3 | 36934 ||| FLEEEEING.
 36935 | Vaults:3 | 36935 ||| FLEEEEING.
 36936 | Vaults:3 | 36936 ||| FLEEEEING.
 36937 | Vaults:3 | 36937 ||| FLEEEEING.
 36938 | Vaults:3 | 36938 ||| FLEEEEING.
 36939 | Vaults:3 | 36939 ||| FLEEEEING.
 36940 | Vaults:3 | 36940 ||| FLEEEEING.
 36946 | Vaults:3 | 36946 ||| INVOKING Heroism.
 37119 | Vaults:3 | 37119 ||| Stepping ~*~*~tactically~*~*~ (hiding).
 37131 | Vaults:3 | 37131 ||| DROPPING +2 pair of gloves.
 37132 | Vaults:3 | 37132 ||| READING 15 scrolls of teleportation.
 37206 | Vaults:3 | 37206 ||| READING 14 scrolls of teleportation.
 37208 | Vaults:3 | 37208 ||| FLEEEEING.
 37209 | Vaults:3 | 37209 ||| FLEEEEING.
 37303 | Vaults:3 | 37303 ||| Stepping ~*~*~tactically~*~*~ (stealth).
 37318 | Vaults:3 | Received a gift from Okawaru
 37497 | Vaults:4 | 37497 ||| Stepping ~*~*~tactically~*~*~ (stealth).
 37502 | Vaults:4 | 37502 ||| INVOKING Heroism.
 37639 | Vaults:4 | 37639 ||| INVOKING Heroism.
 37646 | Vaults:4 | 37646 ||| Stepping ~*~*~tactically~*~*~ (hiding).
 37724 | Vaults:4 | 37724 ||| Stepping ~*~*~tactically~*~*~ (stealth).
 37731 | Vaults:4 | 37731 ||| INVOKING Heroism.
 37751 | Vaults:4 | 37751 ||| Stepping ~*~*~tactically~*~*~ (stealth).
 37780 | Vaults:4 | 37780 ||| Stepping ~*~*~tactically~*~*~ (stealth).
 37797 | Vaults:4 | Reached skill level 18 in Fighting
 37919 | Vaults:4 | 37919 ||| INVOKING Heroism.
 38090 | Vaults:4 | Identified the +0 helmet "Ebuveohe" {*Slow +Inv rN++ Will+}
                  | (Okawaru gifted it to you on level 4 of the Vaults)
 38090 | Vaults:4 | Received a gift from Okawaru
 38278 | Vaults:4 | 38278 ||| Stepping ~*~*~tactically~*~*~ (stealth).
 38284 | Vaults:4 | 38284 ||| Stepping ~*~*~tactically~*~*~ (stealth).
 38491 | Vaults:4 | 38491 ||| Stepping ~*~*~tactically~*~*~ (hiding).
 38493 | Vaults:4 | 38493 ||| Stepping ~*~*~tactically~*~*~ (hiding).
 38497 | Vaults:4 | 38497 ||| INVOKING Heroism.
 38652 | Vaults:4 | 38652 ||| PLANNING SNAKE:4
 38652 | Vaults:4 | 38652 ||| DROPPING +0 helmet "Ebuveohe" {*Slow +Inv rN++
                  | Will+}.
 38985 | Snake:4  | Entered Level 4 of the Snake Pit
 38987 | Snake:4  | 38987 ||| INVOKING Heroism.
 39009 | Snake:4  | 39009 ||| Stepping ~*~*~tactically~*~*~ (hiding).
 39014 | Snake:4  | 39014 ||| Stepping ~*~*~tactically~*~*~ (stealth).
 39087 | Snake:4  | 39087 ||| INVOKING Heroism.
 39100 | Snake:4  | Reached XP level 21. HP: 141/141 MP: 28/28
 39129 | Snake:4  | 39129 ||| Stepping ~*~*~tactically~*~*~ (stealth).
 39134 | Snake:4  | 39134 ||| Stepping ~*~*~tactically~*~*~ (stealth).
 39201 | Snake:4  | 39201 ||| INVOKING Heroism.
 39236 | Snake:4  | 39236 ||| Stepping ~*~*~tactically~*~*~ (hiding).
 39253 | Snake:4  | Reached skill level 18 in Armour
 39287 | Snake:4  | 39287 ||| Stepping ~*~*~tactically~*~*~ (stealth).
 39291 | Snake:4  | 39291 ||| Stepping ~*~*~tactically~*~*~ (stealth).
 39292 | Snake:4  | 39292 ||| Stepping ~*~*~tactically~*~*~ (stealth).
 39299 | Snake:4  | 39299 ||| INVOKING Heroism.
 39299 | Snake:4  | Noticed Agnes
 39313 | Snake:4  | Killed Agnes
 39323 | Snake:4  | 39323 ||| Stepping ~*~*~tactically~*~*~ (hiding).
 39335 | Snake:4  | 39335 ||| Stepping ~*~*~tactically~*~*~ (hiding).
 39373 | Snake:4  | 39373 ||| Stepping ~*~*~tactically~*~*~ (hiding).
 39380 | Snake:4  | 39380 ||| INVOKING Heroism.
 39393 | Snake:4  | 39393 ||| Stepping ~*~*~tactically~*~*~ (hiding).
 39400 | Snake:4  | Reached ****** piety under Okawaru
 39421 | Snake:4  | Got a serpentine rune of Zot
 39508 | Snake:4  | 39508 ||| Stepping ~*~*~tactically~*~*~ (hiding).
 39554 | Snake:4  | 39554 ||| INVOKING Heroism.
 39576 | Snake:4  | 39576 ||| Stepping ~*~*~tactically~*~*~ (hiding).
 39578 | Snake:4  | 39578 ||| Stepping ~*~*~tactically~*~*~ (hiding).
 39607 | Snake:4  | 39607 ||| INVOKING Heroism.
 39714 | Snake:4  | 39714 ||| Stepping ~*~*~tactically~*~*~ (hiding).
 39716 | Snake:4  | 39716 ||| Stepping ~*~*~tactically~*~*~ (hiding).
 39718 | Snake:4  | 39718 ||| Stepping ~*~*~tactically~*~*~ (hiding).
 39723 | Snake:4  | 39723 ||| INVOKING Heroism.
 39726 | Snake:4  | Received a gift from Okawaru
 39847 | Snake:4  | 39847 ||| Stepping ~*~*~tactically~*~*~ (hiding).
 40048 | Snake:4  | 40048 ||| PLANNING DEPTHS
 40048 | Snake:4  | 40048 ||| DROPPING +6 ring of strength.
 40283 | Depths:1 | Entered Level 1 of the Depths
 40301 | Depths:1 | 40301 ||| Stepping ~*~*~tactically~*~*~ (stealth).
 40354 | Depths:1 | 40354 ||| INVOKING Heroism.
 40355 | Depths:1 | 40355 ||| INVOKING Finesse.
 40375 | Depths:1 | 40375 ||| Stepping ~*~*~tactically~*~*~ (hiding).
 40433 | Depths:1 | Found a one-way gate to the infinite horrors of the Abyss.
 40512 | Depths:1 | 40512 ||| INVOKING Heroism.
 40526 | Depths:1 | 40526 ||| Stepping ~*~*~tactically~*~*~ (stealth).
 40546 | Depths:1 | Found a one-way gate leading to the halls of Pandemonium.
 40608 | Depths:1 | Noticed a bone dragon
 40647 | Depths:1 | Found a gateway to Hell.
 40671 | Depths:1 | Identified the +2 dagger "Xegeusot" {antimagic, rElec
                  | Will+}
 40699 | Depths:1 | 40699 ||| INVOKING Heroism.
 40739 | Depths:1 | 40739 ||| Stepping ~*~*~tactically~*~*~ (hiding).
 40740 | Depths:1 | 40740 ||| Stepping ~*~*~tactically~*~*~ (hiding).
 40756 | Depths:1 | 40756 ||| Stepping ~*~*~tactically~*~*~ (stealth).
 40764 | Depths:1 | 40764 ||| Stepping ~*~*~tactically~*~*~ (hiding).
 40796 | Depths:1 | 40796 ||| INVOKING Heroism.
 40797 | Depths:1 | 40797 ||| INVOKING Finesse.
 40847 | Depths:1 | Found Bamorre's Neck Hole.
 41089 | Depths:2 | 41089 ||| INVOKING Heroism.
 41090 | Depths:2 | 41090 ||| INVOKING Finesse.
 41239 | Depths:2 | 41239 ||| INVOKING Heroism.
 41256 | Depths:2 | 41256 ||| Stepping ~*~*~tactically~*~*~ (stealth).
 41258 | Depths:2 | 41258 ||| INVOKING Heroism.
 41267 | Depths:2 | 41267 ||| Stepping ~*~*~tactically~*~*~ (hiding).
 41327 | Depths:2 | Reached XP level 22. HP: 137/150 MP: 29/29
 41480 | Depths:2 | 41480 ||| Stepping ~*~*~tactically~*~*~ (hiding).
 41484 | Depths:2 | 41484 ||| Stepping ~*~*~tactically~*~*~ (hiding).
 41489 | Depths:2 | 41489 ||| Stepping ~*~*~tactically~*~*~ (hiding).
 41491 | Depths:2 | 41491 ||| INVOKING Heroism.
 41492 | Depths:2 | 41492 ||| INVOKING Finesse.
 41542 | Depths:2 | Noticed a golden dragon
 41543 | Depths:2 | 41543 ||| Stepping ~*~*~tactically~*~*~ (hiding).
 41548 | Depths:2 | 41548 ||| INVOKING Heroism.
 41549 | Depths:2 | 41549 ||| INVOKING Finesse.
 41555 | Depths:2 | Killed a golden dragon
 41555 | Depths:2 | Received a gift from Okawaru
 41556 | Depths:2 | 41556 ||| READING 16 scrolls of teleportation.
 41614 | Depths:2 | 41614 ||| Stepping ~*~*~tactically~*~*~ (hiding).
 41617 | Depths:2 | 41617 ||| INVOKING Heroism.
 41630 | Depths:2 | 41630 ||| Stepping ~*~*~tactically~*~*~ (hiding).
 41632 | Depths:2 | 41632 ||| INVOKING Finesse.
 41642 | Depths:2 | 41642 ||| Stepping ~*~*~tactically~*~*~ (stealth).
 41691 | Depths:2 | 41691 ||| INVOKING Heroism.
 41694 | Depths:2 | Found a runed translucent door.
 41696 | Depths:2 | 41696 ||| INVOKING Finesse.
 41779 | Depths:2 | Found a runed translucent door.
 41981 | Depths:2 | 41981 ||| Stepping ~*~*~tactically~*~*~ (hiding).
 41987 | Depths:2 | 41987 ||| Stepping ~*~*~tactically~*~*~ (hiding).
 41989 | Depths:2 | 41989 ||| Stepping ~*~*~tactically~*~*~ (hiding).
 41997 | Depths:2 | Reached skill level 6 in Dodging
 42013 | Depths:2 | 42013 ||| Stepping ~*~*~tactically~*~*~ (stealth).
 42225 | Depths:2 | 42225 ||| Stepping ~*~*~tactically~*~*~ (hiding).
 42226 | Depths:2 | 42226 ||| INVOKING Heroism.
 42227 | Depths:2 | 42227 ||| INVOKING Finesse.
 42286 | Depths:2 | 42286 ||| INVOKING Heroism.
 42375 | Depths:2 | Found a runed translucent door.
 42391 | Depths:2 | 42391 ||| DROPPING +2 hat.
 42428 | Depths:3 | 42428 ||| INVOKING Heroism.
 42429 | Depths:3 | 42429 ||| STAIRDANCE
 42497 | Depths:3 | 42497 ||| STAIRDANCE
 42501 | Depths:2 | 42501 ||| INVOKING Heroism.
 42627 | Depths:3 | 42627 ||| INVOKING Heroism.
 42638 | Depths:3 | Received a gift from Okawaru
 42696 | Depths:3 | 42696 ||| Stepping ~*~*~tactically~*~*~ (hiding).
 42697 | Depths:3 | 42697 ||| Stepping ~*~*~tactically~*~*~ (hiding).
 42705 | Depths:3 | 42705 ||| INVOKING Heroism.
 42709 | Depths:3 | 42709 ||| INVOKING Finesse.
 42777 | Depths:3 | Found a one-way gateway to a ziggurat.
 42911 | Depths:3 | Found a glowing golden altar of the Shining One.
 43004 | Depths:3 | 43004 ||| Stepping ~*~*~tactically~*~*~ (hiding).
 43006 | Depths:3 | 43006 ||| Stepping ~*~*~tactically~*~*~ (hiding).
 43048 | Depths:3 | 43048 ||| Stepping ~*~*~tactically~*~*~ (hiding).
 43246 | Depths:3 | 43246 ||| INVOKING Heroism.
 43256 | Depths:3 | Reached skill level 21 in Shields
 43257 | Depths:3 | Identified the +1 hat of the Accordion {Drain rN++ Int+4
                  | Stlth+} (Okawaru gifted it to you on level 3 of the Depths)
 43257 | Depths:3 | Received a gift from Okawaru
 43323 | Depths:3 | 43323 ||| INVOKING Heroism.
 43324 | Depths:3 | 43324 ||| INVOKING Finesse.
 43348 | Depths:3 | Noticed a juggernaut
 43364 | Depths:3 | Killed a juggernaut
 43456 | Depths:3 | Identified the ring "Muuch" {rPois Will+ rCorr Int-3 Dex+5}
 43496 | Depths:3 | 43496 ||| INVOKING Heroism.
 43497 | Depths:3 | 43497 ||| INVOKING Finesse.
 43543 | Depths:3 | 43543 ||| INVOKING Heroism.
 43544 | Depths:3 | 43544 ||| INVOKING Finesse.
 43549 | Depths:3 | 43549 ||| Stepping ~*~*~tactically~*~*~ (stealth).
 43550 | Depths:3 | 43550 ||| Stepping ~*~*~tactically~*~*~ (stealth).
 43553 | Depths:3 | 43553 ||| Stepping ~*~*~tactically~*~*~ (stealth).
 43564 | Depths:3 | 43564 ||| Stepping ~*~*~tactically~*~*~ (stealth).
 43574 | Depths:3 | 43574 ||| Stepping ~*~*~tactically~*~*~ (stealth).
 43625 | Depths:3 | 43625 ||| Stepping ~*~*~tactically~*~*~ (hiding).
 43628 | Depths:3 | 43628 ||| Stepping ~*~*~tactically~*~*~ (hiding).
 43631 | Depths:3 | 43631 ||| INVOKING Heroism.
 43632 | Depths:3 | 43632 ||| INVOKING Finesse.
 43663 | Depths:3 | 43663 ||| Stepping ~*~*~tactically~*~*~ (hiding).
 43667 | Depths:3 | 43667 ||| Stepping ~*~*~tactically~*~*~ (hiding).
 43668 | Depths:3 | 43668 ||| Stepping ~*~*~tactically~*~*~ (hiding).
 43695 | Depths:3 | Identified the +4 quarterstaff "Ruwk" {drain, Fragile rC+
                  | Dex+4}
 43752 | Depths:3 | Identified the +7 quarterstaff of Compound Interest {flame,
                  | rC+}
 43778 | Depths:3 | 43778 ||| INVOKING Heroism.
 43778 | Depths:3 | Noticed a golden dragon
 43778 | Depths:3 | an iron giant changed into a golden dragon
 43784 | Depths:3 | a golden dragon changed into a fenstrider witch
 43850 | Depths:3 | 43850 ||| Stepping ~*~*~tactically~*~*~ (stealth).
 43852 | Depths:3 | 43852 ||| Stepping ~*~*~tactically~*~*~ (hiding).
 44303 | Depths:3 | Found a portal to a secret trove of treasure.
 44332 | Depths:3 | You are sucked into a shaft and drop 1 floor!
 44332 | Depths:4 | Entered Level 4 of the Depths
 44339 | Depths:4 | 44339 ||| Stepping ~*~*~tactically~*~*~ (hiding).
 44340 | Depths:4 | 44340 ||| INVOKING Heroism.
 44343 | Depths:4 | Reached skill level 21 in Fighting
 44350 | Depths:4 | 44350 ||| INVOKING Finesse.
 44357 | Depths:4 | 44357 ||| Stepping ~*~*~tactically~*~*~ (hiding).
 44376 | Depths:4 | Reached XP level 23. HP: 160/160 MP: 26/30
 44444 | Depths:4 | 44444 ||| INVOKING Heroism.
 44445 | Depths:4 | 44445 ||| INVOKING Finesse.
 44554 | Depths:4 | 44554 ||| DROPPING +1 hat of the Accordion {Drain rN++
                  | Int+4 Stlth+}.
 44555 | Depths:4 | 44555 ||| DROPPING ring of resist corrosion.
 44556 | Depths:4 | 44556 ||| UPGRADING to ring "Muuch" {rPois Will+ rCorr
                  | Int-3 Dex+5}.
 44695 | Depths:4 | 44695 ||| Stepping ~*~*~tactically~*~*~ (hiding).
 44786 | Depths:4 | 44786 ||| INVOKING Heroism.
 44827 | Depths:4 | 44827 ||| INVOKING Heroism.
 44828 | Depths:4 | 44828 ||| INVOKING Finesse.
 44881 | Depths:4 | 44881 ||| FLEEEEING.
 44882 | Depths:4 | 44882 ||| FLEEEEING.
 44883 | Depths:4 | 44883 ||| FLEEEEING.
 44907 | Depths:4 | 44907 ||| Stepping ~*~*~tactically~*~*~ (hiding).
 44914 | Depths:4 | 44914 ||| INVOKING Heroism.
 44993 | Depths:4 | 44993 ||| Stepping ~*~*~tactically~*~*~ (stealth).
 44995 | Depths:4 | 44995 ||| INVOKING Heroism.
 45044 | Depths:4 | 45044 ||| Stepping ~*~*~tactically~*~*~ (hiding).
 45046 | Depths:4 | 45046 ||| Stepping ~*~*~tactically~*~*~ (hiding).
 45074 | Depths:4 | Found a gate to the Realm of Zot.
 45075 | Depths:4 | 45075 ||| INVOKING Heroism.
 45083 | Depths:4 | Received a gift from Okawaru
 45330 | Depths:4 | 45330 ||| Stepping ~*~*~tactically~*~*~ (stealth).
 45344 | Depths:4 | 45344 ||| Stepping ~*~*~tactically~*~*~ (stealth).
 45396 | Depths:4 | Identified the +10 flail of Wyrd {pain, rPois rF+ Will-}
                  | (Okawaru gifted it to you on level 4 of the Depths)
 45396 | Depths:4 | Received a gift from Okawaru
 45610 | Depths:4 | 45610 ||| PLANNING VAULTS:5
 45910 | Vaults:5 | Entered Level 5 of the Vaults
 45911 | Vaults:5 | 45911 ||| INVOKING Heroism.
 45912 | Vaults:5 | 45912 ||| STAIRDANCE
 45932 | Vaults:5 | 45932 ||| INVOKING Finesse.
 45938 | Vaults:5 | Reached skill level 9 in Dodging
 45941 | Vaults:5 | Reached skill level 12 in Throwing
 45952 | Vaults:5 | 45952 ||| STAIRDANCE
 46024 | Vaults:5 | 46024 ||| STAIRDANCE
 46041 | Vaults:5 | 46041 ||| STAIRDANCE
 46043 | Vaults:4 | 46043 ||| INVOKING Heroism.
 46065 | Vaults:5 | Noticed a dread lich
 46066 | Vaults:5 | 46066 ||| STAIRDANCE
 46073 | Vaults:5 | 46073 ||| STAIRDANCE
 46075 | Vaults:4 | 46075 ||| INVOKING Heroism.
 46076 | Vaults:4 | 46076 ||| INVOKING Finesse.
 46112 | Vaults:5 | 46112 ||| STAIRDANCE
 46114 | Vaults:4 | 46114 ||| INVOKING Finesse.
 46121 | Vaults:4 | Killed a dread lich
 46121 | Vaults:4 | Identified the +1 robe of Past Mistakes {Drain rN+ rCorr
                  | Dex+3} (Okawaru gifted it to you on level 4 of the Vaults)
 46121 | Vaults:4 | Received a gift from Okawaru
 46122 | Vaults:4 | Reached skill level 21 in Armour
 46143 | Vaults:5 | 46143 ||| STAIRDANCE
 46147 | Vaults:5 | 46147 ||| INVOKING Heroism.
 46161 | Vaults:5 | 46161 ||| Stepping ~*~*~tactically~*~*~ (hiding).
 46203 | Vaults:5 | 46203 ||| STAIRDANCE
 46244 | Vaults:5 | 46244 ||| STAIRDANCE
 46244 | Vaults:5 | Paralysed by a sphinx for 5 turns
 46249 | Vaults:5 | 46249 ||| INVOKING Heroism.
 46275 | Vaults:5 | 46275 ||| INVOKING Finesse.
 46313 | Vaults:5 | 46313 ||| Stepping ~*~*~tactically~*~*~ (stealth).
 46314 | Vaults:5 | 46314 ||| Stepping ~*~*~tactically~*~*~ (stealth).
 46315 | Vaults:5 | 46315 ||| Stepping ~*~*~tactically~*~*~ (stealth).
 46316 | Vaults:5 | 46316 ||| Stepping ~*~*~tactically~*~*~ (stealth).
 46317 | Vaults:5 | 46317 ||| Stepping ~*~*~tactically~*~*~ (stealth).
 46350 | Vaults:5 | 46350 ||| Stepping ~*~*~tactically~*~*~ (stealth).
 46358 | Vaults:5 | 46358 ||| Stepping ~*~*~tactically~*~*~ (stealth).
 46372 | Vaults:5 | 46372 ||| Stepping ~*~*~tactically~*~*~ (stealth).
 46447 | Vaults:5 | 46447 ||| Stepping ~*~*~tactically~*~*~ (hiding).
 46477 | Vaults:5 | 46477 ||| INVOKING Heroism.
 46494 | Vaults:5 | 46494 ||| Stepping ~*~*~tactically~*~*~ (hiding).
 46496 | Vaults:5 | 46496 ||| Stepping ~*~*~tactically~*~*~ (hiding).
 46504 | Vaults:5 | Reached XP level 24. HP: 168/168 MP: 30/30
 46643 | Vaults:5 | 46643 ||| Stepping ~*~*~tactically~*~*~ (stealth).
 46645 | Vaults:5 | 46645 ||| Stepping ~*~*~tactically~*~*~ (stealth).
 46685 | Vaults:5 | 46685 ||| Stepping ~*~*~tactically~*~*~ (hiding).
 46687 | Vaults:5 | 46687 ||| Stepping ~*~*~tactically~*~*~ (hiding).
 46703 | Vaults:5 | 46703 ||| INVOKING Heroism.
 46726 | Vaults:5 | Identified the +0 ring mail of the Three of Wands {+Blink
                  | Fly Str-5}
 46809 | Vaults:5 | 46809 ||| INVOKING Heroism.
 46824 | Vaults:5 | Got a silver rune of Zot
 46851 | Vaults:5 | Noticed a dread lich
 46852 | Vaults:5 | 46852 ||| Stepping ~*~*~tactically~*~*~ (stealth).
 46853 | Vaults:5 | 46853 ||| INVOKING Heroism.
 46854 | Vaults:5 | 46854 ||| INVOKING Finesse.
 46862 | Vaults:5 | Killed a dread lich
 46985 | Vaults:5 | 46985 ||| INVOKING Heroism.
 46994 | Vaults:5 | 46994 ||| Stepping ~*~*~tactically~*~*~ (hiding).
 46995 | Vaults:5 | 46995 ||| Stepping ~*~*~tactically~*~*~ (hiding).
 46996 | Vaults:5 | 46996 ||| Stepping ~*~*~tactically~*~*~ (hiding).
 47107 | Vaults:5 | 47107 ||| Stepping ~*~*~tactically~*~*~ (stealth).
 47113 | Vaults:5 | 47113 ||| INVOKING Heroism.
 47114 | Vaults:5 | 47114 ||| STAIRDANCE
 47165 | Vaults:5 | 47165 ||| INVOKING Heroism.
 47228 | Vaults:5 | Identified the ring "Doloruzir" {Will+ Str-4 Int+4 Dex+6
                  | SInv}
 47229 | Vaults:5 | 47229 ||| INVOKING Heroism.
 47342 | Vaults:5 | Identified the +7 plate armour of Rops {Rampage rElec rPois
                  | Dex-3}
 47609 | Vaults:5 | 47609 ||| Stepping ~*~*~tactically~*~*~ (hiding).
 47611 | Vaults:5 | 47611 ||| Stepping ~*~*~tactically~*~*~ (hiding).
 47982 | Vaults:5 | 47982 ||| PLANNING SHOPPING SPREE
 48304 | D:9      | 48304 ||| BUYING scroll of enchant armour (105 gold).
 48304 | D:9      | Bought a scroll of enchant armour for 105 gold pieces
 48304 | D:9      | 48304 ||| BUYING scroll of fog (56 gold).
 48304 | D:9      | Bought a scroll of fog for 56 gold pieces
 48304 | D:9      | 48304 ||| BUYING scroll of teleportation (42 gold).
 48304 | D:9      | Bought a scroll of teleportation for 42 gold pieces
 48398 | D:4      | 48398 ||| BUYING 2 potions of might (80 gold).
 48398 | D:4      | Bought 2 potions of might for 80 gold pieces
 48398 | D:4      | 48398 ||| BUYING potion of cancellation (80 gold).
 48398 | D:4      | Bought a potion of cancellation for 80 gold pieces
 48398 | D:4      | 48398 ||| BUYING potion of haste (100 gold).
 48398 | D:4      | Bought a potion of haste for 100 gold pieces
 48398 | D:4      | 48398 ||| BUYING potion of lignification (30 gold).
 48398 | D:4      | Bought a potion of lignification for 30 gold pieces
 48398 | D:4      | 48398 ||| BUYING potion of resistance (100 gold).
 48398 | D:4      | Bought a potion of resistance for 100 gold pieces
 48470 | D:7      | 48470 ||| BUYING potion of attraction (36 gold).
 48470 | D:7      | Bought a potion of attraction for 36 gold pieces
 48470 | D:7      | 48470 ||| BUYING potion of cancellation (96 gold).
 48470 | D:7      | Bought a potion of cancellation for 96 gold pieces
 48470 | D:7      | 48470 ||| BUYING potion of curing (36 gold).
 48470 | D:7      | Bought a potion of curing for 36 gold pieces
 48470 | D:7      | 48470 ||| BUYING potion of resistance (120 gold).
 48470 | D:7      | Bought a potion of resistance for 120 gold pieces
 48767 | Shoals:2 | 48767 ||| BUYING scroll of brand weapon (133 gold).
 48767 | Shoals:2 | Bought a scroll of brand weapon for 133 gold pieces
 48767 | Shoals:2 | 48767 ||| BUYING scroll of enchant weapon (105 gold).
 48767 | Shoals:2 | Bought a scroll of enchant weapon for 105 gold pieces
 48767 | Shoals:2 | 48767 ||| BUYING scroll of teleportation (42 gold).
 48767 | Shoals:2 | Bought a scroll of teleportation for 42 gold pieces
 49300 | Shoals:2 | 49300 ||| BUYING scroll of enchant weapon (142 gold).
 49300 | Shoals:2 | Bought a scroll of enchant weapon for 142 gold pieces
 49300 | Shoals:2 | 49300 ||| BUYING scroll of teleportation (57 gold).
 49300 | Shoals:2 | Bought a scroll of teleportation for 57 gold pieces
 49300 | Shoals:2 | 49300 ||| BUYING scroll of teleportation (57 gold).
 49300 | Shoals:2 | Bought a scroll of teleportation for 57 gold pieces
 49300 | Shoals:2 | 49300 ||| BUYING scroll of teleportation (57 gold).
 49300 | Shoals:2 | Bought a scroll of teleportation for 57 gold pieces
 49345 | Shoals:4 | 49345 ||| BUYING scroll of enchant weapon (82 gold).
 49345 | Shoals:4 | Bought a scroll of enchant weapon for 82 gold pieces
 49922 | Shoals:4 | 49922 ||| BUYING potion of mutation (144 gold).
 49922 | Shoals:4 | Bought a potion of mutation for 144 gold pieces
 49986 | Shoals:2 | 49986 ||| BUYING 2 potions of mutation (336 gold).
 49986 | Shoals:2 | Bought 2 potions of mutation for 336 gold pieces
 49986 | Shoals:2 | 49986 ||| BUYING potion of cancellation (168 gold).
 49986 | Shoals:2 | Bought a potion of cancellation for 168 gold pieces
 50211 | D:7      | 50211 ||| BUYING 2 potions of curing (180 gold).
 50211 | D:7      | Bought 2 potions of curing for 180 gold pieces
 50473 | Orc:1    | 50473 ||| BUYING scroll of enchant weapon (270 gold).
 50473 | Orc:1    | Bought a scroll of enchant weapon for 270 gold pieces
 50473 | Orc:1    | 50473 ||| CLEARING SHOPPING LIST
 50473 | Orc:1    | 50473 ||| PLANNING ZOT
 50473 | Orc:1    | 50473 ||| READING 26 scrolls of teleportation.
 50781 | Zot:1    | Entered Level 1 of the Realm of Zot
 50784 | Zot:1    | 50784 ||| INVOKING Heroism.
 50803 | Zot:1    | 50803 ||| Stepping ~*~*~tactically~*~*~ (hiding).
 50804 | Zot:1    | 50804 ||| Stepping ~*~*~tactically~*~*~ (hiding).
 50805 | Zot:1    | 50805 ||| Stepping ~*~*~tactically~*~*~ (hiding).
 50814 | Zot:1    | Received a gift from Okawaru
 50925 | Zot:1    | 50925 ||| Stepping ~*~*~tactically~*~*~ (hiding).
 50926 | Zot:1    | 50926 ||| Stepping ~*~*~tactically~*~*~ (hiding).
 50928 | Zot:1    | 50928 ||| Stepping ~*~*~tactically~*~*~ (hiding).
 50929 | Zot:1    | 50929 ||| Stepping ~*~*~tactically~*~*~ (hiding).
 50934 | Zot:1    | 50934 ||| INVOKING Heroism.
 51073 | Zot:1    | You are sucked into a shaft and drop 1 floor!
 51078 | Zot:2    | 51078 ||| Stepping ~*~*~tactically~*~*~ (hiding).
 51079 | Zot:2    | 51079 ||| Stepping ~*~*~tactically~*~*~ (hiding).
 51080 | Zot:2    | 51080 ||| Stepping ~*~*~tactically~*~*~ (hiding).
 51087 | Zot:2    | Noticed a curse toe
 51088 | Zot:2    | 51088 ||| INVOKING Heroism.
 51106 | Zot:2    | Killed a curse toe
 51201 | Zot:1    | 51201 ||| Stepping ~*~*~tactically~*~*~ (hiding).
 51208 | Zot:1    | 51208 ||| INVOKING Heroism.
 51288 | Zot:1    | Noticed an orb of fire
 51289 | Zot:1    | 51289 ||| DRINKING 7 potions of resistance.
 51290 | Zot:1    | 51290 ||| INVOKING Heroism.
 51291 | Zot:1    | 51291 ||| DRINKING 6 potions of resistance.
 51292 | Zot:1    | 51292 ||| INVOKING Finesse.
 51305 | Zot:1    | Killed an orb of fire
 51321 | Zot:1    | Received a gift from Okawaru
 51337 | Zot:1    | 51337 ||| Stepping ~*~*~tactically~*~*~ (hiding).
 51338 | Zot:1    | 51338 ||| Stepping ~*~*~tactically~*~*~ (hiding).
 51340 | Zot:1    | 51340 ||| Stepping ~*~*~tactically~*~*~ (hiding).
 51342 | Zot:1    | 51342 ||| Stepping ~*~*~tactically~*~*~ (hiding).
 51423 | Zot:1    | 51423 ||| Stepping ~*~*~tactically~*~*~ (hiding).
 51426 | Zot:1    | 51426 ||| INVOKING Heroism.
 51556 | Zot:1    | 51556 ||| INVOKING Heroism.
 51759 | Zot:2    | 51759 ||| STAIRDANCE
 51872 | Zot:2    | 51872 ||| Stepping ~*~*~tactically~*~*~ (stealth).
 51873 | Zot:2    | 51873 ||| Stepping ~*~*~tactically~*~*~ (stealth).
 51880 | Zot:2    | 51880 ||| INVOKING Heroism.
 51880 | Zot:2    | Found a transporter.
 51910 | Zot:2    | 51910 ||| INVOKING Heroism.
 51995 | Zot:2    | 51995 ||| Stepping ~*~*~tactically~*~*~ (stealth).
 51996 | Zot:2    | 51996 ||| Stepping ~*~*~tactically~*~*~ (stealth).
 51997 | Zot:2    | 51997 ||| Stepping ~*~*~tactically~*~*~ (stealth).
 52005 | Zot:2    | Found a transporter.
 52014 | Zot:2    | 52014 ||| Stepping ~*~*~tactically~*~*~ (hiding).
 52017 | Zot:2    | 52017 ||| INVOKING Heroism.
 52030 | Zot:2    | Reached XP level 25. HP: 171/176 MP: 30/30
 52031 | Zot:2    | Received a gift from Okawaru
 52049 | Zot:2    | Found a transporter.
 52138 | Zot:2    | Noticed an orb of fire
 52139 | Zot:2    | 52139 ||| Stepping ~*~*~tactically~*~*~ (hiding).
 52141 | Zot:2    | 52141 ||| Stepping ~*~*~tactically~*~*~ (hiding).
 52142 | Zot:2    | 52142 ||| DRINKING 5 potions of resistance.
 52143 | Zot:2    | 52143 ||| INVOKING Heroism.
 52144 | Zot:2    | 52144 ||| INVOKING Finesse.
 52155 | Zot:2    | Killed an orb of fire
 52155 | Zot:2    | Received a gift from Okawaru
 52281 | Zot:2    | Found a transporter.
 52446 | Zot:3    | 52446 ||| STAIRDANCE
 52463 | Zot:3    | 52463 ||| STAIRDANCE
 52482 | Zot:3    | 52482 ||| STAIRDANCE
 52484 | Zot:2    | 52484 ||| INVOKING Heroism.
 52511 | Zot:3    | 52511 ||| STAIRDANCE
 52513 | Zot:2    | 52513 ||| INVOKING Heroism.
 52517 | Zot:2    | Received a gift from Okawaru
 52529 | Zot:3    | 52529 ||| STAIRDANCE
 52561 | Zot:3    | 52561 ||| STAIRDANCE
 52621 | Zot:3    | Noticed an orb of fire
 52622 | Zot:3    | Gained mutation: You sometimes lose your temper in combat.
                  | [an orb of fire]
 52623 | Zot:3    | 52623 ||| DRINKING 4 potions of resistance.
 52624 | Zot:3    | 52624 ||| INVOKING Heroism.
 52625 | Zot:3    | 52625 ||| INVOKING Finesse.
 52640 | Zot:3    | Gained mutation: You occasionally lose the ability to drink
                  | potions when taking damage. [an orb of fire]
 52647 | Zot:3    | Gained mutation: You are frail. (-10% HP) [an orb of fire]
 52648 | Zot:3    | Killed an orb of fire
 52649 | Zot:3    | Reached skill level 24 in Fighting
 52667 | Zot:3    | 52667 ||| Stepping ~*~*~tactically~*~*~ (hiding).
 52677 | Zot:3    | Received a gift from Okawaru
 52704 | Zot:3    | 52704 ||| DRINKING 13 potions of mutation.
 52704 | Zot:3    | Lost mutation: You sometimes lose your temper in combat.
                  | [potion of mutation]
 52704 | Zot:3    | Lost mutation: You occasionally lose the ability to drink
                  | potions when taking damage. [potion of mutation]
 52704 | Zot:3    | Gained mutation: You are agile. (Dex +4, Str/Int -1)
                  | [potion of mutation]
 52705 | Zot:3    | 52705 ||| DRINKING 12 potions of mutation.
 52705 | Zot:3    | Lost mutation: You are frail. (-10% HP) [potion of
                  | mutation]
 52705 | Zot:3    | Lost mutation: You are agile. (Dex +4, Str/Int -1) [potion
                  | of mutation]
 52705 | Zot:3    | Gained mutation: You are clumsy. (Dex -2) [potion of
                  | mutation]
 52705 | Zot:3    | Gained mutation: You have large cloven feet. [potion of
                  | mutation]
 52734 | Zot:3    | 52734 ||| Stepping ~*~*~tactically~*~*~ (stealth).
 52808 | Zot:3    | 52808 ||| Stepping ~*~*~tactically~*~*~ (hiding).
 52828 | Zot:3    | 52828 ||| Stepping ~*~*~tactically~*~*~ (hiding).
 52838 | Zot:3    | 52838 ||| INVOKING Heroism.
 52863 | Zot:3    | 52863 ||| Stepping ~*~*~tactically~*~*~ (stealth).
 52864 | Zot:3    | 52864 ||| Stepping ~*~*~tactically~*~*~ (stealth).
 52894 | Zot:3    | 52894 ||| Stepping ~*~*~tactically~*~*~ (stealth).
 52895 | Zot:3    | 52895 ||| Stepping ~*~*~tactically~*~*~ (stealth).
 52897 | Zot:3    | 52897 ||| Stepping ~*~*~tactically~*~*~ (hiding).
 52988 | Zot:3    | Identified the ring "Nuoh" {Fly rElec Dex-5 Slay+2}
 53075 | Zot:3    | 53075 ||| INVOKING Heroism.
 53087 | Zot:3    | Received a gift from Okawaru
 53388 | Zot:3    | 53388 ||| DROPPING ring "Nuoh" {Fly rElec Dex-5 Slay+2}.
 53441 | Zot:4    | 53441 ||| Stepping ~*~*~tactically~*~*~ (hiding).
 53655 | Zot:4    | 53655 ||| Stepping ~*~*~tactically~*~*~ (hiding).
 53660 | Zot:4    | 53660 ||| INVOKING Heroism.
 53725 | Zot:4    | 53725 ||| INVOKING Heroism.
 53728 | Zot:4    | Received a gift from Okawaru
 53742 | Zot:4    | 53742 ||| Stepping ~*~*~tactically~*~*~ (hiding).
 53746 | Zot:4    | 53746 ||| Stepping ~*~*~tactically~*~*~ (hiding).
 53747 | Zot:4    | 53747 ||| Stepping ~*~*~tactically~*~*~ (hiding).
 53748 | Zot:4    | 53748 ||| Stepping ~*~*~tactically~*~*~ (hiding).
 53798 | Zot:4    | Identified the +0 ring mail "Vemosix" {Rampage}
 53813 | Zot:4    | 53813 ||| Stepping ~*~*~tactically~*~*~ (hiding).
 53816 | Zot:4    | 53816 ||| INVOKING Heroism.
 53964 | Zot:4    | 53964 ||| Stepping ~*~*~tactically~*~*~ (hiding).
 53972 | Zot:4    | 53972 ||| INVOKING Heroism.
 54583 | Zot:5    | Entered Level 5 of the Realm of Zot
 54591 | Zot:5    | Identified the +1 plate armour "Hueda" {rN+ Stlth+}
                  | (Okawaru gifted it to you on level 5 of the Realm of Zot)
 54591 | Zot:5    | Received a gift from Okawaru
 54696 | Zot:5    | 54696 ||| FLEEEEING.
 54697 | Zot:5    | 54697 ||| FLEEEEING.
 54698 | Zot:5    | 54698 ||| FLEEEEING.
 54699 | Zot:5    | 54699 ||| FLEEEEING.
 54700 | Zot:5    | 54700 ||| STAIRDANCE
 54806 | Zot:5    | 54806 ||| STAIRDANCE
 54808 | Zot:4    | 54808 ||| INVOKING Heroism.
 54821 | Zot:5    | 54821 ||| STAIRDANCE
 54851 | Zot:5    | Noticed a dread lich
 54856 | Zot:5    | 54856 ||| INVOKING Finesse.
 54859 | Zot:5    | 54859 ||| INVOKING Heroism.
 54883 | Zot:5    | Noticed a dread lich
 54889 | Zot:5    | Paralysed by a dread lich for 3 turns
 54897 | Zot:5    | Killed a dread lich
 54904 | Zot:5    | Killed a dread lich
 54905 | Zot:5    | Reached skill level 15 in Throwing
 54908 | Zot:5    | 54908 ||| Stepping ~*~*~tactically~*~*~ (hiding).
 54965 | Zot:5    | 54965 ||| Stepping ~*~*~tactically~*~*~ (hiding).
 55099 | Zot:5    | Reached XP level 26. HP: 183/184 MP: 30/30
 55129 | Zot:5    | Noticed an ancient lich
 55129 | Zot:5    | Noticed a Killer Klown
 55130 | Zot:5    | 55130 ||| INVOKING Heroism.
 55131 | Zot:5    | Noticed an orb of fire
 55131 | Zot:5    | 55131 ||| DRINKING 3 potions of resistance.
 55132 | Zot:5    | 55132 ||| INVOKING Finesse.
 55132 | Zot:5    | Noticed a Killer Klown
 55147 | Zot:5    | Gained mutation: You are frail. (-10% HP) [an orb of fire]
 55152 | Zot:5    | Gained mutation: You occasionally lose the ability to read
                  | scrolls when taking damage. [an orb of fire]
 55154 | Zot:5    | Killed an ancient lich
 55162 | Zot:5    | Gained mutation: Armour fits poorly on your strangely
                  | shaped body. [an orb of fire]
 55164 | Zot:5    | Killed an orb of fire
 55165 | Zot:5    | Killed a Killer Klown
 55173 | Zot:5    | Killed a Killer Klown
 55230 | Zot:5    | 55230 ||| DRINKING 12 potions of mutation.
 55230 | Zot:5    | Lost mutation: You occasionally lose the ability to read
                  | scrolls when taking damage. [potion of mutation]
 55230 | Zot:5    | Lost mutation: Armour fits poorly on your strangely shaped
                  | body. [potion of mutation]
 55230 | Zot:5    | Gained mutation: You do not regenerate when monsters are
                  | visible. [potion of mutation]
 55230 | Zot:5    | Gained mutation: You have hidden genetic defects. [potion
                  | of mutation]
 55231 | Zot:5    | 55231 ||| DRINKING 11 potions of mutation.
 55231 | Zot:5    | Lost mutation: You have large cloven feet. [potion of
                  | mutation]
 55231 | Zot:5    | Lost mutation: You are frail. (-10% HP) [potion of
                  | mutation]
 55231 | Zot:5    | Lost mutation: You have hidden genetic defects. [potion of
                  | mutation]
 55231 | Zot:5    | Gained mutation: Your spells are a little easier to cast,
                  | but a little less powerful. [potion of mutation]
 55231 | Zot:5    | Gained mutation: You are somewhat resistant to further
                  | mutation. [potion of mutation]
 55247 | Zot:5    | 55247 ||| DRINKING 10 potions of mutation.
 55247 | Zot:5    | Lost mutation: Your spells are a little easier to cast, but
                  | a little less powerful. [potion of mutation]
 55247 | Zot:5    | Lost mutation: You do not regenerate when monsters are
                  | visible. [potion of mutation]
 55247 | Zot:5    | Gained mutation: You are strong-willed. (Will+) [potion of
                  | mutation]
 55247 | Zot:5    | Gained mutation: You have large cloven feet. [potion of
                  | mutation]
 55274 | Zot:5    | 55274 ||| Stepping ~*~*~tactically~*~*~ (stealth).
 55276 | Zot:5    | 55276 ||| INVOKING Heroism.
 55287 | Zot:5    | Received a gift from Okawaru
 55356 | Zot:5    | Noticed a dread lich
 55357 | Zot:5    | 55357 ||| INVOKING Heroism.
 55358 | Zot:5    | 55358 ||| INVOKING Finesse.
 55363 | Zot:5    | Killed a dread lich
 55363 | Zot:5    | Noticed an orb of fire
 55364 | Zot:5    | 55364 ||| DRINKING 2 potions of resistance.
 55384 | Zot:5    | Noticed a dread lich
 55391 | Zot:5    | Killed an orb of fire
 55396 | Zot:5    | Killed a dread lich
 55437 | Zot:5    | 55437 ||| INVOKING Heroism.
 55449 | Zot:5    | Noticed a Killer Klown
 55450 | Zot:5    | 55450 ||| INVOKING Finesse.
 55456 | Zot:5    | Noticed an ancient lich
 55456 | Zot:5    | Noticed an orb of fire
 55457 | Zot:5    | 55457 ||| DRINKING potion of resistance.
 55457 | Zot:5    | Gained mutation: Your spells are a little easier to cast,
                  | but a little less powerful. [an orb of fire]
 55465 | Zot:5    | Killed an ancient lich
 55465 | Zot:5    | HP: 47/192 [orb of fire/bolt of fire (25)]
 55466 | Zot:5    | 55466 ||| READING 26 scrolls of teleportation.
 55467 | Zot:5    | 55467 ||| DRINKING 9 potions of heal wounds.
 55476 | Zot:5    | Killed an orb of fire
 55656 | Zot:5    | 55656 ||| INVOKING Heroism.
 55657 | Zot:5    | 55657 ||| INVOKING Finesse.
 55665 | Zot:5    | Killed a Killer Klown
 56036 | Zot:5    | 56036 ||| PLANNING CONVERSION TO THE SHINING ONE
 56217 | Depths:3 | Fell from the grace of Okawaru
 56217 | Depths:3 | Became a worshipper of the Shining One
 56218 | Depths:3 | 56218 ||| PLANNING CRYPT
 56218 | Depths:3 | 56218 ||| SWAPPING to +8 broad axe of Hairy Tender Mercy
                  | {antimagic, rPois Str+5 Int-5}.
 56219 | Depths:3 | 56219 ||| DROPPING +11 broad axe of Massacring {drain,
                  | Int+2 SInv}.
 56325 | Depths:3 | 56325 ||| DROPPING +0 war axe.
 56326 | Depths:3 | 56326 ||| DROPPING +2 war axe.
 56327 | Depths:3 | 56327 ||| UPGRADING to ring "Doloruzir" {Will+ Str-4 Int+4
                  | Dex+6 SInv}.
 56329 | Depths:3 | 56329 ||| UPGRADING to ring "Muuch" {rPois Will+ rCorr
                  | Int-3 Dex+5}.
 56584 | Crypt:1  | Entered Level 1 of the Crypt
 56694 | Crypt:1  | 56694 ||| Stepping ~*~*~tactically~*~*~ (stealth).
 56695 | Crypt:1  | 56695 ||| Stepping ~*~*~tactically~*~*~ (stealth).
 56696 | Crypt:1  | 56696 ||| Stepping ~*~*~tactically~*~*~ (stealth).
 56697 | Crypt:1  | 56697 ||| Stepping ~*~*~tactically~*~*~ (stealth).
 56699 | Crypt:1  | 56699 ||| Stepping ~*~*~tactically~*~*~ (stealth).
 56714 | Crypt:1  | Reached * piety under the Shining One
 56734 | Crypt:1  | 56734 ||| Stepping ~*~*~tactically~*~*~ (stealth).
 56736 | Crypt:1  | 56736 ||| Stepping ~*~*~tactically~*~*~ (stealth).
 56750 | Crypt:1  | 56750 ||| Stepping ~*~*~tactically~*~*~ (stealth).
 56818 | Crypt:1  | 56818 ||| Stepping ~*~*~tactically~*~*~ (stealth).
 56819 | Crypt:1  | 56819 ||| Stepping ~*~*~tactically~*~*~ (stealth).
 56888 | Crypt:1  | Noticed Khufu
 56889 | Crypt:1  | Noticed a royal mummy
 56903 | Crypt:1  | Killed a royal mummy
 56903 | Crypt:1  | Reached ** piety under the Shining One
 56913 | Crypt:1  | Killed Khufu
 56914 | Crypt:1  | Reached skill level 12 in Invocations
 57067 | Crypt:1  | 57067 ||| Stepping ~*~*~tactically~*~*~ (hiding).
 57068 | Crypt:1  | 57068 ||| Stepping ~*~*~tactically~*~*~ (hiding).
 57069 | Crypt:1  | 57069 ||| Stepping ~*~*~tactically~*~*~ (hiding).
 57146 | Crypt:1  | 57146 ||| Stepping ~*~*~tactically~*~*~ (hiding).
 57152 | Crypt:1  | 57152 ||| Stepping ~*~*~tactically~*~*~ (hiding).
 57224 | Crypt:1  | 57224 ||| Stepping ~*~*~tactically~*~*~ (stealth).
 57248 | Crypt:1  | 57248 ||| Stepping ~*~*~tactically~*~*~ (stealth).
 57249 | Crypt:1  | 57249 ||| Stepping ~*~*~tactically~*~*~ (stealth).
 57366 | Crypt:1  | Reached *** piety under the Shining One
 57366 | Crypt:1  | Noticed Margery
 57367 | Crypt:1  | 57367 ||| Stepping ~*~*~tactically~*~*~ (hiding).
 57386 | Crypt:1  | Killed Margery
 57496 | Crypt:1  | 57496 ||| Stepping ~*~*~tactically~*~*~ (hiding).
 57602 | Crypt:1  | 57602 ||| Stepping ~*~*~tactically~*~*~ (stealth).
 57604 | Crypt:1  | 57604 ||| Stepping ~*~*~tactically~*~*~ (stealth).
 57667 | Crypt:1  | 57667 ||| DROPPING +4 plate armour of Hohima {Will++ Regen+
                  | Int-2 SInv}.
 57693 | Crypt:2  | 57693 ||| Stepping ~*~*~tactically~*~*~ (stealth).
 57744 | Crypt:2  | Reached **** piety under the Shining One
 57745 | Crypt:2  | 57745 ||| Stepping ~*~*~tactically~*~*~ (hiding).
 57778 | Crypt:2  | 57778 ||| Stepping ~*~*~tactically~*~*~ (stealth).
 57789 | Crypt:2  | 57789 ||| Stepping ~*~*~tactically~*~*~ (hiding).
 57845 | Crypt:2  | 57845 ||| Stepping ~*~*~tactically~*~*~ (stealth).
 57857 | Crypt:2  | 57857 ||| Stepping ~*~*~tactically~*~*~ (stealth).
 57860 | Crypt:2  | 57860 ||| Stepping ~*~*~tactically~*~*~ (hiding).
 57873 | Crypt:2  | 57873 ||| Stepping ~*~*~tactically~*~*~ (hiding).
 57885 | Crypt:2  | Reached ***** piety under the Shining One
 58042 | Crypt:2  | 58042 ||| Stepping ~*~*~tactically~*~*~ (hiding).
 58052 | Crypt:2  | 58052 ||| Stepping ~*~*~tactically~*~*~ (hiding).
 58266 | Crypt:2  | 58266 ||| Stepping ~*~*~tactically~*~*~ (hiding).
 58334 | Crypt:2  | 58334 ||| Stepping ~*~*~tactically~*~*~ (hiding).
 58357 | Crypt:2  | 58357 ||| Stepping ~*~*~tactically~*~*~ (hiding).
 58359 | Crypt:2  | 58359 ||| Stepping ~*~*~tactically~*~*~ (hiding).
 58423 | Crypt:2  | Reached XP level 27. HP: 197/197 MP: 11/34
 58430 | Crypt:2  | Reached skill level 15 in Invocations
 58650 | Crypt:2  | Found a basalt altar of Yredelemnul.
 58673 | Crypt:2  | 58673 ||| Stepping ~*~*~tactically~*~*~ (hiding).
 58779 | Crypt:3  | Entered Level 3 of the Crypt
 58786 | Crypt:3  | 58786 ||| Stepping ~*~*~tactically~*~*~ (stealth).
 58792 | Crypt:3  | 58792 ||| Stepping ~*~*~tactically~*~*~ (stealth).
 58793 | Crypt:3  | Reached ****** piety under the Shining One
 58830 | Crypt:3  | 58830 ||| INVOKING Cleansing Flame.
 58831 | Crypt:3  | 58831 ||| INVOKING Cleansing Flame.
 58840 | Crypt:3  | 58840 ||| DRINKING potion of magic.
 58841 | Crypt:3  | 58841 ||| INVOKING Cleansing Flame.
 58843 | Crypt:3  | 58843 ||| INVOKING Cleansing Flame.
 58856 | Crypt:3  | 58856 ||| INVOKING Cleansing Flame.
 58863 | Crypt:3  | 58863 ||| FLEEEEING.
 58864 | Crypt:3  | 58864 ||| FLEEEEING.
 58865 | Crypt:3  | 58865 ||| FLEEEEING.
 58866 | Crypt:3  | 58866 ||| FLEEEEING.
 58867 | Crypt:3  | 58867 ||| FLEEEEING.
 58868 | Crypt:3  | 58868 ||| FLEEEEING.
 58869 | Crypt:3  | 58869 ||| STAIRDANCE
 58891 | Crypt:2  | 58891 ||| INVOKING Brand Weapon With Holy Wrath.
 58891 | Crypt:2  | Identified a +2 broad axe of holy wrath (a +0 broad axe
                  | blessed by the Shining One)
 58891 | Crypt:2  | Received a gift from the Shining One
 58894 | Crypt:3  | 58894 ||| STAIRDANCE
 58971 | Crypt:3  | 58971 ||| INVOKING Summon Divine Warrior.
 59103 | Crypt:3  | Identified the +9 flail "Enguceco" {speed, *Corrode rN+
                  | Dex+2 SInv}
 59237 | Crypt:3  | Noticed a dread lich
 59249 | Crypt:3  | Killed a dread lich
 59356 | Crypt:3  | Identified the ring "Ygatzen" {*Corrode rElec Will+ Int+5}
 59359 | Crypt:3  | Identified the amulet of Poz Simy {rN+ Regen+ rCorr}
 59359 | Crypt:3  | Identified the ring "Tuotisum" {rN+ Str+2}
 59359 | Crypt:3  | Identified the ring "Xihei" {rPois rN+ Dex+5}
 59363 | Crypt:3  | Identified the +7 short sword "Etribem" {vorpal, Str+3
                  | Dex+4}
 59364 | Crypt:3  | Identified the ring of Paranoia {rPois rN+ Will+ Dex+5}
 59367 | Crypt:3  | Identified the +7 dagger "Herelit" {drain, rC+ Int-2 Dex+4}
 59434 | Crypt:3  | Found a staircase to the Tomb.
 59661 | Crypt:3  | 59661 ||| PLANNING TOMB
 59661 | Crypt:3  | 59661 ||| SWAPPING to +2 broad axe of holy wrath.
 59662 | Crypt:3  | 59662 ||| READING 13 scrolls of enchant weapon.
 59662 | Crypt:3  | 59662 ||| ENCHANTING +2 broad axe of holy wrath.
 59663 | Crypt:3  | 59663 ||| READING 12 scrolls of enchant weapon.
 59663 | Crypt:3  | 59663 ||| ENCHANTING +3 broad axe of holy wrath.
 59664 | Crypt:3  | 59664 ||| READING 11 scrolls of enchant weapon.
 59664 | Crypt:3  | 59664 ||| ENCHANTING +4 broad axe of holy wrath.
 59665 | Crypt:3  | 59665 ||| READING 10 scrolls of enchant weapon.
 59665 | Crypt:3  | 59665 ||| ENCHANTING +5 broad axe of holy wrath.
 59666 | Crypt:3  | 59666 ||| READING 9 scrolls of enchant weapon.
 59666 | Crypt:3  | 59666 ||| ENCHANTING +6 broad axe of holy wrath.
 59667 | Crypt:3  | 59667 ||| READING 8 scrolls of enchant weapon.
 59667 | Crypt:3  | 59667 ||| ENCHANTING +7 broad axe of holy wrath.
 59668 | Crypt:3  | 59668 ||| READING 7 scrolls of enchant weapon.
 59668 | Crypt:3  | 59668 ||| ENCHANTING +8 broad axe of holy wrath.
 59759 | Crypt:3  | 59759 ||| DROPPING amulet of magic regeneration.
 59760 | Crypt:3  | 59760 ||| DROPPING amulet of the acrobat.
 59761 | Crypt:3  | 59761 ||| DROPPING ring "Ygatzen" {*Corrode rElec Will+
                  | Int+5}.
 59762 | Crypt:3  | 59762 ||| DROPPING ring "Tuotisum" {rN+ Str+2}.
 59763 | Crypt:3  | 59763 ||| UPGRADING to ring of protection from cold.
 59765 | Crypt:3  | 59765 ||| UPGRADING to +4 ring of protection.
 59767 | Crypt:3  | 59767 ||| DROPPING ring "Doloruzir" {Will+ Str-4 Int+4
                  | Dex+6 SInv}.
 59768 | Crypt:3  | 59768 ||| DROPPING ring "Xihei" {rPois rN+ Dex+5}.
 59769 | Crypt:3  | 59769 ||| DROPPING ring of Paranoia {rPois rN+ Will+
                  | Dex+5}.
 59879 | Crypt:3  | 59879 ||| INVOKING Summon Divine Warrior.
 60028 | Tomb:1   | Entered Level 1 of the Tomb of the Ancients
 60117 | Tomb:1   | 60117 ||| INVOKING Summon Divine Warrior.
 60260 | Tomb:1   | 60260 ||| INVOKING Cleansing Flame.
 60350 | Tomb:1   | 60350 ||| INVOKING Cleansing Flame.
 60352 | Tomb:1   | 60352 ||| INVOKING Summon Divine Warrior.
 60356 | Tomb:1   | 60356 ||| INVOKING Cleansing Flame.
 60434 | Tomb:1   | Noticed a royal mummy
 60436 | Tomb:1   | Noticed a royal mummy
 60442 | Tomb:1   | Killed a royal mummy
 60450 | Tomb:1   | 60450 ||| INVOKING Summon Divine Warrior.
 60451 | Tomb:1   | 60451 ||| INVOKING Cleansing Flame.
 60452 | Tomb:1   | 60452 ||| INVOKING Cleansing Flame.
 60452 | Tomb:1   | Killed a royal mummy
 60452 | Tomb:1   | Noticed a royal mummy
 60459 | Tomb:1   | Killed a royal mummy
 60492 | Tomb:1   | 60492 ||| Stepping ~*~*~tactically~*~*~ (hiding).
 60494 | Tomb:1   | 60494 ||| Stepping ~*~*~tactically~*~*~ (hiding).
 60530 | Tomb:1   | Reached skill level 18 in Invocations
 60549 | Tomb:1   | 60549 ||| INVOKING Summon Divine Warrior.
 60554 | Tomb:1   | 60554 ||| INVOKING Cleansing Flame.
 60555 | Tomb:1   | 60555 ||| INVOKING Cleansing Flame.
 60556 | Tomb:1   | 60556 ||| INVOKING Cleansing Flame.
 60660 | Tomb:1   | 60660 ||| Stepping ~*~*~tactically~*~*~ (stealth).
 60662 | Tomb:1   | 60662 ||| Stepping ~*~*~tactically~*~*~ (hiding).
 60692 | Tomb:1   | 60692 ||| INVOKING Summon Divine Warrior.
 60696 | Tomb:1   | 60696 ||| INVOKING Cleansing Flame.
 60697 | Tomb:1   | 60697 ||| INVOKING Cleansing Flame.
 60698 | Tomb:1   | 60698 ||| Stepping ~*~*~tactically~*~*~ (cloud).
 60766 | Tomb:1   | Was forgiven by Okawaru
 60970 | Tomb:1   | 60970 ||| Stepping ~*~*~tactically~*~*~ (stealth).
 60977 | Tomb:1   | 60977 ||| Stepping ~*~*~tactically~*~*~ (stealth).
 60978 | Tomb:1   | 60978 ||| Stepping ~*~*~tactically~*~*~ (stealth).
 61277 | Tomb:1   | 61277 ||| DROPPING 10 silver boomerangs.
 61278 | Tomb:1   | 61278 ||| DROPPING 29 boomerangs.
 61279 | Tomb:1   | 61279 ||| DROPPING 6 boomerangs of dispersal.
 61394 | Tomb:2   | Noticed a royal mummy
 61395 | Tomb:2   | 61395 ||| DRINKING 12 potions of haste.
 61396 | Tomb:2   | 61396 ||| DRINKING 10 potions of attraction.
 61397 | Tomb:2   | 61397 ||| INVOKING Cleansing Flame.
 61398 | Tomb:2   | 61398 ||| INVOKING Summon Divine Warrior.
 61398 | Tomb:2   | Noticed a royal mummy
 61399 | Tomb:2   | 61399 ||| INVOKING Cleansing Flame.
 61401 | Tomb:2   | Noticed a royal mummy
 61403 | Tomb:2   | 61403 ||| INVOKING Cleansing Flame.
 61406 | Tomb:2   | Killed a royal mummy
 61407 | Tomb:2   | 61407 ||| INVOKING Cleansing Flame.
 61407 | Tomb:2   | Noticed a royal mummy
 61407 | Tomb:2   | Killed a royal mummy
 61409 | Tomb:2   | 61409 ||| INVOKING Cleansing Flame.
 61410 | Tomb:2   | 61410 ||| INVOKING Cleansing Flame.
 61410 | Tomb:2   | Killed a royal mummy
 61413 | Tomb:2   | Killed a royal mummy
 61415 | Tomb:2   | Gained mutation: Your magical capacity is low. (-10% MP)
                  | [mutagenic glow]
 61420 | Tomb:2   | Noticed a royal mummy
 61422 | Tomb:2   | 61422 ||| INVOKING Cleansing Flame.
 61425 | Tomb:2   | Killed a royal mummy
 61426 | Tomb:2   | 61426 ||| INVOKING Cleansing Flame.
 61429 | Tomb:2   | 61429 ||| INVOKING Cleansing Flame.
 61713 | Tomb:2   | 61713 ||| READING 31 scrolls of teleportation.
 61841 | Tomb:1   | Noticed a royal mummy
 61841 | Tomb:1   | Noticed a royal mummy
 61842 | Tomb:1   | 61842 ||| INVOKING Summon Divine Warrior.
 61842 | Tomb:1   | Noticed a royal mummy
 61848 | Tomb:1   | Noticed a royal mummy
 61849 | Tomb:1   | Killed a royal mummy
 61853 | Tomb:1   | Reached skill level 21 in Invocations
 61854 | Tomb:1   | Noticed a royal mummy
 61866 | Tomb:1   | 61866 ||| INVOKING Cleansing Flame.
 61869 | Tomb:1   | HP: 48/197 [??? (9)]
 61870 | Tomb:1   | 61870 ||| READING 30 scrolls of teleportation.
 61871 | Tomb:1   | 61871 ||| DRINKING 8 potions of heal wounds.
 62042 | Tomb:1   | 62042 ||| INVOKING Summon Divine Warrior.
 62044 | Tomb:1   | 62044 ||| INVOKING Cleansing Flame.
 62044 | Tomb:1   | Noticed a royal mummy
 62046 | Tomb:1   | Killed a royal mummy
 62047 | Tomb:1   | 62047 ||| INVOKING Cleansing Flame.
 62048 | Tomb:1   | 62048 ||| INVOKING Cleansing Flame.
 62050 | Tomb:1   | Killed a royal mummy
 62056 | Tomb:1   | Killed a royal mummy
 62057 | Tomb:1   | 62057 ||| INVOKING Cleansing Flame.
 62060 | Tomb:1   | Killed a royal mummy
 62071 | Tomb:1   | Noticed a royal mummy
 62072 | Tomb:1   | 62072 ||| INVOKING Cleansing Flame.
 62073 | Tomb:1   | 62073 ||| INVOKING Cleansing Flame.
 62074 | Tomb:1   | 62074 ||| INVOKING Cleansing Flame.
 62075 | Tomb:1   | 62075 ||| INVOKING Cleansing Flame.
 62079 | Tomb:1   | Noticed a royal mummy
 62084 | Tomb:1   | Killed a royal mummy
 62085 | Tomb:1   | 62085 ||| INVOKING Cleansing Flame.
 62087 | Tomb:1   | HP: 49/197 [royal mummy/divine providence (14)]
 62088 | Tomb:1   | 62088 ||| READING 29 scrolls of teleportation.
 62089 | Tomb:1   | 62089 ||| DRINKING 7 potions of heal wounds.
 62092 | Tomb:1   | 62092 ||| DRINKING 6 potions of heal wounds.
 62177 | Tomb:1   | 62177 ||| INVOKING Summon Divine Warrior.
 62180 | Tomb:1   | 62180 ||| INVOKING Cleansing Flame.
 62182 | Tomb:1   | Killed a royal mummy
 62202 | Tomb:1   | Killed a royal mummy
 62268 | Tomb:1   | Noticed a royal mummy
 62269 | Tomb:1   | 62269 ||| INVOKING Summon Divine Warrior.
 62271 | Tomb:1   | 62271 ||| INVOKING Summon Divine Warrior.
 62275 | Tomb:1   | Killed a royal mummy
 62389 | Tomb:1   | Noticed a royal mummy
 62392 | Tomb:1   | 62392 ||| INVOKING Cleansing Flame.
 62395 | Tomb:1   | Noticed a royal mummy
 62398 | Tomb:1   | Killed a royal mummy
 62399 | Tomb:1   | 62399 ||| INVOKING Cleansing Flame.
 62401 | Tomb:1   | Killed a royal mummy
 62405 | Tomb:1   | 62405 ||| INVOKING Cleansing Flame.
 62414 | Tomb:1   | Noticed a royal mummy
 62416 | Tomb:1   | 62416 ||| INVOKING Cleansing Flame.
 62417 | Tomb:1   | 62417 ||| INVOKING Cleansing Flame.
 62418 | Tomb:1   | Noticed a royal mummy
 62419 | Tomb:1   | Killed a royal mummy
 62423 | Tomb:1   | Killed a royal mummy
 62445 | Tomb:1   | Noticed a royal mummy
 62446 | Tomb:1   | 62446 ||| INVOKING Cleansing Flame.
 62447 | Tomb:1   | 62447 ||| INVOKING Cleansing Flame.
 62448 | Tomb:1   | 62448 ||| INVOKING Cleansing Flame.
 62449 | Tomb:1   | 62449 ||| INVOKING Cleansing Flame.
 62450 | Tomb:1   | Killed a royal mummy
 62827 | Tomb:2   | 62827 ||| Stepping ~*~*~tactically~*~*~ (hiding).
 62828 | Tomb:2   | 62828 ||| Stepping ~*~*~tactically~*~*~ (hiding).
 62832 | Tomb:2   | 62832 ||| INVOKING Cleansing Flame.
 62833 | Tomb:2   | 62833 ||| INVOKING Cleansing Flame.
 62844 | Tomb:2   | 62844 ||| INVOKING Cleansing Flame.
 62845 | Tomb:2   | 62845 ||| INVOKING Cleansing Flame.
 63035 | Tomb:3   | Entered Level 3 of the Tomb of the Ancients
 63036 | Tomb:3   | 63036 ||| DRINKING 11 potions of haste.
 63037 | Tomb:3   | 63037 ||| DRINKING 9 potions of attraction.
 63055 | Tomb:3   | Noticed a royal mummy
 63056 | Tomb:3   | 63056 ||| INVOKING Summon Divine Warrior.
 63058 | Tomb:3   | 63058 ||| INVOKING Cleansing Flame.
 63059 | Tomb:3   | 63059 ||| INVOKING Cleansing Flame.
 63060 | Tomb:3   | 63060 ||| INVOKING Cleansing Flame.
 63060 | Tomb:3   | Noticed a royal mummy
 63061 | Tomb:3   | 63061 ||| INVOKING Cleansing Flame.
 63061 | Tomb:3   | Killed a royal mummy
 63062 | Tomb:3   | 63062 ||| REMOVING ring "Muuch" {rPois Will+ rCorr Int-3
                  | Dex+5}.
 63063 | Tomb:3   | 63063 ||| INVOKING Cleansing Flame.
 63064 | Tomb:3   | 63064 ||| INVOKING Cleansing Flame.
 63065 | Tomb:3   | 63065 ||| INVOKING Cleansing Flame.
 63066 | Tomb:3   | 63066 ||| INVOKING Cleansing Flame.
 63066 | Tomb:3   | Killed a royal mummy
 63067 | Tomb:3   | 63067 ||| INVOKING Cleansing Flame.
 63074 | Tomb:3   | Noticed a royal mummy
 63082 | Tomb:3   | 63082 ||| INVOKING Cleansing Flame.
 63085 | Tomb:3   | Killed a royal mummy
 63086 | Tomb:3   | 63086 ||| INVOKING Cleansing Flame.
 63086 | Tomb:3   | Noticed a royal mummy
 63086 | Tomb:3   | Noticed a royal mummy
 63087 | Tomb:3   | Noticed a royal mummy
 63087 | Tomb:3   | Noticed a royal mummy
 63087 | Tomb:3   | 63087 ||| INVOKING Cleansing Flame.
 63088 | Tomb:3   | 63088 ||| INVOKING Cleansing Flame.
 63089 | Tomb:3   | 63089 ||| INVOKING Cleansing Flame.
 63091 | Tomb:3   | Killed a royal mummy
 63092 | Tomb:3   | Reached skill level 24 in Invocations
 63092 | Tomb:3   | Killed a royal mummy
 63092 | Tomb:3   | Killed a royal mummy
 63092 | Tomb:3   | Noticed a royal mummy
 63094 | Tomb:3   | Killed a royal mummy
 63095 | Tomb:3   | 63095 ||| INVOKING Cleansing Flame.
 63098 | Tomb:3   | Killed a royal mummy
 63245 | Tomb:3   | 63245 ||| INVOKING Cleansing Flame.
 63248 | Tomb:3   | 63248 ||| INVOKING Cleansing Flame.
 63368 | Tomb:3   | Identified the +12 great sword of Red Wine {speed, *Rage
                  | rPois rCorr Dex+9}
 63385 | Tomb:3   | Identified the +8 falchion "Buremoni" {venom, Contam rPois
                  | Int+4 Dex+5}
 63500 | Tomb:3   | Found the +9 heavy crossbow "Sniper" {vorpal, Acc+∞ SInv}
 63521 | Tomb:3   | Identified the ring "Jecluonk" {Ice Contam Dex+5}
 63557 | Tomb:3   | 63557 ||| DROPPING +1 broad axe of distortion.
 63561 | Tomb:3   | Identified the +1 robe of Mumblety Peg {*Corrode rN+ Str+2}
 63564 | Tomb:3   | Identified the +8 great mace of Cyukka {venom, Dex+3}
 63565 | Tomb:3   | Identified the +5 spear "Kionen" {holy, rElec rF++ Will-}
 63566 | Tomb:3   | Identified the +9 quarterstaff of Nuehiefu {freeze, *Rage
                  | rN+ Will+++ Dex-4}
 63665 | Tomb:3   | Got a golden rune of Zot
 63670 | Tomb:3   | 63670 ||| PLANNING PAN
 63670 | Tomb:3   | 63670 ||| DROPPING +6 ring of intelligence.
 63671 | Tomb:3   | 63671 ||| UPGRADING to ring "Jecluonk" {Ice Contam Dex+5}.
 63672 | Tomb:3   | 63672 ||| UPGRADING to ring "Muuch" {rPois Will+ rCorr
                  | Int-3 Dex+5}.
 64160 | Pan      | Entered Pandemonium
 64310 | Pan      | 64310 ||| Stepping ~*~*~tactically~*~*~ (stealth).
 64311 | Pan      | 64311 ||| Stepping ~*~*~tactically~*~*~ (stealth).
 64360 | Pan      | 64360 ||| Stepping ~*~*~tactically~*~*~ (stealth).
 64365 | Pan      | 64365 ||| Stepping ~*~*~tactically~*~*~ (hiding).
 64440 | Pan      | 64440 ||| Stepping ~*~*~tactically~*~*~ (stealth).
 64531 | Pan      | 64531 ||| Stepping ~*~*~tactically~*~*~ (stealth).
 64576 | Pan      | 64576 ||| Stepping ~*~*~tactically~*~*~ (stealth).
 64597 | Pan      | 64597 ||| Stepping ~*~*~tactically~*~*~ (stealth).
 64599 | Pan      | 64599 ||| Stepping ~*~*~tactically~*~*~ (hiding).
 64626 | Pan      | Noticed Keaphuq the pandemonium lord
 64627 | Pan      | 64627 ||| INVOKING Summon Divine Warrior.
 64628 | Pan      | 64628 ||| INVOKING Cleansing Flame.
 64633 | Pan      | Killed Keaphuq the pandemonium lord
 64791 | Pan      | Identified the +0 scale mail of Damp Miracles {rN+ Dex+2}
 64899 | Pan      | Entered the realm of Cerebov.
 65075 | Pan      | 65075 ||| Stepping ~*~*~tactically~*~*~ (stealth).
 65103 | Pan      | 65103 ||| Stepping ~*~*~tactically~*~*~ (stealth).
 65127 | Pan      | 65127 ||| Stepping ~*~*~tactically~*~*~ (hiding).
 65136 | Pan      | 65136 ||| Stepping ~*~*~tactically~*~*~ (hiding).
 65138 | Pan      | 65138 ||| Stepping ~*~*~tactically~*~*~ (hiding).
 65154 | Pan      | 65154 ||| Stepping ~*~*~tactically~*~*~ (hiding).
 65155 | Pan      | 65155 ||| Stepping ~*~*~tactically~*~*~ (hiding).
 65168 | Pan      | 65168 ||| INVOKING Summon Divine Warrior.
 65189 | Pan      | Found the +6 sword of Cerebov {flame}
 65189 | Pan      | Noticed Cerebov
 65190 | Pan      | 65190 ||| DRINKING 10 potions of haste.
 65191 | Pan      | 65191 ||| DRINKING 11 potions of might.
 65209 | Pan      | Killed Cerebov
 65210 | Pan      | 65210 ||| INVOKING Summon Divine Warrior.
 65213 | Pan      | 65213 ||| Stepping ~*~*~tactically~*~*~ (cloud).
 65296 | Pan      | 65296 ||| Stepping ~*~*~tactically~*~*~ (stealth).
 65297 | Pan      | 65297 ||| Stepping ~*~*~tactically~*~*~ (stealth).
 65387 | Pan      | Got a fiery rune of Zot
 65461 | Pan      | Identified the +8 hand axe of Zoplinic {flame, Will+ Dex+2}
 65493 | Pan      | Identified the amulet "Orapra" {Faith Int+7}
 65507 | Pan      | Identified the ring "Cafrynne" {*Slow rF- Will+ AC+4 Dex+8
                  | Slay+5}
 65517 | Pan      | Identified the +7 rapier of Dupoddy {pain, *Noise rPois
                  | Str+5}
 65523 | Pan      | Identified the +7 longbow "Grum" {vorpal, *Corrode Int+8
                  | SInv}
 65547 | Pan      | Identified the ring "Pyrack" {rPois rF+ Will+ Str+2}
 65555 | Pan      | Identified the +5 mace "Pekideasch" {vorpal, rElec rPois
                  | rC+ MP-9}
 65659 | Pan      | 65659 ||| Stepping ~*~*~tactically~*~*~ (stealth).
 65671 | Pan      | 65671 ||| Stepping ~*~*~tactically~*~*~ (hiding).
 65827 | Pan      | Found an exit through the horrors of the Abyss.
 65894 | Pan      | 65894 ||| Stepping ~*~*~tactically~*~*~ (stealth).
 65908 | Pan      | 65908 ||| Stepping ~*~*~tactically~*~*~ (stealth).
 65935 | Pan      | 65935 ||| Stepping ~*~*~tactically~*~*~ (stealth).
 66021 | Pan      | 66021 ||| Stepping ~*~*~tactically~*~*~ (stealth).
 66022 | Pan      | 66022 ||| INVOKING Summon Divine Warrior.
 66025 | Pan      | 66025 ||| INVOKING Cleansing Flame.
 66267 | Pan      | Reached skill level 1 in Short Blades
 66446 | Pan      | 66446 ||| DROPPING +0 pair of gloves of infusion.
 66447 | Pan      | 66447 ||| DROPPING amulet "Orapra" {Faith Int+7}.
 66448 | Pan      | 66448 ||| DROPPING ring of protection from fire.
 66449 | Pan      | 66449 ||| UPGRADING to ring "Cafrynne" {*Slow rF- Will+
                  | AC+4 Dex+8 Slay+5}.
 66451 | Pan      | 66451 ||| UPGRADING to ring "Pyrack" {rPois rF+ Will+
                  | Str+2}.
 66495 | Pan      | 66495 ||| Stepping ~*~*~tactically~*~*~ (stealth).
 66497 | Pan      | 66497 ||| Stepping ~*~*~tactically~*~*~ (hiding).
 66502 | Pan      | 66502 ||| INVOKING Cleansing Flame.
 66503 | Pan      | 66503 ||| INVOKING Summon Divine Warrior.
 66512 | Pan      | 66512 ||| INVOKING Cleansing Flame.
 66520 | Pan      | Noticed Hymp the pandemonium lord
 66523 | Pan      | 66523 ||| INVOKING Cleansing Flame.
 66530 | Pan      | Killed Hymp the pandemonium lord
 66539 | Pan      | Reached skill level 3 in Short Blades
 66546 | Pan      | 66546 ||| INVOKING Cleansing Flame.
 66547 | Pan      | 66547 ||| INVOKING Cleansing Flame.
 66548 | Pan      | 66548 ||| INVOKING Cleansing Flame.
 66549 | Pan      | 66549 ||| INVOKING Cleansing Flame.
 66556 | Pan      | 66556 ||| INVOKING Cleansing Flame.
 66612 | Pan      | 66612 ||| Stepping ~*~*~tactically~*~*~ (cloud).
 66623 | Pan      | 66623 ||| Stepping ~*~*~tactically~*~*~ (cloud).
 66786 | Pan      | 66786 ||| INVOKING Cleansing Flame.
 66906 | Pan      | Found an exit through the horrors of the Abyss.
 67431 | Pan      | Identified the +6 dagger of the Scorned {antimagic, rPois
                  | rN+}
 67453 | Pan      | 67453 ||| Stepping ~*~*~tactically~*~*~ (hiding).
 67546 | Pan      | 67546 ||| Stepping ~*~*~tactically~*~*~ (stealth).
 67599 | Pan      | Reached skill level 27 in Invocations
 67612 | Pan      | 67612 ||| Stepping ~*~*~tactically~*~*~ (hiding).
 67644 | Pan      | 67644 ||| Stepping ~*~*~tactically~*~*~ (stealth).
 67756 | Pan      | Found an exit through the horrors of the Abyss.
 67798 | Pan      | 67798 ||| Stepping ~*~*~tactically~*~*~ (hiding).
 67879 | Pan      | 67879 ||| Stepping ~*~*~tactically~*~*~ (stealth).
 67900 | Pan      | 67900 ||| Stepping ~*~*~tactically~*~*~ (stealth).
 67982 | Pan      | 67982 ||| Stepping ~*~*~tactically~*~*~ (stealth).
 67983 | Pan      | 67983 ||| Stepping ~*~*~tactically~*~*~ (stealth).
 68097 | Pan      | 68097 ||| Stepping ~*~*~tactically~*~*~ (stealth).
 68121 | Pan      | 68121 ||| Stepping ~*~*~tactically~*~*~ (hiding).
 68132 | Pan      | Noticed Bietz the pandemonium lord
 68133 | Pan      | 68133 ||| INVOKING Summon Divine Warrior.
 68134 | Pan      | 68134 ||| INVOKING Cleansing Flame.
 68136 | Pan      | 68136 ||| INVOKING Cleansing Flame.
 68137 | Pan      | 68137 ||| INVOKING Cleansing Flame.
 68137 | Pan      | Killed Bietz the pandemonium lord
 68302 | Pan      | Entered the realm of Gloorx Vloq.
 68330 | Pan      | 68330 ||| Stepping ~*~*~tactically~*~*~ (stealth).
 68744 | Pan      | 68744 ||| Stepping ~*~*~tactically~*~*~ (stealth).
 68838 | Pan      | 68838 ||| Stepping ~*~*~tactically~*~*~ (stealth).
 68863 | Pan      | 68863 ||| Stepping ~*~*~tactically~*~*~ (stealth).
 68883 | Pan      | 68883 ||| INVOKING Cleansing Flame.
 68897 | Pan      | Noticed Gloorx Vloq
 68898 | Pan      | 68898 ||| Stepping ~*~*~tactically~*~*~ (hiding).
 68899 | Pan      | 68899 ||| Stepping ~*~*~tactically~*~*~ (hiding).
 68901 | Pan      | 68901 ||| INVOKING Summon Divine Warrior.
 68902 | Pan      | 68902 ||| INVOKING Cleansing Flame.
 68903 | Pan      | 68903 ||| INVOKING Cleansing Flame.
 68913 | Pan      | Killed Gloorx Vloq
 68915 | Pan      | 68915 ||| INVOKING Cleansing Flame.
 68990 | Pan      | Identified the +5 short sword of Jis Nuokh {flame, rN+}
 69003 | Pan      | Reached skill level 24 in Armour
 69155 | Pan      | Got a dark rune of Zot
 69350 | Pan      | Entered the realm of Mnoleg.
 69389 | Pan      | Found an exit through the horrors of the Abyss.
 69417 | Pan      | 69417 ||| Stepping ~*~*~tactically~*~*~ (hiding).
 69419 | Pan      | 69419 ||| Stepping ~*~*~tactically~*~*~ (hiding).
 69421 | Pan      | 69421 ||| Stepping ~*~*~tactically~*~*~ (hiding).
 69627 | Pan      | 69627 ||| Stepping ~*~*~tactically~*~*~ (stealth).
 69629 | Pan      | 69629 ||| Stepping ~*~*~tactically~*~*~ (hiding).
 69631 | Pan      | 69631 ||| Stepping ~*~*~tactically~*~*~ (hiding).
 69639 | Pan      | 69639 ||| Stepping ~*~*~tactically~*~*~ (stealth).
 69715 | Pan      | 69715 ||| Stepping ~*~*~tactically~*~*~ (hiding).
 69718 | Pan      | 69718 ||| Stepping ~*~*~tactically~*~*~ (stealth).
 69722 | Pan      | 69722 ||| Stepping ~*~*~tactically~*~*~ (hiding).
 69723 | Pan      | 69723 ||| Stepping ~*~*~tactically~*~*~ (stealth).
 69734 | Pan      | Gained mutation: You occasionally shout uncontrollably at
                  | your foes. [a shining eye]
 69741 | Pan      | 69741 ||| Stepping ~*~*~tactically~*~*~ (hiding).
 69748 | Pan      | 69748 ||| Stepping ~*~*~tactically~*~*~ (hiding).
 69750 | Pan      | 69750 ||| Stepping ~*~*~tactically~*~*~ (hiding).
 69751 | Pan      | 69751 ||| Stepping ~*~*~tactically~*~*~ (hiding).
 69825 | Pan      | Paralysed by a floating eye for 3 turns
 69838 | Pan      | Noticed Mnoleg
 69839 | Pan      | 69839 ||| INVOKING Summon Divine Warrior.
 69845 | Pan      | Paralysed by a floating eye for 3 turns
 69849 | Pan      | 69849 ||| INVOKING Cleansing Flame.
 69850 | Pan      | 69850 ||| INVOKING Cleansing Flame.
 69851 | Pan      | 69851 ||| INVOKING Cleansing Flame.
 69852 | Pan      | 69852 ||| INVOKING Summon Divine Warrior.
 69856 | Pan      | Paralysed by a floating eye for 3 turns
 69860 | Pan      | Killed Mnoleg
 70151 | Pan      | Got a glowing rune of Zot
 70253 | Pan      | Gained mutation: You sometimes lose your temper in combat.
                  | [a neqoxec]
 70256 | Pan      | 70256 ||| DRINKING 14 potions of mutation.
 70256 | Pan      | Lost mutation: You are clumsy. (Dex -2) [potion of
                  | mutation]
 70256 | Pan      | Lost mutation: You are strong-willed. (Will+) [potion of
                  | mutation]
 70256 | Pan      | Lost mutation: You have large cloven feet. [potion of
                  | mutation]
 70256 | Pan      | Gained mutation: You are robust. (+10% HP) [potion of
                  | mutation]
 70256 | Pan      | Gained mutation: You have supernaturally acute eyesight.
                  | (SInv) [potion of mutation]
 70263 | Pan      | 70263 ||| DRINKING 13 potions of mutation.
 70263 | Pan      | Lost mutation: Your spells are a little easier to cast, but
                  | a little less powerful. [potion of mutation]
 70263 | Pan      | Lost mutation: You occasionally shout uncontrollably at
                  | your foes. [potion of mutation]
 70264 | Pan      | 70264 ||| DRINKING 12 potions of mutation.
 70264 | Pan      | Lost mutation: You sometimes lose your temper in combat.
                  | [potion of mutation]
 70264 | Pan      | Lost mutation: You are somewhat resistant to further
                  | mutation. [potion of mutation]
 70264 | Pan      | Gained mutation: Your magical capacity is very low. (-20%
                  | MP) [potion of mutation]
 70264 | Pan      | Gained mutation: You are occasionally teleported next to
                  | monsters. [potion of mutation]
 70264 | Pan      | Gained mutation: You do not regenerate when monsters are
                  | visible. [potion of mutation]
 70265 | Pan      | 70265 ||| DRINKING 11 potions of mutation.
 70265 | Pan      | Lost mutation: Your magical capacity is very low. (-20% MP)
                  | [potion of mutation]
 70265 | Pan      | Lost mutation: You have supernaturally acute eyesight.
                  | (SInv) [potion of mutation]
 70265 | Pan      | Gained mutation: Armour fits poorly on your strangely
                  | shaped body. [potion of mutation]
 70265 | Pan      | Gained mutation: Your body sometimes deteriorates upon
                  | taking damage. [potion of mutation]
 70265 | Pan      | Gained mutation: You have a somewhat thin skeletal
                  | structure. (Dex +2, Stealth+) [potion of mutation]
 70266 | Pan      | 70266 ||| DRINKING 10 potions of mutation.
 70266 | Pan      | Lost mutation: You are occasionally teleported next to
                  | monsters. [potion of mutation]
 70266 | Pan      | Lost mutation: You are robust. (+10% HP) [potion of
                  | mutation]
 70266 | Pan      | Lost mutation: Your magical capacity is low. (-10% MP)
                  | [potion of mutation]
 70266 | Pan      | Gained mutation: Your body often deteriorates upon taking
                  | damage. [potion of mutation]
 70267 | Pan      | 70267 ||| DRINKING 9 potions of mutation.
 70267 | Pan      | Lost mutation: Your body often deteriorates upon taking
                  | damage. [potion of mutation]
 70267 | Pan      | Lost mutation: You do not regenerate when monsters are
                  | visible. [potion of mutation]
 70267 | Pan      | Lost mutation: You have a somewhat thin skeletal structure.
                  | (Dex +2, Stealth+) [potion of mutation]
 70267 | Pan      | Gained mutation: You occasionally lose the ability to drink
                  | potions when taking damage. [potion of mutation]
 70267 | Pan      | Gained mutation: Your mind is acute. (Int +4, Str/Dex -1)
                  | [potion of mutation]
 70268 | Pan      | 70268 ||| DRINKING 8 potions of mutation.
 70268 | Pan      | Lost mutation: Armour fits poorly on your strangely shaped
                  | body. [potion of mutation]
 70268 | Pan      | Lost mutation: You occasionally lose the ability to drink
                  | potions when taking damage. [potion of mutation]
 70268 | Pan      | Gained mutation: You have very sharp teeth. [potion of
                  | mutation]
 70268 | Pan      | Gained mutation: Your body often deteriorates upon taking
                  | damage. [potion of mutation]
 70269 | Pan      | 70269 ||| Stepping ~*~*~tactically~*~*~ (stealth).
 70270 | Pan      | 70270 ||| DRINKING 7 potions of mutation.
 70270 | Pan      | Lost mutation: Your body often deteriorates upon taking
                  | damage. [potion of mutation]
 70270 | Pan      | Lost mutation: You have very sharp teeth. [potion of
                  | mutation]
 70270 | Pan      | Gained mutation: Your muscles are strong. (Str +4, Int/Dex
                  | -1) [potion of mutation]
 70275 | Pan      | 70275 ||| Stepping ~*~*~tactically~*~*~ (stealth).
 70300 | Pan      | 70300 ||| Stepping ~*~*~tactically~*~*~ (stealth).
 70573 | Pan      | Found an exit through the horrors of the Abyss.
 70591 | Pan      | Identified the +5 war axe "Kodet" {vorpal, rN++}
 70624 | Pan      | 70624 ||| Stepping ~*~*~tactically~*~*~ (hiding).
 70625 | Pan      | 70625 ||| Stepping ~*~*~tactically~*~*~ (hiding).
 70629 | Pan      | 70629 ||| INVOKING Summon Divine Warrior.
 70640 | Pan      | Reached skill level 12 in Dodging
 70681 | Pan      | Noticed Imowuc the pandemonium lord
 70683 | Pan      | 70683 ||| INVOKING Cleansing Flame.
 70687 | Pan      | Killed Imowuc the pandemonium lord
 70891 | Pan      | 70891 ||| INVOKING Cleansing Flame.
 71074 | Pan      | 71074 ||| READING 31 scrolls of teleportation.
 71084 | Pan      | 71084 ||| DRINKING 5 potions of cancellation.
 71088 | Pan      | 71088 ||| INVOKING Summon Divine Warrior.
 71257 | Pan      | 71257 ||| INVOKING Summon Divine Warrior.
 71437 | Pan      | 71437 ||| Stepping ~*~*~tactically~*~*~ (hiding).
 71561 | Pan      | 71561 ||| Stepping ~*~*~tactically~*~*~ (hiding).
 71616 | Pan      | 71616 ||| Stepping ~*~*~tactically~*~*~ (stealth).
 71617 | Pan      | 71617 ||| Stepping ~*~*~tactically~*~*~ (stealth).
 71618 | Pan      | 71618 ||| Stepping ~*~*~tactically~*~*~ (stealth).
 71621 | Pan      | 71621 ||| Stepping ~*~*~tactically~*~*~ (stealth).
 71622 | Pan      | 71622 ||| Stepping ~*~*~tactically~*~*~ (stealth).
 71630 | Pan      | 71630 ||| Stepping ~*~*~tactically~*~*~ (stealth).
 71633 | Pan      | 71633 ||| Stepping ~*~*~tactically~*~*~ (stealth).
 71634 | Pan      | 71634 ||| Stepping ~*~*~tactically~*~*~ (stealth).
 71635 | Pan      | 71635 ||| Stepping ~*~*~tactically~*~*~ (stealth).
 71746 | Pan      | 71746 ||| INVOKING Summon Divine Warrior.
 71751 | Pan      | 71751 ||| INVOKING Cleansing Flame.
 71945 | Pan      | Found an opulent altar of Gozag.
 71947 | Pan      | Found Ecoyna Pius's Quality Elixirs.
 71952 | Pan      | 71952 ||| INVOKING Cleansing Flame.
 71953 | Pan      | 71953 ||| INVOKING Cleansing Flame.
 71954 | Pan      | Reached skill level 6 in Short Blades
 71959 | Pan      | Found an opulent altar of Gozag.
 71960 | Pan      | Noticed Ecoyna Pius the pandemonium lord
 71961 | Pan      | 71961 ||| INVOKING Summon Divine Warrior.
 71963 | Pan      | Reached skill level 27 in Fighting
 71963 | Pan      | Found Ecoyna Pius's Demonic Rune Hole.
 71970 | Pan      | 71970 ||| INVOKING Cleansing Flame.
 71971 | Pan      | 71971 ||| INVOKING Cleansing Flame.
 71972 | Pan      | 71972 ||| INVOKING Cleansing Flame.
 71972 | Pan      | Killed Ecoyna Pius the pandemonium lord
 71994 | Pan      | 71994 ||| READING 31 scrolls of teleportation.
 72013 | Pan      | 72013 ||| BUYING potion of cancellation (96 gold).
 72013 | Pan      | Bought a potion of cancellation for 96 gold pieces
 72013 | Pan      | 72013 ||| BUYING potion of cancellation (96 gold).
 72013 | Pan      | Bought a potion of cancellation for 96 gold pieces
 72013 | Pan      | 72013 ||| BUYING potion of cancellation (96 gold).
 72013 | Pan      | Bought a potion of cancellation for 96 gold pieces
 72013 | Pan      | 72013 ||| BUYING potion of heal wounds (60 gold).
 72013 | Pan      | Bought a potion of heal wounds for 60 gold pieces
 72013 | Pan      | 72013 ||| BUYING potion of heal wounds (60 gold).
 72013 | Pan      | Bought a potion of heal wounds for 60 gold pieces
 72013 | Pan      | 72013 ||| BUYING potion of magic (96 gold).
 72013 | Pan      | Bought a potion of magic for 96 gold pieces
 72013 | Pan      | 72013 ||| BUYING potion of might (48 gold).
 72013 | Pan      | Bought a potion of might for 48 gold pieces
 72013 | Pan      | 72013 ||| BUYING potion of resistance (120 gold).
 72013 | Pan      | Bought a potion of resistance for 120 gold pieces
 72013 | Pan      | 72013 ||| Stepping ~*~*~tactically~*~*~ (hiding).
 72014 | Pan      | 72014 ||| Stepping ~*~*~tactically~*~*~ (hiding).
 72015 | Pan      | 72015 ||| Stepping ~*~*~tactically~*~*~ (hiding).
 72017 | Pan      | 72017 ||| Stepping ~*~*~tactically~*~*~ (hiding).
 72080 | Pan      | 72080 ||| Stepping ~*~*~tactically~*~*~ (stealth).
 72081 | Pan      | 72081 ||| Stepping ~*~*~tactically~*~*~ (stealth).
 72082 | Pan      | 72082 ||| Stepping ~*~*~tactically~*~*~ (stealth).
 72092 | Pan      | 72092 ||| Stepping ~*~*~tactically~*~*~ (hiding).
 72093 | Pan      | 72093 ||| Stepping ~*~*~tactically~*~*~ (hiding).
 72156 | Pan      | 72156 ||| Stepping ~*~*~tactically~*~*~ (stealth).
 72160 | Pan      | Found Ecoyna Pius's Book Shop.
 72175 | Pan      | Found Ecoyna Pius's Exquisite Manuscripts.
 72186 | Pan      | Found an opulent altar of Gozag.
 72187 | Pan      | 72187 ||| Stepping ~*~*~tactically~*~*~ (hiding).
 72192 | Pan      | 72192 ||| INVOKING Cleansing Flame.
 72217 | Pan      | 72217 ||| BUYING scroll of blinking (157 gold).
 72217 | Pan      | Bought a scroll of blinking for 157 gold pieces
 72217 | Pan      | 72217 ||| BUYING scroll of fog (84 gold).
 72217 | Pan      | Bought a scroll of fog for 84 gold pieces
 72217 | Pan      | 72217 ||| BUYING scroll of teleportation (63 gold).
 72217 | Pan      | Bought a scroll of teleportation for 63 gold pieces
 72217 | Pan      | 72217 ||| BUYING scroll of teleportation (63 gold).
 72217 | Pan      | Bought a scroll of teleportation for 63 gold pieces
 72236 | Pan      | 72236 ||| SHOPLISTING demonic rune of Zot (6226 gold, have
                  | 4758).
 72272 | Pan      | 72272 ||| Stepping ~*~*~tactically~*~*~ (stealth).
 72467 | Pan      | 72467 ||| Stepping ~*~*~tactically~*~*~ (hiding).
 72611 | Pan      | Noticed Giynaq the pandemonium lord
 72612 | Pan      | 72612 ||| INVOKING Summon Divine Warrior.
 72617 | Pan      | Killed Giynaq the pandemonium lord
 72618 | Pan      | 72618 ||| INVOKING Cleansing Flame.
 72740 | Pan      | Found an exit through the horrors of the Abyss.
 73366 | Pan      | 73366 ||| Stepping ~*~*~tactically~*~*~ (hiding).
 73499 | Pan      | 73499 ||| DRINKING potion of resistance.
 73500 | Pan      | 73500 ||| INVOKING Summon Divine Warrior.
 73504 | Pan      | 73504 ||| INVOKING Cleansing Flame.
 73505 | Pan      | 73505 ||| INVOKING Cleansing Flame.
 73627 | Pan      | Noticed Ygeprof the pandemonium lord
 73628 | Pan      | 73628 ||| INVOKING Cleansing Flame.
 73629 | Pan      | 73629 ||| INVOKING Cleansing Flame.
 73631 | Pan      | 73631 ||| INVOKING Cleansing Flame.
 73632 | Pan      | 73632 ||| INVOKING Cleansing Flame.
 73633 | Pan      | 73633 ||| INVOKING Cleansing Flame.
 73634 | Pan      | 73634 ||| INVOKING Cleansing Flame.
 73634 | Pan      | Killed Ygeprof the pandemonium lord
 74039 | Pan      | 74039 ||| DROPPING +2 hat of see invisible.
 74088 | Pan      | 74088 ||| Stepping ~*~*~tactically~*~*~ (stealth).
 74092 | Pan      | 74092 ||| Stepping ~*~*~tactically~*~*~ (hiding).
 74095 | Pan      | 74095 ||| Stepping ~*~*~tactically~*~*~ (hiding).
 74169 | Pan      | 74169 ||| Stepping ~*~*~tactically~*~*~ (stealth).
 74170 | Pan      | 74170 ||| Stepping ~*~*~tactically~*~*~ (stealth).
 74172 | Pan      | 74172 ||| Stepping ~*~*~tactically~*~*~ (hiding).
 74174 | Pan      | 74174 ||| Stepping ~*~*~tactically~*~*~ (hiding).
 74176 | Pan      | 74176 ||| Stepping ~*~*~tactically~*~*~ (hiding).
 74177 | Pan      | 74177 ||| Stepping ~*~*~tactically~*~*~ (hiding).
 74178 | Pan      | 74178 ||| Stepping ~*~*~tactically~*~*~ (hiding).
 74413 | Pan      | 74413 ||| INVOKING Summon Divine Warrior.
 74425 | Pan      | Noticed Vakh the pandemonium lord
 74428 | Pan      | 74428 ||| INVOKING Cleansing Flame.
 74429 | Pan      | 74429 ||| INVOKING Cleansing Flame.
 74438 | Pan      | Killed Vakh the pandemonium lord
 74444 | Pan      | 74444 ||| INVOKING Cleansing Flame.
 74445 | Pan      | 74445 ||| INVOKING Cleansing Flame.
 74591 | Pan      | 74591 ||| Stepping ~*~*~tactically~*~*~ (cloud).
 74653 | Pan      | 74653 ||| INVOKING Cleansing Flame.
 74657 | Pan      | Reached skill level 27 in Armour
 74679 | Pan      | Found an exit through the horrors of the Abyss.
 74968 | Pan      | 74968 ||| Stepping ~*~*~tactically~*~*~ (hiding).
 75136 | Pan      | Gained mutation: You occasionally lose the ability to drink
                  | potions when taking damage. [a neqoxec]
 75138 | Pan      | Found a runed translucent door.
 75139 | Pan      | 75139 ||| DRINKING 6 potions of mutation.
 75139 | Pan      | Lost mutation: Your body sometimes deteriorates upon taking
                  | damage. [potion of mutation]
 75139 | Pan      | Lost mutation: Your mind is acute. (Int +4, Str/Dex -1)
                  | [potion of mutation]
 75139 | Pan      | Lost mutation: You occasionally lose the ability to drink
                  | potions when taking damage. [potion of mutation]
 75139 | Pan      | Gained mutation: You are dopey. (Int -2) [potion of
                  | mutation]
 75139 | Pan      | Gained mutation: You are partially covered in large bone
                  | plates. (SH +4) [potion of mutation]
 75154 | Pan      | 75154 ||| Stepping ~*~*~tactically~*~*~ (stealth).
 75155 | Pan      | 75155 ||| Stepping ~*~*~tactically~*~*~ (stealth).
 75216 | Pan      | 75216 ||| Stepping ~*~*~tactically~*~*~ (hiding).
 75314 | Pan      | 75314 ||| Stepping ~*~*~tactically~*~*~ (stealth).
 75459 | Pan      | Found an exit through the horrors of the Abyss.
 75483 | Pan      | 75483 ||| Stepping ~*~*~tactically~*~*~ (stealth).
 75485 | Pan      | Gained mutation: You occasionally lose the ability to read
                  | scrolls when taking damage. [a neqoxec]
 75486 | Pan      | 75486 ||| Stepping ~*~*~tactically~*~*~ (hiding).
 75593 | Pan      | 75593 ||| DRINKING 6 potions of mutation.
 75593 | Pan      | Lost mutation: You are dopey. (Int -2) [potion of mutation]
 75593 | Pan      | Lost mutation: You occasionally lose the ability to read
                  | scrolls when taking damage. [potion of mutation]
 75593 | Pan      | Lost mutation: You are partially covered in large bone
                  | plates. (SH +4) [potion of mutation]
 75593 | Pan      | Gained mutation: You expend magic power (3 MP) to
                  | strengthen your wands. [potion of mutation]
 75593 | Pan      | Gained mutation: You have large cloven feet. [potion of
                  | mutation]
 75593 | Pan      | Gained mutation: Your magical capacity is low. (-10% MP)
                  | [potion of mutation]
 75593 | Pan      | Gained mutation: Your skin changes colour to match your
                  | surroundings (Stealth+). [potion of mutation]
 75631 | Pan      | 75631 ||| Stepping ~*~*~tactically~*~*~ (hiding).
 75640 | Pan      | 75640 ||| INVOKING Summon Divine Warrior.
 75644 | Pan      | 75644 ||| INVOKING Cleansing Flame.
 76055 | Pan      | Gained mutation: You have very sharp teeth. [a neqoxec]
 76080 | Pan      | Gained mutation: You occasionally shout uncontrollably at
                  | your foes. [a neqoxec]
 76280 | Pan      | Noticed Koujereb the pandemonium lord
 76283 | Pan      | 76283 ||| INVOKING Summon Divine Warrior.
 76287 | Pan      | Killed Koujereb the pandemonium lord
 76315 | Pan      | Entered the realm of Lom Lobon.
 76533 | Pan      | Found an exit through the horrors of the Abyss.
 76708 | Pan      | 76708 ||| Stepping ~*~*~tactically~*~*~ (hiding).
 76721 | Pan      | 76721 ||| Stepping ~*~*~tactically~*~*~ (hiding).
 76928 | Pan      | Noticed Lom Lobon
 76929 | Pan      | 76929 ||| DRINKING 9 potions of haste.
 76930 | Pan      | 76930 ||| INVOKING Summon Divine Warrior.
 76931 | Pan      | 76931 ||| DRINKING 12 potions of might.
 76935 | Pan      | 76935 ||| Stepping randomly (cloudy).
 76936 | Pan      | 76936 ||| INVOKING Cleansing Flame.
 76937 | Pan      | 76937 ||| INVOKING Cleansing Flame.
 76943 | Pan      | Killed Lom Lobon
 76944 | Pan      | 76944 ||| Stepping ~*~*~tactically~*~*~ (cloud).
 77042 | Pan      | 77042 ||| Stepping ~*~*~tactically~*~*~ (hiding).
 77153 | Pan      | Got a magical rune of Zot
 77258 | Pan      | Reached skill level 15 in Dodging
 77540 | Pan      | Identified the +0 chain mail "Daanix" {rElec rF+ Stlth+}
 77579 | Pan      | Noticed Qovuamea the pandemonium lord
 77580 | Pan      | 77580 ||| Stepping ~*~*~tactically~*~*~ (hiding).
 77581 | Pan      | 77581 ||| INVOKING Summon Divine Warrior.
 77584 | Pan      | 77584 ||| INVOKING Cleansing Flame.
 77585 | Pan      | 77585 ||| INVOKING Cleansing Flame.
 77586 | Pan      | 77586 ||| INVOKING Cleansing Flame.
 77588 | Pan      | 77588 ||| INVOKING Cleansing Flame.
 77589 | Pan      | Killed Qovuamea the pandemonium lord
 77590 | Pan      | Reached skill level 24 in Shields
 78132 | Pan      | 78132 ||| INVOKING Summon Divine Warrior.
 78134 | Pan      | 78134 ||| INVOKING Cleansing Flame.
 78254 | Pan      | 78254 ||| INVOKING Cleansing Flame.
 78303 | Pan      | 78303 ||| Stepping ~*~*~tactically~*~*~ (hiding).
 78382 | Pan      | 78382 ||| Stepping ~*~*~tactically~*~*~ (stealth).
 78384 | Pan      | Found an exit through the horrors of the Abyss.
 78422 | Pan      | 78422 ||| Stepping ~*~*~tactically~*~*~ (stealth).
 78423 | Pan      | 78423 ||| Stepping ~*~*~tactically~*~*~ (stealth).
 78433 | Pan      | 78433 ||| Stepping ~*~*~tactically~*~*~ (hiding).
 78437 | Pan      | 78437 ||| Stepping ~*~*~tactically~*~*~ (hiding).
 78438 | Pan      | 78438 ||| Stepping ~*~*~tactically~*~*~ (hiding).
 78441 | Pan      | 78441 ||| INVOKING Cleansing Flame.
 78442 | Pan      | 78442 ||| INVOKING Summon Divine Warrior.
 78482 | Pan      | Identified the +4 sling "Ipues" {venom, rElec rC+ rN+}
 78488 | Pan      | Gained mutation: You are frail. (-10% HP) [a cacodemon]
 78490 | Pan      | 78490 ||| DRINKING 5 potions of mutation.
 78490 | Pan      | Lost mutation: You have large cloven feet. [potion of
                  | mutation]
 78490 | Pan      | Lost mutation: Your skin changes colour to match your
                  | surroundings (Stealth+). [potion of mutation]
 78490 | Pan      | Lost mutation: You occasionally shout uncontrollably at
                  | your foes. [potion of mutation]
 78490 | Pan      | Gained mutation: You possess an exceptional clarity of
                  | mind. [potion of mutation]
 78491 | Pan      | 78491 ||| DRINKING 4 potions of mutation.
 78491 | Pan      | Lost mutation: You have very sharp teeth. [potion of
                  | mutation]
 78491 | Pan      | Lost mutation: Your muscles are strong. (Str +4, Int/Dex
                  | -1) [potion of mutation]
 78491 | Pan      | Lost mutation: You possess an exceptional clarity of mind.
                  | [potion of mutation]
 78491 | Pan      | Gained mutation: You are partially covered in large bone
                  | plates. (SH +4) [potion of mutation]
 78491 | Pan      | Gained mutation: You have sharp toenails. [potion of
                  | mutation]
 78492 | Pan      | 78492 ||| DRINKING 3 potions of mutation.
 78492 | Pan      | Lost mutation: You expend magic power (3 MP) to strengthen
                  | your wands. [potion of mutation]
 78492 | Pan      | Lost mutation: You are partially covered in large bone
                  | plates. (SH +4) [potion of mutation]
 78492 | Pan      | Lost mutation: Your magical capacity is low. (-10% MP)
                  | [potion of mutation]
 78492 | Pan      | Gained mutation: You have a pair of small horns on your
                  | head. [potion of mutation]
 78493 | Pan      | 78493 ||| DRINKING 2 potions of mutation.
 78493 | Pan      | Lost mutation: You are frail. (-10% HP) [potion of
                  | mutation]
 78493 | Pan      | Lost mutation: You have a pair of small horns on your head.
                  | [potion of mutation]
 78493 | Pan      | Lost mutation: You have sharp toenails. [potion of
                  | mutation]
 78493 | Pan      | Gained mutation: Your muscles are strong. (Str +4, Int/Dex
                  | -1) [potion of mutation]
 78493 | Pan      | Gained mutation: You occasionally lose the ability to drink
                  | potions when taking damage. [potion of mutation]
 78494 | Pan      | 78494 ||| DRINKING potion of mutation.
 78494 | Pan      | Lost mutation: Your muscles are strong. (Str +4, Int/Dex
                  | -1) [potion of mutation]
 78494 | Pan      | Lost mutation: You occasionally lose the ability to drink
                  | potions when taking damage. [potion of mutation]
 78494 | Pan      | Gained mutation: Your spells are a little easier to cast,
                  | but a little less powerful. [potion of mutation]
 78494 | Pan      | Gained mutation: You are partially covered in large bone
                  | plates. (SH +4) [potion of mutation]
 78494 | Pan      | Gained mutation: You have an increased reservoir of magic.
                  | (+10% MP) [potion of mutation]
 78645 | Pan      | Gained mutation: You are dopey. (Int -2) [a neqoxec]
 78676 | Pan      | Noticed Yschuc the pandemonium lord
 78681 | Pan      | 78681 ||| INVOKING Cleansing Flame.
 78682 | Pan      | Killed Yschuc the pandemonium lord
 78830 | Pan      | Found an exit through the horrors of the Abyss.
 78932 | Pan      | Gained mutation: You are clumsy. (Dex -2) [a neqoxec]
 78959 | Pan      | 78959 ||| INVOKING Cleansing Flame.
 79034 | Pan      | 79034 ||| INVOKING Cleansing Flame.
 79035 | Pan      | 79035 ||| INVOKING Cleansing Flame.
 79036 | Pan      | 79036 ||| INVOKING Cleansing Flame.
 79298 | Pan      | 79298 ||| UPGRADING to +0 helmet "Nigelur" {+Inv rElec
                  | Regen+ Str+3}.
 79364 | Pan      | 79364 ||| Stepping ~*~*~tactically~*~*~ (stealth).
 79365 | Pan      | 79365 ||| Stepping ~*~*~tactically~*~*~ (stealth).
 79438 | Pan      | 79438 ||| Stepping ~*~*~tactically~*~*~ (stealth).
 79442 | Pan      | Noticed Ignacio
 79452 | Pan      | Killed Ignacio
 79491 | Pan      | 79491 ||| Stepping ~*~*~tactically~*~*~ (stealth).
 79554 | Pan      | 79554 ||| Stepping ~*~*~tactically~*~*~ (hiding).
 79580 | Pan      | 79580 ||| INVOKING Cleansing Flame.
 79580 | Pan      | Noticed Sezxyer the pandemonium lord
 79581 | Pan      | 79581 ||| INVOKING Summon Divine Warrior.
 79586 | Pan      | 79586 ||| INVOKING Cleansing Flame.
 79587 | Pan      | 79587 ||| INVOKING Cleansing Flame.
 79587 | Pan      | Killed Sezxyer the pandemonium lord
 79639 | Pan      | Found an exit through the horrors of the Abyss.
 79963 | Pan      | 79963 ||| Stepping ~*~*~tactically~*~*~ (stealth).
 79964 | Pan      | 79964 ||| Stepping ~*~*~tactically~*~*~ (stealth).
 79985 | Pan      | 79985 ||| Stepping ~*~*~tactically~*~*~ (stealth).
 79986 | Pan      | 79986 ||| Stepping ~*~*~tactically~*~*~ (stealth).
 79987 | Pan      | 79987 ||| Stepping ~*~*~tactically~*~*~ (stealth).
 79988 | Pan      | 79988 ||| INVOKING Summon Divine Warrior.
 79989 | Pan      | 79989 ||| INVOKING Cleansing Flame.
 79990 | Pan      | 79990 ||| INVOKING Cleansing Flame.
 80008 | Pan      | 80008 ||| Stepping ~*~*~tactically~*~*~ (hiding).
 80040 | Pan      | 80040 ||| DRINKING 9 potions of cancellation.
 80190 | Pan      | 80190 ||| Stepping ~*~*~tactically~*~*~ (stealth).
 80226 | Pan      | 80226 ||| Stepping ~*~*~tactically~*~*~ (stealth).
 80230 | Pan      | 80230 ||| Stepping ~*~*~tactically~*~*~ (hiding).
 80258 | Pan      | Noticed Kofrieg the pandemonium lord
 80259 | Pan      | 80259 ||| INVOKING Cleansing Flame.
 80260 | Pan      | 80260 ||| INVOKING Summon Divine Warrior.
 80266 | Pan      | Killed Kofrieg the pandemonium lord
 80295 | Pan      | 80295 ||| UPGRADING to +1 tower shield of protection.
 80297 | Pan      | 80297 ||| UPGRADING to +1 tower shield of protection.
 80307 | Pan      | 80307 ||| DROPPING +0 tower shield.
 80315 | Pan      | 80315 ||| READING 33 scrolls of teleportation.
 80327 | Pan      | Gained mutation: You are very clumsy. (Dex -4) [a
                  | cacodemon]
 80467 | Pan      | Found an exit through the horrors of the Abyss.
 80777 | Pan      | 80777 ||| Stepping ~*~*~tactically~*~*~ (hiding).
 80796 | Pan      | 80796 ||| Stepping ~*~*~tactically~*~*~ (stealth).
 80797 | Pan      | 80797 ||| Stepping ~*~*~tactically~*~*~ (hiding).
 80798 | Pan      | 80798 ||| Stepping ~*~*~tactically~*~*~ (stealth).
 80845 | Pan      | 80845 ||| Stepping ~*~*~tactically~*~*~ (stealth).
 80846 | Pan      | 80846 ||| Stepping ~*~*~tactically~*~*~ (stealth).
 80849 | Pan      | 80849 ||| Stepping ~*~*~tactically~*~*~ (stealth).
 80850 | Pan      | 80850 ||| Stepping ~*~*~tactically~*~*~ (stealth).
 80991 | Pan      | Noticed Iptac the pandemonium lord
 80993 | Pan      | 80993 ||| INVOKING Summon Divine Warrior.
 80996 | Pan      | 80996 ||| INVOKING Cleansing Flame.
 80998 | Pan      | 80998 ||| INVOKING Cleansing Flame.
 80999 | Pan      | 80999 ||| INVOKING Cleansing Flame.
 81001 | Pan      | 81001 ||| INVOKING Cleansing Flame.
 81002 | Pan      | 81002 ||| INVOKING Cleansing Flame.
 81003 | Pan      | 81003 ||| INVOKING Cleansing Flame.
 81003 | Pan      | Killed Iptac the pandemonium lord
 81004 | Pan      | 81004 ||| INVOKING Summon Divine Warrior.
 81005 | Pan      | Gained mutation: You are frail. (-10% HP) [a neqoxec]
 81028 | Pan      | 81028 ||| DRINKING 3 potions of mutation.
 81028 | Pan      | Lost mutation: You have an increased reservoir of magic.
                  | (+10% MP) [potion of mutation]
 81028 | Pan      | Lost mutation: Your spells are a little easier to cast, but
                  | a little less powerful. [potion of mutation]
 81028 | Pan      | Lost mutation: You are dopey. (Int -2) [potion of mutation]
 81028 | Pan      | Gained mutation: You sometimes lose your temper in combat.
                  | [potion of mutation]
 81028 | Pan      | Gained mutation: You have hidden genetic defects. [potion
                  | of mutation]
 81028 | Pan      | Gained mutation: You have a pair of small horns on your
                  | head. [potion of mutation]
 81029 | Pan      | 81029 ||| DRINKING 2 potions of mutation.
 81029 | Pan      | Lost mutation: You sometimes lose your temper in combat.
                  | [potion of mutation]
 81029 | Pan      | Lost mutation: You have hidden genetic defects. [potion of
                  | mutation]
 81029 | Pan      | Lost mutation: You are very clumsy. (Dex -4) [potion of
                  | mutation]
 81029 | Pan      | Gained mutation: You are somewhat resistant to further
                  | mutation. [potion of mutation]
 81030 | Pan      | 81030 ||| DRINKING potion of mutation.
 81030 | Pan      | Lost mutation: You are clumsy. (Dex -2) [potion of
                  | mutation]
 81030 | Pan      | Lost mutation: You are somewhat resistant to further
                  | mutation. [potion of mutation]
 81030 | Pan      | Lost mutation: You have a pair of small horns on your head.
                  | [potion of mutation]
 81030 | Pan      | Gained mutation: Your body sometimes deteriorates upon
                  | taking damage. [potion of mutation]
 81030 | Pan      | Gained mutation: Your spells are a little easier to cast,
                  | but a little less powerful. [potion of mutation]
 81194 | Pan      | 81194 ||| Stepping ~*~*~tactically~*~*~ (stealth).
 81269 | Pan      | 81269 ||| Stepping ~*~*~tactically~*~*~ (stealth).
 81627 | Pan      | Found an exit through the horrors of the Abyss.
 81683 | Pan      | 81683 ||| UPGRADING to +0 helmet "Nigelur" {+Inv rElec
                  | Regen+ Str+3}.
 81747 | Pan      | 81747 ||| Stepping ~*~*~tactically~*~*~ (hiding).
 81748 | Pan      | 81748 ||| Stepping ~*~*~tactically~*~*~ (hiding).
 81750 | Pan      | 81750 ||| Stepping ~*~*~tactically~*~*~ (hiding).
 81844 | Pan      | 81844 ||| Stepping ~*~*~tactically~*~*~ (stealth).
 81846 | Pan      | 81846 ||| Stepping ~*~*~tactically~*~*~ (hiding).
 81847 | Pan      | 81847 ||| Stepping ~*~*~tactically~*~*~ (hiding).
 81849 | Pan      | 81849 ||| Stepping ~*~*~tactically~*~*~ (hiding).
 81966 | Pan      | 81966 ||| Stepping ~*~*~tactically~*~*~ (stealth).
 81969 | Pan      | 81969 ||| Stepping ~*~*~tactically~*~*~ (stealth).
 81992 | Pan      | 81992 ||| Stepping ~*~*~tactically~*~*~ (stealth).
 82060 | Pan      | 82060 ||| Stepping ~*~*~tactically~*~*~ (hiding).
 82068 | Pan      | Identified the +9 rapier "Raeg" {flame, *Rage rElec rF++
                  | Stlth+}
 82143 | Pan      | 82143 ||| Stepping ~*~*~tactically~*~*~ (stealth).
 82145 | Pan      | 82145 ||| Stepping ~*~*~tactically~*~*~ (stealth).
 82256 | Pan      | 82256 ||| Stepping ~*~*~tactically~*~*~ (stealth).
 82257 | Pan      | 82257 ||| Stepping ~*~*~tactically~*~*~ (stealth).
 82273 | Pan      | 82273 ||| ZAPPING wand of digging (18).
 82275 | Pan      | 82275 ||| ZAPPING wand of digging (17).
 82292 | Pan      | 82292 ||| ZAPPING wand of digging (16).
 82300 | Pan      | 82300 ||| INVOKING Summon Divine Warrior.
 82309 | Pan      | 82309 ||| INVOKING Cleansing Flame.
 82314 | Pan      | 82314 ||| INVOKING Cleansing Flame.
 82315 | Pan      | 82315 ||| INVOKING Cleansing Flame.
 82316 | Pan      | 82316 ||| INVOKING Cleansing Flame.
 82317 | Pan      | 82317 ||| INVOKING Cleansing Flame.
 82320 | Pan      | 82320 ||| INVOKING Cleansing Flame.
 82322 | Pan      | 82322 ||| INVOKING Cleansing Flame.
 82329 | Pan      | 82329 ||| INVOKING Cleansing Flame.
 82330 | Pan      | 82330 ||| INVOKING Cleansing Flame.
 82331 | Pan      | Noticed Pysixochuth the pandemonium lord
 82332 | Pan      | 82332 ||| INVOKING Cleansing Flame.
 82336 | Pan      | 82336 ||| INVOKING Cleansing Flame.
 82337 | Pan      | 82337 ||| DRINKING 2 potions of magic.
 82338 | Pan      | 82338 ||| INVOKING Summon Divine Warrior.
 82345 | Pan      | Killed Pysixochuth the pandemonium lord
 82350 | Pan      | 82350 ||| Stepping ~*~*~tactically~*~*~ (cloud).
 82354 | Pan      | 82354 ||| INVOKING Summon Divine Warrior.
 82516 | Pan      | 82516 ||| Stepping ~*~*~tactically~*~*~ (stealth).
 82518 | Pan      | 82518 ||| Stepping ~*~*~tactically~*~*~ (hiding).
 82519 | Pan      | 82519 ||| INVOKING Summon Divine Warrior.
 82520 | Pan      | 82520 ||| INVOKING Cleansing Flame.
 82582 | Pan      | 82582 ||| Stepping ~*~*~tactically~*~*~ (stealth).
 82592 | Pan      | 82592 ||| Stepping ~*~*~tactically~*~*~ (stealth).
 82724 | Pan      | Found an exit through the horrors of the Abyss.
 82940 | Pan      | Got a demonic rune of Zot
 82941 | Pan      | 82941 ||| PLANNING SLIME
 82941 | Pan      | 82941 ||| UPGRADING to +0 pair of boots of Kits {rPois
                  | rN+++ rCorr Str-5}.
 82951 | Pan      | 82951 ||| SWAPPING to +8 broad axe of Hairy Tender Mercy
                  | {antimagic, rPois Str+5 Int-5}.
 82952 | Pan      | 82952 ||| UPGRADING to ring of protection from cold.
 82954 | Pan      | 82954 ||| UPGRADING to ring "Jecluonk" {Ice Contam Dex+5}.
 83026 | Pan      | 83026 ||| Stepping ~*~*~tactically~*~*~ (hiding).
 83278 | Pan      | 83278 ||| Stepping ~*~*~tactically~*~*~ (stealth).
 83279 | Pan      | 83279 ||| Stepping ~*~*~tactically~*~*~ (stealth).
 83281 | Pan      | 83281 ||| Stepping ~*~*~tactically~*~*~ (hiding).
 83283 | Pan      | 83283 ||| Stepping ~*~*~tactically~*~*~ (stealth).
 83308 | Pan      | 83308 ||| Stepping ~*~*~tactically~*~*~ (stealth).
 83310 | Pan      | 83310 ||| Stepping ~*~*~tactically~*~*~ (hiding).
 83469 | Pan      | 83469 ||| Stepping ~*~*~tactically~*~*~ (hiding).
 83473 | Pan      | 83473 ||| Stepping ~*~*~tactically~*~*~ (stealth).
 83480 | Pan      | 83480 ||| Stepping ~*~*~tactically~*~*~ (hiding).
 83561 | Pan      | Found an exit through the horrors of the Abyss.
 83624 | Pan      | 83624 ||| Stepping ~*~*~tactically~*~*~ (stealth).
 83640 | Pan      | Noticed Xuewk the pandemonium lord
 83641 | Pan      | 83641 ||| Stepping ~*~*~tactically~*~*~ (hiding).
 83649 | Pan      | 83649 ||| INVOKING Summon Divine Warrior.
 83650 | Pan      | 83650 ||| INVOKING Cleansing Flame.
 83653 | Pan      | Killed Xuewk the pandemonium lord
 83671 | Pan      | Identified the +1 triple sword of Valour {freeze, Contam
                  | rPois Str+2 Dex+2}
 83978 | Pan      | Found an exit through the horrors of the Abyss.
 84027 | Pan      | 84027 ||| Stepping ~*~*~tactically~*~*~ (stealth).
 84068 | Pan      | Gained mutation: You are weak. (Str -2) [a cacodemon]
 84108 | Pan      | Noticed Japrutam the pandemonium lord
 84109 | Pan      | 84109 ||| INVOKING Summon Divine Warrior.
 84115 | Pan      | 84115 ||| INVOKING Cleansing Flame.
 84117 | Pan      | 84117 ||| DRINKING 8 potions of cancellation.
 84122 | Pan      | Killed Japrutam the pandemonium lord
 84622 | Pan      | Reached skill level 18 in Dodging
 84748 | Depths:1 | Escaped Pandemonium
 85032 | Lair:3   | 85032 ||| Stepping ~*~*~tactically~*~*~ (stealth).
 85034 | Lair:3   | 85034 ||| Stepping ~*~*~tactically~*~*~ (stealth).
 85039 | Lair:3   | 85039 ||| Stepping ~*~*~tactically~*~*~ (stealth).
 85040 | Lair:3   | 85040 ||| Stepping ~*~*~tactically~*~*~ (stealth).
 85098 | Slime:1  | Entered Level 1 of the Pits of Slime
 85100 | Slime:1  | 85100 ||| READING 33 scrolls of teleportation.
 85123 | Slime:1  | 85123 ||| INVOKING Summon Divine Warrior.
 85132 | Slime:1  | HP: 42/179 [acid (5)]
 85133 | Slime:1  | 85133 ||| READING 32 scrolls of teleportation.
 85134 | Slime:1  | 85134 ||| DRINKING 16 potions of heal wounds.
 85135 | Slime:1  | 85135 ||| READING 31 scrolls of teleportation.
 85136 | Slime:1  | 85136 ||| Stepping randomly (stuck).
 85137 | Slime:1  | 85137 ||| Stepping randomly (stuck).
 85137 | Slime:1  | HP: 26/179 [acid (4)]
 85140 | Slime:1  | 85140 ||| DRINKING 15 potions of heal wounds.
 85145 | Slime:1  | HP: 43/179 [acid (3)]
 85146 | Slime:1  | 85146 ||| READING 30 scrolls of teleportation.
 85147 | Slime:1  | 85147 ||| DRINKING 14 potions of heal wounds.
 85152 | Slime:1  | 85152 ||| Stepping randomly (stuck).
 85153 | Slime:1  | 85153 ||| READING 29 scrolls of teleportation.
 85153 | Slime:1  | HP: 35/179 [acid (20)]
 85154 | Slime:1  | 85154 ||| Stepping randomly (stuck).
 85155 | Slime:1  | 85155 ||| Stepping randomly (stuck).
 85156 | Slime:1  | 85156 ||| READING 28 scrolls of teleportation.
 85157 | Slime:1  | 85157 ||| DRINKING 13 potions of heal wounds.
 85782 | Slime:2  | 85782 ||| STAIRDANCE
 85787 | Slime:2  | 85787 ||| STAIRDANCE
 85794 | Slime:2  | 85794 ||| STAIRDANCE
 87582 | Slime:1  | 87582 ||| PLANNING SLIME
 87588 | Slime:1  | Upgraded the game from 0.29.1 to 0.29.1-1-gd02db6906a
 87588 | Slime:1  | 87588 ||| PLANNING SLIME
 87658 | Slime:1  | 87658 ||| PLANNING SLIME:5
 87658 | Slime:1  | 87658 ||| PLANNING SLIME:5
 87658 | Slime:1  | 87658 ||| PLANNING SLIME:5
 87658 | Slime:1  | 87658 ||| DROPPING 12 scrolls of fog.
 87659 | Slime:1  | 87659 ||| DROPPING 19 scrolls of blinking.
 87702 | Slime:3  | 87702 ||| READING 27 scrolls of teleportation.
 87703 | Slime:3  | 87703 ||| Stepping randomly (stuck).
 87704 | Slime:3  | 87704 ||| Stepping randomly (stuck).
 87705 | Slime:3  | 87705 ||| READING 26 scrolls of teleportation.
 87706 | Slime:3  | 87706 ||| Stepping randomly (stuck).
 87717 | Slime:3  | 87717 ||| INVOKING Summon Divine Warrior.
 87722 | Slime:3  | HP: 40/179 [acid (11)]
 87723 | Slime:3  | 87723 ||| READING 25 scrolls of teleportation.
 87724 | Slime:3  | 87724 ||| DRINKING 12 potions of heal wounds.
 87726 | Slime:3  | 87726 ||| DRINKING 11 potions of heal wounds.
 87728 | Slime:3  | 87728 ||| READING 24 scrolls of teleportation.
 87729 | Slime:3  | 87729 ||| Stepping randomly (stuck).
 87730 | Slime:3  | 87730 ||| Stepping randomly (stuck).
 87978 | Slime:4  | Gained mutation: Your spells are easier to cast, but less
                  | powerful. [a shining eye]
 87979 | Slime:4  | Gained mutation: You occasionally lose the ability to drink
                  | potions when taking damage. [a shining eye]
 87982 | Slime:4  | Gained mutation: You are dopey. (Int -2) [a shining eye]
 87987 | Slime:4  | 87987 ||| READING 23 scrolls of teleportation.
 87988 | Slime:4  | 87988 ||| Stepping randomly (stuck).
 87992 | Slime:4  | 87992 ||| READING 22 scrolls of teleportation.
 87993 | Slime:4  | 87993 ||| Stepping randomly (stuck).
 87994 | Slime:4  | 87994 ||| Stepping randomly (stuck).
 87995 | Slime:4  | 87995 ||| Stepping randomly (stuck).
 88241 | Slime:4  | 88241 ||| READING 21 scrolls of teleportation.
 88242 | Slime:4  | 88242 ||| Stepping randomly (stuck).
 88272 | Slime:5  | Entered Level 5 of the Pits of Slime
 88303 | Slime:5  | 88303 ||| DRINKING 7 potions of cancellation.
 88314 | Slime:5  | Noticed the Royal Jelly
 88315 | Slime:5  | 88315 ||| INVOKING Summon Divine Warrior.
 88331 | Slime:5  | 88331 ||| DRINKING 2 potions of magic.
 88332 | Slime:5  | 88332 ||| INVOKING Summon Divine Warrior.
 88339 | Slime:5  | Killed the Royal Jelly
 88346 | Slime:5  | HP: 43/179 [acid blob/splash of acid (11)]
 88347 | Slime:5  | 88347 ||| READING 20 scrolls of teleportation.
 88349 | Slime:5  | 88349 ||| DRINKING 10 potions of heal wounds.
 88350 | Slime:5  | 88350 ||| DRINKING 9 potions of heal wounds.
 88469 | Slime:5  | Gained mutation: You are very dopey. (Int -4) [a shining
                  | eye]
 88470 | Slime:5  | 88470 ||| SWAPPING to +9 broad axe of holy wrath.
 88615 | Slime:5  | Found the +8 Wrath of Trog {antimagic, *Rage Rampage}
 88617 | Slime:5  | Identified the +1 pair of gloves "Xiusoy" {rF- Str+3
                  | Stlth+}
 88622 | Slime:5  | Identified the +3 executioner's axe of Keconef {speed,
                  | rN++}
 88625 | Slime:5  | Identified the ring of Zujipamu {rN+ Will+ Dex+3 Stlth-}
 88631 | Slime:5  | Identified the +7 morningstar "Casixtish" {flame, rC+ Will+
                  | rCorr SInv}
 88654 | Slime:5  | Identified the ring of Tiheutua {Str+6 Dex+4 Slay+5}
 88658 | Slime:5  | 88658 ||| DRINKING potion of mutation.
 88658 | Slime:5  | Lost mutation: Your body sometimes deteriorates upon taking
                  | damage. [potion of mutation]
 88658 | Slime:5  | Lost mutation: You are frail. (-10% HP) [potion of
                  | mutation]
 88658 | Slime:5  | Lost mutation: You are partially covered in large bone
                  | plates. (SH +4) [potion of mutation]
 88658 | Slime:5  | Gained mutation: Your skin changes colour to match your
                  | surroundings (Stealth+). [potion of mutation]
 88658 | Slime:5  | Lost mutation: You are very dopey. (Int -4) [potion of
                  | mutation]
 88659 | Slime:5  | 88659 ||| SWAPPING to +8 broad axe of Hairy Tender Mercy
                  | {antimagic, rPois Str+5 Int-5}.
 88688 | Slime:5  | Got a slimy rune of Zot
 88703 | Slime:5  | 88703 ||| DRINKING potion of mutation.
 88703 | Slime:5  | Lost mutation: You occasionally lose the ability to drink
                  | potions when taking damage. [potion of mutation]
 88703 | Slime:5  | Lost mutation: Your skin changes colour to match your
                  | surroundings (Stealth+). [potion of mutation]
 88703 | Slime:5  | Lost mutation: Your spells are easier to cast, but less
                  | powerful. [potion of mutation]
 88703 | Slime:5  | Gained mutation: You are very weak. (Str -4) [potion of
                  | mutation]
 88703 | Slime:5  | Gained mutation: Your body sometimes deteriorates upon
                  | taking damage. [potion of mutation]
 88713 | Slime:5  | Identified the +1 robe of the Turtledove {rC+}
 88719 | Slime:5  | Identified the +3 scale mail of Qazlal's Esteem {rF+}
 89033 | Slime:5  | 89033 ||| PLANNING RUNE:TAR RUNE
 89033 | Slime:5  | 89033 ||| SWAPPING to +9 broad axe of holy wrath.
 89134 | Slime:5  | 89134 ||| UPGRADING to +1 pair of gloves "Xiusoy" {rF-
                  | Str+3 Stlth+}.
 89144 | Slime:5  | 89144 ||| DROPPING +0 helmet of intelligence.
 89145 | Slime:5  | 89145 ||| UPGRADING to +2 pair of boots.
 89155 | Slime:5  | 89155 ||| DROPPING +0 tower shield of protection.
 89156 | Slime:5  | 89156 ||| DROPPING +0 pair of boots of Kits {rPois rN+++
                  | rCorr Str-5}.
 89157 | Slime:5  | 89157 ||| DROPPING +0 acid dragon scales.
 89158 | Slime:5  | 89158 ||| DROPPING amulet of Poz Simy {rN+ Regen+ rCorr}.
 89159 | Slime:5  | 89159 ||| UPGRADING to ring "Pyrack" {rPois rF+ Will+
                  | Str+2}.
 89161 | Slime:5  | 89161 ||| UPGRADING to +2 pair of gloves.
 89171 | Slime:5  | 89171 ||| DROPPING ring of protection from fire.
 89172 | Slime:5  | 89172 ||| DROPPING ring of Zujipamu {rN+ Will+ Dex+3
                  | Stlth-}.
 89173 | Slime:5  | 89173 ||| DROPPING ring of protection from cold.
 89174 | Slime:5  | 89174 ||| DROPPING ring of resist corrosion.
 89175 | Slime:5  | 89175 ||| UPGRADING to ring of Tiheutua {Str+6 Dex+4
                  | Slay+5}.
 89177 | Slime:5  | 89177 ||| DROPPING ring "Jecluonk" {Ice Contam Dex+5}.
 89178 | Slime:5  | 89178 ||| DROPPING ring of fire.
 89179 | Slime:5  | 89179 ||| DROPPING +4 ring of protection.
 89388 | D:12     | Killed Snorg
 89509 | Hell     | Entered the Vestibule of Hell
 89509 | Hell     | Noticed Geryon
 89526 | Hell     | Killed Geryon
 89548 | Hell     | 89548 ||| INVOKING Summon Divine Warrior.
 89580 | Hell     | Found a gateway to the Iron City of Dis.
 89724 | Hell     | Found a gateway to the freezing wastes of Cocytus.
 89892 | Hell     | Found a gateway to the decaying netherworld of Tartarus.
 89909 | Tar:1    | Entered Level 1 of Tartarus
 89918 | Tar:1    | 89918 ||| Stepping ~*~*~tactically~*~*~ (hiding).
 89919 | Tar:1    | 89919 ||| Stepping ~*~*~tactically~*~*~ (hiding).
 89988 | Tar:1    | 89988 ||| Stepping ~*~*~tactically~*~*~ (hiding).
 90004 | Tar:1    | 90004 ||| Stepping ~*~*~tactically~*~*~ (stealth).
 90005 | Tar:1    | 90005 ||| Stepping ~*~*~tactically~*~*~ (stealth).
 90008 | Tar:1    | 90008 ||| Stepping ~*~*~tactically~*~*~ (stealth).
 90040 | Tar:1    | 90040 ||| Stepping ~*~*~tactically~*~*~ (stealth).
 90161 | Tar:2    | 90161 ||| Stepping ~*~*~tactically~*~*~ (hiding).
 90331 | Tar:3    | Reached skill level 21 in Axes
 90366 | Tar:3    | 90366 ||| INVOKING Summon Divine Warrior.
 90371 | Tar:3    | 90371 ||| INVOKING Cleansing Flame.
 90412 | Tar:4    | 90412 ||| Stepping ~*~*~tactically~*~*~ (stealth).
 90413 | Tar:4    | 90413 ||| Stepping ~*~*~tactically~*~*~ (stealth).
 90423 | Tar:4    | 90423 ||| INVOKING Summon Divine Warrior.
 90436 | Tar:4    | 90436 ||| INVOKING Cleansing Flame.
 90440 | Tar:4    | 90440 ||| INVOKING Cleansing Flame.
 90452 | Tar:5    | Noticed an ancient lich
 90453 | Tar:5    | 90453 ||| INVOKING Summon Divine Warrior.
 90460 | Tar:5    | Killed an ancient lich
 90619 | Tar:6    | 90619 ||| INVOKING Summon Divine Warrior.
 90621 | Tar:6    | 90621 ||| INVOKING Cleansing Flame.
 90650 | Tar:6    | 90650 ||| INVOKING Summon Divine Warrior.
 90652 | Tar:6    | 90652 ||| INVOKING Cleansing Flame.
 90857 | Tar:7    | Entered Level 7 of Tartarus
 90859 | Tar:7    | 90859 ||| Stepping ~*~*~tactically~*~*~ (stealth).
 90864 | Tar:7    | 90864 ||| INVOKING Cleansing Flame.
 90900 | Tar:7    | 90900 ||| INVOKING Cleansing Flame.
 90901 | Tar:7    | 90901 ||| INVOKING Summon Divine Warrior.
 90901 | Tar:7    | Identified the +7 tower shield of the Hidden Songs {rPois
                  | Will- MP-9 Slay+5}
 91220 | Tar:7    | Reached skill level 21 in Dodging
 91283 | Tar:7    | Noticed Ereshkigal
 91295 | Tar:7    | Killed Ereshkigal
 91296 | Tar:7    | 91296 ||| INVOKING Cleansing Flame.
 91297 | Tar:7    | 91297 ||| INVOKING Summon Divine Warrior.
 91328 | Tar:7    | Identified the +4 long sword of Ymaifel {freeze, rCorr
                  | Int-3 SInv Stlth+}
 91329 | Tar:7    | Identified the +10 hand axe "Utorhur" {flame, Will+ Str+4
                  | Int-3 SInv}
 91334 | Tar:7    | Got a bone rune of Zot
 91340 | Tar:7    | Identified the +3 leather armour "Xaqiss" {Stlth+}
 91691 | Tar:7    | 91691 ||| INVOKING Cleansing Flame.
 91776 | Tar:7    | Identified the amulet of the Scarab {Spirit rF+}
 92154 | Tar:7    | Identified the +4 shortbow of Bokeen {freeze, Str+3}
 92332 | Tar:7    | 92332 ||| INVOKING Cleansing Flame.
 92336 | Tar:7    | 92336 ||| INVOKING Cleansing Flame.
 92342 | Tar:7    | 92342 ||| INVOKING Cleansing Flame.
 92504 | Tar:7    | 92504 ||| PLANNING RUNE:GEH RUNE
 92504 | Tar:7    | 92504 ||| DROPPING +0 helmet of intelligence.
 92727 | Hell     | Found a gateway to the ashen valley of Gehenna.
 92728 | Hell     | 92728 ||| Stepping ~*~*~tactically~*~*~ (hiding).
 92752 | Geh:1    | Entered Level 1 of Gehenna
 92768 | Geh:1    | 92768 ||| INVOKING Summon Divine Warrior.
 92928 | Geh:2    | 92928 ||| Stepping ~*~*~tactically~*~*~ (hiding).
 92929 | Geh:2    | 92929 ||| Stepping ~*~*~tactically~*~*~ (hiding).
 92931 | Geh:2    | 92931 ||| INVOKING Summon Divine Warrior.
 92935 | Geh:2    | 92935 ||| INVOKING Summon Divine Warrior.
 92936 | Geh:2    | 92936 ||| INVOKING Cleansing Flame.
 92941 | Geh:2    | 92941 ||| INVOKING Cleansing Flame.
 92942 | Geh:2    | 92942 ||| INVOKING Cleansing Flame.
 92971 | Geh:2    | 92971 ||| Stepping ~*~*~tactically~*~*~ (cloud).
 93040 | Geh:3    | 93040 ||| Stepping ~*~*~tactically~*~*~ (stealth).
 93044 | Geh:3    | Noticed a dread lich
 93045 | Geh:3    | 93045 ||| INVOKING Summon Divine Warrior.
 93047 | Geh:3    | 93047 ||| INVOKING Cleansing Flame.
 93048 | Geh:3    | 93048 ||| INVOKING Cleansing Flame.
 93048 | Geh:3    | Killed a dread lich
 93056 | Geh:3    | 93056 ||| INVOKING Cleansing Flame.
 93064 | Geh:3    | 93064 ||| INVOKING Summon Divine Warrior.
 93073 | Geh:3    | 93073 ||| INVOKING Cleansing Flame.
 93076 | Geh:3    | HP: 32/199 [hell hog/fireball (27)]
 93077 | Geh:3    | 93077 ||| DRINKING 9 potions of heal wounds.
 93079 | Geh:3    | 93079 ||| INVOKING Summon Divine Warrior.
 93080 | Geh:3    | 93080 ||| DRINKING 8 potions of heal wounds.
 93080 | Geh:3    | HP: 1/199 [fire giant/fireball (48)]
 93081 | Geh:3    | 93081 ||| DRINKING 7 potions of heal wounds.
 93081 | Geh:3    | Killed from afar by a fire giant

Levels and vault maps discovered:
D:1:      ebering_hopf_link, layout_loops_ring, chequers_arboretum,
          minmay_tripent
D:2:      minmay_door_path, layout_basic, serial_shops,
          nicolae_shop_advertising_works [nicolae_subvault_shop_adworks],
          dreamdust_ecumenical_altar_grove
D:3:      layout_loops_ring, st_stairs_6, uniq_jessica
D:4:      layout_rooms, nicolae_gozag_seed_capital, general_overflow_altar,
          serial_shops, shop
D:5:      layout_rooms, uniq_grinder
D:6:      layout_basic, mainiacjoe_overflow_boulevard, trog_butcher_becter,
          uniq_edmund
D:7:      layout_rooms, zin_purify, minmay_temple_entry_mist, serial_shops,
          nicolae_lakefront_shop, shop, nicolae_shop_bloodbath_and_beyond, shop,
          shop, minmay_fractal_squares_gapless_5, uniq_duvessa,
          uniq_crazy_yiuf_cottage, uniq_pikel
D:8:      layout_basic, nicolae_overflow_squiral,
          pdpol_wu_jian_five_deadly_venoms, gammafunk_ghost_grave
D:9:      layout_roguey, nicolae_uskayaw_en_pointe, orc_0_dummy, serial_shops,
          nicolae_shop_temple_entry_statues_fountains, uniq_grum
D:10:     layout_basic, mainiacjoe_overflow_24_doors, david_lair_generic,
          minmay_splitting_lines, minmay_fire_ice_demons
D:11:     layout_rooms, kennysheep_kite_vault
D:12:     layout_roguey, uniq_jorgrun, uniq_rupert, uniq_snorg
D:13:     layout_basic, minmay_misc_feat_alley, uniq_josephine
D:14:     layout_roguey, skrybe_vaults_entry_preservation
D:15:     hangedman_depths_entry_try_elsewhere_first, layout_stronghold,
          minmay_hedge_maze
Temple:   hellmonk_temple_flake
Lair:1:   layout_cave_pods, gauntlet_entry_generic
Lair:2:   layout_cellular_growth, dummy_snake_entry, uniq_fannar
Lair:3:   layout_roguey, minmay_shoals_entry_beasts,
          hangedman_lair_unloving_vines, kennysheep_basilisk_garden
Lair:4:   layout_regular_city, wad_woods_river_03, infiniplex_staircase_pool
Lair:5:   guppyfry_lair_end_dragon, layout_gridlike, wormcave,
          minmay_slime_entry_jelly_boxes, basic_altar,
          gammafunk_ghost_wrathful_warriors
Shoals:1: layout_shoals, hangedman_shoals_cup_caves
Shoals:2: layout_shoals, serial_shops, shop, nicolae_take_the_stairs,
          nicolae_shop_trees, uniq_ilsuiw
Shoals:3: layout_shoals, serial_shops, shop, lemuel_oklob_altar, uniq_mlioglotl,
          uniq_donald
Shoals:4: shoals_end_hangedman, layout_shoals, nicolae_shoals_lost_giant_hut,
          nicolae_specific_store, uniq_polyphemus
Snake:1:  layout_chambers, nicolae_snake_shapes, uniq_roxanne
Snake:2:  layout_chambers, gammafunk_ghost_necromancy, minmay_shoptagon
Snake:3:  kennysheep_six_static_rooms, layout_chambers
Snake:4:  grunt_snake_rune_spirals, layout_onion_interference,
          nrook_guardian_serpent_double, uniq_agnes
Slime:1:  layout_caves
Slime:2:  layout_caves, nicolae_slime_barrier, amcnicky_altar_lugonu_corruption
Slime:3:  layout_caves
Slime:4:  nicolae_slime_jelly_donut, layout_caves
Slime:5
Orc:1:    layout_diamond_mine, basic_altar, serial_shops, nicolae_shop_crystal,
          guppyfry_orc_lava_fort
Orc:2:    st_orc_mages, layout_caves, gammafunk_ghost_smash, basic_altar,
          uniq_saint_roka
Vaults:1: v_misc_31, vaults_room_grunt_arrival_ludios, grunt_vaults_swirl,
          nicolae_vaults_little_squares_5, nicolae_vaults_diagonal_hallway_8,
          vaults_dpeg_hooks, vaults_mumra_hex, v_misc_4, v_misc_2,
          nicolae_vaults_little_ls, vaults_dpeg_diagonal, grunt_vaults_bifocal,
          layout_vaults_ring, serial_shops, shop
Vaults:2: hangedman_vaults_pinch, nicolae_vaults_rhombus_7,
          vaults_room_ringed_pool, vaults_mumra_chevron_long,
          minmay_crypt_entry_simple_walls, v_alt_pattern_6, v_misc_1,
          v_alt_pattern_2, nicolae_vaults_asterisk,
          nicolae_vaults_network_square, hangedman_vaults_stretched_pinwheel,
          nicolae_vaults_rhombus_6, v_misc_27, nicolae_vaults_shelves_hall,
          layout_vaults_maze_bifur, serial_shops, nicolae_square_shop,
          uniq_aizul
Vaults:3: mu_enter_wizlab_6, ontoclasm_vaults_ring_square, st_smaller_cells,
          v_alt_pattern_2, hangedman_vaults_impose,
          nicolae_vaults_little_squares_6, hangedman_vaults_stitches, v_rooms_1,
          nicolae_vaults_little_squares_5, grunt_vaults_funnel, v_misc_17,
          vaults_room_fours, nicolae_vaults_mini_display_case,
          layout_vaults_big_cross, uniq_mennas
Vaults:4: ontoclasm_vaults_shuriken, v_misc_24, vaults_room_stairs_pillars,
          v_misc_8, v_pattern_4, nicolae_vaults_windows_and_doors_thing,
          ontoclasm_vaults_decontamination, layout_vaults_quadrants
Vaults:5: serial_shops
Crypt:1:  layout_catacombs, uniq_margery, uniq_khufu, uniq_grunn
Crypt:2:  gammafunk_crypt_yreds_forest, layout_misc_corridors
Crypt:3:  david_glass_crypt, layout_chaotic_city, uniq_josephina
Tomb:1
Tomb:2
Tomb:3
Depths:1: layout_forbidden_donut, grunt_mini_vestibule, kennysheep_donut,
          rand_demon_pan_entry_4, abyss_entry, corexii_hall_statues_l,
          corexii_hall_statues_t, fountainhead, serial_sigils_hangedman_gnaw,
          nicolae_shop_sticking_my_neck_out
Depths:2: minmay_the_grid_four_pointed_star_mashed
          [minmay_the_grid_triangle_9x9_warning,
          minmay_the_grid_triangle_9x9_cache,
          minmay_the_grid_triangle_9x9_pentomino_pain,
          minmay_the_grid_triangle_9x9_fully_insulated_deathbox,
          minmay_the_grid_prize_big_room], layout_honeycomb, hell_entry,
          minmay_room_of_horrors, grunt_pan_entry_zigzag, grunt_decor_arrowhead
Depths:3: vault_1, layout_basic, enter_ziggurat_d, hell_entry,
          hangedman_abyss_entry_splay, nicolae_trove_entry_path_of_doom,
          nicolae_tso_swordbearing_angel
Depths:4: grunt_zot_entry_bicorn, layout_honeycomb, hex_medium,
          hangedman_geh_valley
Hell
Geh:1:    layout_gehenna_lava_caves
Geh:2:    layout_gehenna_lava_caves
Geh:3:    layout_gehenna_pools_box
Tar:1:    layout_honeycomb
Tar:2:    nicolae_tar_entranced, layout_cathedral_of_symmetry
Tar:3:    layout_catacombs
Tar:4:    layout_grid_maze
Tar:5:    layout_catacombs, nicolae_tar_honey_chapel
Tar:6:    layout_cathedral_of_symmetry
Tar:7:    tar_minmay_river
Zot:1:    layout_misc_corridors, zot_minivault_1
Zot:2:    layout_misc_corridors, nicolae_diode_quadrants
Zot:3:    layout_misc_corridors, st_stairs_12
Zot:4:    layout_basic, grunt_megastairs_5
Zot:5:    layout_twisted_circle

Skill      XL: |  1  2  3  4  5  6  7  8  9 10 11 12 13 14 15 16 17 18 19 20 21 22 23 24 25 26 27 |
---------------+----------------------------------------------------------------------------------+-----
Axes           | 2 3 4 5 6 7 8 9 11 12 13 14 15 17 18 23 | 23.3
Fighting       | 4 6 7 8 9 10 12 13 15 17 18 19 21 22 23 25 26 27 | 27.0
Dodging        | 1 2 3 4 5 6 9 10 22 | 22.0
Armour         | 4 5 7 8 9 10 11 12 13 14 16 17 19 20 21 22 27 | 27.0
Throwing       | 1 3 4 5 7 8 9 10 11 12 13 15 17 | 17.0
Shields        | 4 5 6 12 15 16 17 18 19 20 21 22 25 | 25.4
Invocations    | 3 4 7 10 14 27 | 27.0
Short Blades   | 8 |  8.1

Action                   |  1- 3 |  4- 6 |  7- 9 | 10-12 | 13-15 | 16-18 | 19-21 | 22-24 | 25-27 || total
-------------------------+-------+-------+-------+-------+-------+-------+-------+-------+-------++-------
Melee: War axe           |    83 |   104 |   247 |   394 |       |       |       |       |       ||   828
       Broad axe         |       |       |       |    86 |   575 |  1026 |  1039 |  1069 |  4330 ||  8125
       Morningstar       |       |       |       |     2 |    46 |       |       |       |       ||    48
       Bite              |       |       |       |       |       |       |       |       |    48 ||    48
Throw: Boomerang         |    30 |     1 |    32 |    21 |   115 |    39 |       |       |    51 ||   289
       Javelin           |       |       |       |    41 |    48 |    32 |   107 |    97 |   530 ||   855
Invok: Heroism           |       |       |     6 |    28 |    37 |    57 |    39 |    46 |    17 ||   230
       Finesse           |       |       |       |     1 |    12 |    14 |     8 |    19 |     7 ||    61
       Cleansing Flame   |       |       |       |       |       |       |       |       |   169 ||   169
       Summon Divine War |       |       |       |       |       |       |       |       |    66 ||    66
       Brand Weapon With |       |       |       |       |       |       |       |       |     1 ||     1
Evoke: Wand              |       |       |       |       |       |       |       |       |     3 ||     3
  Use: Scroll            |     6 |     6 |     7 |    10 |     2 |     2 |     5 |     2 |    28 ||    68
       Potion            |       |       |     2 |     1 |       |     3 |     3 |     2 |    61 ||    72
 Stab: Distracted        |       |       |       |       |     1 |       |       |       |       ||     1
       Held in net/web   |       |       |       |       |       |     2 |       |       |       ||     2
Armor: Scale mail        |    50 |       |       |       |       |       |       |       |       ||    50
       Chain mail        |       |    59 |     9 |    15 |       |       |       |       |       ||    83
       Plate armour      |       |       |   182 |   220 |       |   225 |   249 |   442 |  1637 ||  2955
       Pearl dragon scal |       |       |       |    66 |   283 |    73 |       |       |       ||   422
Dodge: Dodged            |    30 |    27 |    86 |   153 |   146 |   128 |    95 |   233 |   946 ||  1844
Block: Buckler           |    12 |    18 |    45 |   106 |     6 |       |       |       |       ||   187
       Tower shield      |       |       |       |       |   415 |   855 |   782 |   978 |  4151 ||  7181
       Reflection        |       |       |       |       |       |   108 |    99 |    38 |   114 ||   359

Table legend:
 A = Non-vault XP
 B = Vault XP
 C = Vault XP percentage of total XP
 D = Non-vault monster count
 E = Vault monster count
 F = Vault count percentage of total count
                 A         B        C        D         E       F
            +---------+---------+-------+---------+---------+-------
      Total | 1568786 | 1267061 |  44.7 |    2650 |    1327 |  33.4
            +---------+---------+-------+---------+---------+-------
        D:1 |      40 |       3 |   7.0 |      22 |       2 |   8.3
        D:2 |      34 |       8 |  19.0 |      15 |       3 |  16.7
        D:3 |     164 |      39 |  19.2 |      24 |       2 |   7.7
        D:4 |     754 |       0 |   0.0 |      34 |       0 |   0.0
        D:5 |     974 |     281 |  22.4 |      29 |       1 |   3.3
        D:6 |    1221 |     469 |  27.8 |      22 |       5 |  18.5
        D:7 |    1161 |    1229 |  51.4 |      25 |       7 |  21.9
        D:8 |    1322 |       0 |   0.0 |      24 |       0 |   0.0
        D:9 |    4068 |     530 |  11.5 |      35 |       4 |  10.3
       D:10 |    1378 |    1096 |  44.3 |      13 |       6 |  31.6
       D:11 |    4921 |    5820 |  54.2 |      20 |      16 |  44.4
       D:12 |    5986 |    4944 |  45.2 |      12 |       4 |  25.0
       D:13 |    4663 |    1574 |  25.2 |      13 |       4 |  23.5
       D:14 |   13939 |    5468 |  28.2 |      32 |       9 |  22.0
       D:15 |    7965 |    2943 |  27.0 |      24 |       4 |  14.3
     Lair:1 |    5851 |       0 |   0.0 |      22 |       0 |   0.0
     Lair:2 |    5152 |     873 |  14.5 |      17 |       1 |   5.6
     Lair:3 |    3255 |    1593 |  32.9 |      10 |       6 |  37.5
     Lair:4 |    8099 |       0 |   0.0 |      26 |       0 |   0.0
     Lair:5 |   16422 |    9044 |  35.5 |      43 |      44 |  50.6
   Shoals:1 |   13913 |    6731 |  32.6 |      29 |      12 |  29.3
   Shoals:2 |   18038 |    3342 |  15.6 |      37 |       5 |  11.9
   Shoals:3 |   18902 |    3862 |  17.0 |      39 |       3 |   7.1
   Shoals:4 |   11348 |   25155 |  68.9 |      23 |      35 |  60.3
    Snake:1 |   16561 |    5747 |  25.8 |      37 |       9 |  19.6
    Snake:2 |   14122 |       0 |   0.0 |      28 |       0 |   0.0
    Snake:3 |    2774 |    2801 |  50.2 |       5 |       6 |  54.5
    Snake:4 |   27430 |   39902 |  59.3 |      52 |      45 |  46.4
    Slime:1 |    7994 |       0 |   0.0 |      23 |       0 |   0.0
    Slime:2 |    1073 |       0 |   0.0 |       4 |       0 |   0.0
    Slime:3 |   11657 |       0 |   0.0 |      20 |       0 |   0.0
    Slime:4 |    6845 |     381 |   5.3 |      23 |       9 |  28.1
    Slime:5 |   19688 |   23854 |  54.8 |      39 |      15 |  27.8
      Orc:1 |    5434 |    6014 |  52.5 |      60 |      14 |  18.9
      Orc:2 |    4264 |    9679 |  69.4 |      56 |      50 |  47.2
   Vaults:1 |   20188 |   12064 |  37.4 |      30 |      18 |  37.5
   Vaults:2 |   20493 |   19336 |  48.5 |      27 |      25 |  48.1
   Vaults:3 |   27166 |   26465 |  49.3 |      47 |      31 |  39.7
   Vaults:4 |   37666 |   30916 |  45.1 |      61 |      30 |  33.0
   Vaults:5 |   17001 |   92554 |  84.5 |      20 |      86 |  81.1
    Crypt:1 |   26144 |   14027 |  34.9 |      37 |       9 |  19.6
    Crypt:2 |   28605 |   17447 |  37.9 |      42 |      17 |  28.8
    Crypt:3 |   20762 |   22050 |  51.5 |      38 |      12 |  24.0
     Tomb:1 |   16263 |   99186 |  85.9 |      33 |      74 |  69.2
     Tomb:2 |   17568 |   53045 |  75.1 |      38 |      67 |  63.8
     Tomb:3 |   15740 |   54855 |  77.7 |      40 |      52 |  56.5
   Depths:1 |   18493 |    5297 |  22.3 |      20 |       8 |  28.6
   Depths:2 |   34621 |   23915 |  40.9 |      41 |      33 |  44.6
   Depths:3 |   37759 |   25695 |  40.5 |      46 |      29 |  38.7
   Depths:4 |   40266 |   15306 |  27.5 |      45 |      15 |  25.0
       Hell |   24178 |   26442 |  52.2 |      39 |      33 |  45.8
      Geh:1 |    9194 |       0 |   0.0 |      10 |       0 |   0.0
      Geh:2 |   11910 |       0 |   0.0 |      12 |       0 |   0.0
      Geh:3 |   25156 |       0 |   0.0 |      19 |       0 |   0.0
      Tar:1 |    8722 |       0 |   0.0 |      11 |       0 |   0.0
      Tar:2 |   17594 |    4705 |  21.1 |      16 |       4 |  20.0
      Tar:3 |    5988 |       0 |   0.0 |       5 |       0 |   0.0
      Tar:4 |   21763 |       0 |   0.0 |      19 |       0 |   0.0
      Tar:5 |   26724 |       0 |   0.0 |      19 |       0 |   0.0
      Tar:6 |   16641 |       0 |   0.0 |      10 |       0 |   0.0
      Tar:7 |   30842 |  110135 |  78.1 |      20 |      71 |  78.0
      Zot:1 |   32061 |   20282 |  38.7 |      29 |      13 |  31.0
      Zot:2 |   61440 |       0 |   0.0 |      50 |       0 |   0.0
      Zot:3 |   40813 |    1379 |   3.3 |      33 |       1 |   2.9
      Zot:4 |   26263 |   12468 |  32.2 |      24 |       8 |  25.0
      Zot:5 |   19645 |   89603 |  82.0 |      12 |      34 |  73.9
    Abyss:2 |   15517 |       0 |   0.0 |      49 |       0 |   0.0
        Pan |  528188 |  320887 |  37.8 |     771 |     316 |  29.1
   Gauntlet |       0 |    5620 | 100.0 |       0 |      20 | 100.0
            +---------+---------+-------+---------+---------+-------
